Workbook
Name AllSheetsList: OFFSET(LookUps!$T$6,0,0,LookUps!$O$6)
Name Ans_Check: LookUps!$Z$7
Name Ans_No: LookUps!$C$7
Name Ans_OK: LookUps!$Z$6
Name Ans_Yes: LookUps!$C$6
Name Cat1Check1Row: 'Input considerations'!#REF!
Name Cat1Check1Row: 'Output checklist'!$38:$38
Name Cat1Check2Row: 'Input considerations'!#REF!
Name Cat1Check2Row: 'Output checklist'!$56:$56
Name Cat1CttERow: TotalEconomicCostsofVAWG!$22:$22
Name Cat1DashboardRow: Dashboard!$17:$17
Name Cat1DetailedSummaryRows: DetailedSummary!$74:$77
Name Cat2Check1Row: 'Input considerations'!#REF!
Name Cat2Check1Row: 'Output checklist'!$39:$39
Name Cat2Check2Row: 'Input considerations'!#REF!
Name Cat2Check2Row: 'Output checklist'!$57:$57
Name Cat2CttERow: TotalEconomicCostsofVAWG!$23:$23
Name Cat2DashboardRow: Dashboard!$18:$18
Name Cat2DetailedSummaryRows: DetailedSummary!$78:$81
Name Cat3Check1Row: 'Input considerations'!#REF!
Name Cat3Check1Row: 'Output checklist'!$40:$40
Name Cat3Check2Row: 'Input considerations'!#REF!
Name Cat3Check2Row: 'Output checklist'!$58:$58
Name Cat3CttERow: TotalEconomicCostsofVAWG!$24:$24
Name Cat3DashboardRow: Dashboard!$19:$19
Name Cat3DetailedSummaryRows: DetailedSummary!$82:$85
Name Cat4Check1Row: 'Input considerations'!#REF!
Name Cat4Check1Row: 'Output checklist'!$41:$41
Name Cat4Check2Row: 'Input considerations'!#REF!
Name Cat4Check2Row: 'Output checklist'!$59:$59
Name Cat4CttERow: TotalEconomicCostsofVAWG!$25:$25
Name Cat4DashboardRow: Dashboard!$20:$20
Name Cat4DetailedSummaryRows: DetailedSummary!$86:$89
Name Cat5Check1Row: 'Input considerations'!#REF!
Name Cat5Check1Row: 'Output checklist'!$42:$42
Name Cat5Check2Row: 'Input considerations'!#REF!
Name Cat5Check2Row: 'Output checklist'!$60:$60
Name Cat5CttERow: TotalEconomicCostsofVAWG!$26:$26
Name Cat5DashboardRow: Dashboard!$21:$21
Name Cat5DetailedSummaryRows: DetailedSummary!$90:$93
Name Cat6Check1Row: 'Input considerations'!#REF!
Name Cat6Check1Row: 'Output checklist'!$43:$43
Name Cat6Check2Row: 'Input considerations'!#REF!
Name Cat6Check2Row: 'Output checklist'!$61:$61
Name Cat6CttERow: TotalEconomicCostsofVAWG!$27:$27
Name Cat6DashboardRow: Dashboard!$22:$22
Name Cat6DetailedSummaryRows: DetailedSummary!$94:$97
Name CostCategories: LookUps!$F$6:$F$13
Name CostCatList: OFFSET(LookUps!$K$6,0,0,LookUps!$E$6)
Name EducationalServices: LookUps!$F$11
Name GDPConverted: 'A. ReferenceFigures'!$D$13
Name GDPLocalCurrency: 'A. ReferenceFigures'!$D$12
Name I_CurrencySymbol: 'A. ReferenceFigures'!$D$9
Name I_ExchangeRate: 'A. ReferenceFigures'!$D$10
Name LawEnforcementJudiciary: LookUps!$F$8
Name LC_DD_HomeSheetSelection: LookUps!$M$6
Name LC_DD_PageNav: LookUps!$V$6
Name ListsOfTypes: #REF!
Name NewCat1: 'B. CostCategories'!$D$69
Name NewCat1CttEIndicator: TotalEconomicCostsofVAWG!$C$22

Sheet Home
D6: Welcome to the EconVAWG tool. This is a toolkit that facilitates the estimation of the cost of violence against women and girls.
D8: This is a customised toolkit that can be adapted to enter data for the most relevant cost categories. More information on how to gather data and how to use this tool can be found in the Facilitator's Guide availabe at:
D9: https://thecommonwealth.org/economic-costs-violence-women-girls
D10: The navigation panel below can be used to move between sheets. Click on the appropriate button to take you to the sheet named on the button. To be able to use the tool, please ensure you enable macros if you have not already done so when opening the tool. To do this, click 'Enable editing' and then 'Enable content.' This usually appears at the top of your spreadsheet but this can vary depending on your version.
D13: Navigation
D14: Guidance and checks | L14: View outputs
D23: Input data
D28: Select a cost category sheet from the list to be taken there directly: (This dropdown also appears on every sheet within the tool to help with navigation)

Sheet Guidance
C2: Guidance
C5: This guidance sets out some core principles regarding the design of the tool and then in the section below presents a step-by-step guide to populate the tool.
C7: Overview
C11: The different sheets within the tool are colour-coded to ease navigation and understanding of where to enter data and applicable information. The colours are shown below:
E13: Output sheet
E15: Input
E17: Navigation and information
E19: Optional
C21: Similarly, within each of the sheets, the same colour coding indicates where data can be entered. Data in the 'optional' cells will not be used in the calculations but is provided in order to add an audit trail or undertake calculations within the tool. It is not essential to enter data on every yellow tab or in every yellow cell.
C22: Each sheet also includes navigation tools at the top to move to a specific sheet or to return to the Home sheet.
C23: Step-by-step guide
C26: The core steps below provide detail of how to use the tool effectively. However, the Facilitator's Guide provides more information: 1. Complete the A. ReferenceFigures' sheet (yellow tab). This sheet is used to enter key data for calculations and to enable the tool to be tailored to the appropriate currency. 2. Complete the 'B. CostCategories sheet (yellow tab). This sets up the other sheets within the tool so they are tailored to the cost categories and cost items that will be modelled. This sheet can be modified during the process of completing the tool. However, it should be noted that changes to this sheet will change the table heading on the corresponding cost category sheet. Some 'Cost items' have been included already as potential cost types but it is not essential to use all of these, and under each cost item you can also add your own cost items. There is also space within this sheet to add additional cost categories and cost items. 3. Complete each cost category sheet (yellow tab) that applies. On each cost category sheet (e.g. Personal income, Healthcare, Law enforcement and judiciary, etc.), there is a table for each 'cost item.' The cost items are populated by the 'B. CostCategories' sheet. Within each cost item, cost components can be added. The 'Example' sheet (blue tab) provides more information on completing this sheet, showing all the elements that are mentioned in relation to the cost categories. There is also additional information on the 'Input considerations' sheet (blue tab), which can help support you with the data entry. Note that, on each cost category sheet, all yellow cells in a row need to be populated for the calculations to work. This may need to be a '1' where there is no specific value or multiple. At the bottom of each cost category sheet there is a 'working area.' This can be used for calculations and notes. Data from here will not directly feed into the rest of the calculations unless you link it directly but can be used for audit trail and reference information, etc. It should be noted that there is some variation for the sheets for Healthcare and Education. For Healthcare, there is an additional opportunity to add out-of-pocket expenses associated with private healthcare. For education, costs are built up as a proportion of the overall education budget. 4. Enter data on total economy-wide cost in the 'High-level summary' sheet (green tab). The data for this should be drawn from an input-output model (IOM) or a social accounting matrix (SAM) model. 5. Check for errors on the 'Output checklist' (blue tab). Once you have completed data entry, you should review the 'Output checklist' sheet to ensure there is no missing information before reviewing the summary data. 6. View summary outputs (green tabs)

Sheet Input considerations
C2: Input checklist
C5: This sheet suggests potential 'reasonable' guidelines for cell values against different cost categories and cost components. There may be reasonable exceptions to these but it is hoped these will provide support in considering likely values. Please review your input data against these suggested ratios.
C7: 1. General considerations:
C8: No negative values; the values must be 0 or positive
C9: Number of victims or services recipients (persons) may be based on female population share (15 – 64 years) times the GBV prevalence rate (%)
C10: Unit costs may be based on per capita GDP (%)
C11: Proportional and total costs may be based on GDP (%)
C12: Female employment data may be based on labour market information (% of total labour force)
C15: Specific:
C17: 2. Number of victims/services recipients (% of total population) | D17: Female 15 – 64/population (%) | E17: GBV rate (%) | F17: Checking factor (%) | G17: Checking factor % of Population | H17: Checking factor % of Population
C18: Physical case | D18: 0.45 | E18: 0.25 | F18: =D18*E18 -> 0.1125 | G18: 11 to 15% | H18: 11 to 15%
C19: Sexual case | D19: 0.45 | E19: 0.15 | F19: =D19*E19 -> 0.0675 | G19: 5 to 10 % | H19: 5 to 10%
C21: 3. Unit cost health services (% of per capita GDP) | D21: Per event
C22: Medical wards | D22: 1 to 2%
C23: Surgical wards | D23: 1 to 2%
C24: Maternity wards | D24: 1 to 2%
C25: Paediatrics | D25: 1 to 2%
C26: NICU | D26: 1 to 2%
C27: Ward ICU | D27: 1 to 2%
C28: Accident and Emergency | D28: 1 to 2%
C29: Ambulance | D29: 1 to 2%
C30: Special clinic | D30: 1 to 2%
C31: CT Scanner | D31: 1 to 3%
C32: Echography | D32: 1 to 2%
... C50: 5. Employment | D50: See row label for detail
C51: Female labour force participation (% of population) | D51: 0.8
C52: Female employment rate (% of female labour force) | D52: 0.6
C54: 6. Education | D54: % of total learning time
C55: Learning time lost | D55: 0.25
C57: 7. Personal unit cost (% of per capita GDP) | D57: Per event
C58: Personal expenses for transportation | D58: 1 to 7%
C59: Loss of personal property | D59: 1 to 7%
C60: Loss of personal income | D60: 1 to 7%
C61: Personal expenses for ambulance call | D61: 1 to 7%
C62: Personal expenses for diagnostic and medicine | D62: 1 to 7%
C63: Personal expenses for inpatient services | D63: 1 to 7%
C64: Personal expenses for legal services | D64: 1 to 7%
C65: Cost of property damage | D65: 1 to 7%
C66: Personal expenses incurred | D66: 1 to 7%

Sheet Output checklist
C2: Output checklist
C5: This section provides two types of checks. The first provides a checklist that core data entry has been completed. The second highlights where there may be unexpected relationships between variables and where, although data may have been entered, it should be checked for accuracy.
C7: Data entry checklist
C10: This section is used to provide an opportunity to check that you have populated key components of the tool.
C12: Check type | D12: Completed | E12: See sheet
C13: Reference data completed OK? Note that missing data here will mean that some calculations in the tool will not work. You will see a 'DIV0#' error in other sheets if you have not added in data here. | D13: =IF(COUNTA('A. ReferenceFigures'!D9,'A. ReferenceFigures'!D10,'A. ReferenceFigures'!D13)=3,Ans_Yes,Ans_No) -> No | E13: Go to reference sheet
C22: Validation checklist
C25: The table below shows where data has been entered for the given cost category. It is not essential that data is entered in for all cost categories, but this should be checked to make sure the tool is showing as calculated for every cost category you expect.
D28: Check areas data has been entered for
C29: Cost category | D29: =Dashboard!$G$7 -> Typical case | E29: =Dashboard!$L$7 -> Full coverage case
C30: =Dashboard!$D9 -> Personal income | D30: =IF(Dashboard!$H9="","No data",IF(Dashboard!$H9>0,"Calculated","No data")) -> No data | E30: =IF(Dashboard!$L9="","No data",IF(Dashboard!$L9>0,"Calculated","No data")) -> No data
C31: =Dashboard!$D10 -> Healthcare | D31: =IF(Dashboard!$H10="","No data",IF(Dashboard!$H10>0,"Calculated","No data")) -> No data | E31: =IF(Dashboard!$L10="","No data",IF(Dashboard!$L10>0,"Calculated","No data")) -> No data
C32: =Dashboard!$D11 -> Law enforcement and judiciary | D32: =IF(Dashboard!$H11="","No data",IF(Dashboard!$H11>0,"Calculated","No data")) -> No data | E32: =IF(Dashboard!$L11="","No data",IF(Dashboard!$L11>0,"Calculated","No data")) -> No data
C33: =Dashboard!$D12 -> Social services | D33: =IF(Dashboard!$H12="","No data",IF(Dashboard!$H12>0,"Calculated","No data")) -> No data | E33: =IF(Dashboard!$L12="","No data",IF(Dashboard!$L12>0,"Calculated","No data")) -> No data
C34: =Dashboard!$D13 -> Specialised Services | D34: =IF(Dashboard!$H13="","No data",IF(Dashboard!$H13>0,"Calculated","No data")) -> No data | E34: =IF(Dashboard!$L13="","No data",IF(Dashboard!$L13>0,"Calculated","No data")) -> No data
C35: =Dashboard!$D14 -> Education services | D35: =IF(Dashboard!$H14="","No data",IF(Dashboard!$H14>0,"Calculated","No data")) -> No data | E35: =IF(Dashboard!$L14="","No data",IF(Dashboard!$L14>0,"Calculated","No data")) -> No data
C36: =Dashboard!$D15 -> Personal expenses | D36: =IF(Dashboard!$H15="","No data",IF(Dashboard!$H15>0,"Calculated","No data")) -> No data | E36: =IF(Dashboard!$L15="","No data",IF(Dashboard!$L15>0,"Calculated","No data")) -> No data
C37: =Dashboard!$D16 -> Other | D37: =IF(Dashboard!$H16="","No data",IF(Dashboard!$H16>0,"Calculated","No data")) -> No data | E37: =IF(Dashboard!$L16="","No data",IF(Dashboard!$L16>0,"Calculated","No data")) -> No data
C38: =Dashboard!$D17 -> 0 | D38: =IF(Dashboard!$H17="","No data",IF(Dashboard!$H17>0,"Calculated","No data")) -> No data | E38: =IF(Dashboard!$L17="","No data",IF(Dashboard!$L17>0,"Calculated","No data")) -> No data
C39: =Dashboard!$D18 -> 0 | D39: =IF(Dashboard!$H18="","No data",IF(Dashboard!$H18>0,"Calculated","No data")) -> No data | E39: =IF(Dashboard!$L18="","No data",IF(Dashboard!$L18>0,"Calculated","No data")) -> No data
C40: =Dashboard!$D19 -> 0 | D40: =IF(Dashboard!$H19="","No data",IF(Dashboard!$H19>0,"Calculated","No data")) -> No data | E40: =IF(Dashboard!$L19="","No data",IF(Dashboard!$L19>0,"Calculated","No data")) -> No data
C41: =Dashboard!$D20 -> 0 | D41: =IF(Dashboard!$H20="","No data",IF(Dashboard!$H20>0,"Calculated","No data")) -> No data | E41: =IF(Dashboard!$L20="","No data",IF(Dashboard!$L20>0,"Calculated","No data")) -> No data
... C43: =Dashboard!$D22 -> 0 | D43: =IF(Dashboard!$H22="","No data",IF(Dashboard!$H22>0,"Calculated","No data")) -> No data | E43: =IF(Dashboard!$L22="","No data",IF(Dashboard!$L22>0,"Calculated","No data")) -> No data
C45: Check type | D45: Check status | E45: Notes
C46: Cost percentage of GDP | D46: =IF(GDPLocalCurrency="","No GDP data",IF(HLSummary!F15>10%,Ans_Check,Ans_OK)) -> No GDP data | E46: =IF(D46=Ans_Check,"The full coverage cost compared to GDP is more than 10%. Please check for possible errors","")
C47: Full cost should be higher than the typical case cost:
C48: =LookUps!F6 -> Personal income | D48: =IF(C48=0,Ans_OK,IF(Dashboard!M9>=Dashboard!H9,Ans_OK,Ans_Check)) -> OK | E48: =IF(D48=Ans_OK,"","Check the data entry for "& C48&" as the typical case costs more than full coverage")
C49: =LookUps!F7 -> Healthcare | D49: =IF(C49=0,Ans_OK,IF(Dashboard!M10>=Dashboard!H10,Ans_OK,Ans_Check)) -> OK | E49: =IF(D49=Ans_OK,"","Check the data entry for "& C49&" as the typical case costs more than full coverage")
C50: =LookUps!F8 -> Law enforcement and judiciary | D50: =IF(C50=0,Ans_OK,IF(Dashboard!M11>=Dashboard!H11,Ans_OK,Ans_Check)) -> OK | E50: =IF(D50=Ans_OK,"","Check the data entry for "& C50&" as the typical case costs more than full coverage")
C51: =LookUps!F9 -> Social services | D51: =IF(C51=0,Ans_OK,IF(Dashboard!M12>=Dashboard!H12,Ans_OK,Ans_Check)) -> OK | E51: =IF(D51=Ans_OK,"","Check the data entry for "& C51&" as the typical case costs more than full coverage")
C52: =LookUps!F10 -> Specialised Services | D52: =IF(C52=0,Ans_OK,IF(Dashboard!M13>=Dashboard!H13,Ans_OK,Ans_Check)) -> OK | E52: =IF(D52=Ans_OK,"","Check the data entry for "& C52&" as the typical case costs more than full coverage")
C53: =LookUps!F11 -> Education services | D53: =IF(C53=0,Ans_OK,IF(Dashboard!M14>=Dashboard!H14,Ans_OK,Ans_Check)) -> OK | E53: =IF(D53=Ans_OK,"","Check the data entry for "& C53&" as the typical case costs more than full coverage")
C54: =LookUps!F12 -> Personal expenses | D54: =IF(C54=0,Ans_OK,IF(Dashboard!M15>=Dashboard!H15,Ans_OK,Ans_Check)) -> OK | E54: =IF(D54=Ans_OK,"","Check the data entry for "& C54&" as the typical case costs more than full coverage")
C55: =LookUps!F13 -> Other | D55: =IF(C55=0,Ans_OK,IF(Dashboard!M16>=Dashboard!H16,Ans_OK,Ans_Check)) -> OK | E55: =IF(D55=Ans_OK,"","Check the data entry for "& C55&" as the typical case costs more than full coverage")
C56: =LookUps!F14 -> 0 | D56: =IF(C56=0,Ans_OK,IF(Dashboard!M17>Dashboard!H17,Ans_OK,Ans_Check)) -> OK | E56: =IF(D56=Ans_OK,"","Check the data entry for "& C56&" as the typical case costs more than full coverage")
C57: =LookUps!F15 -> 0 | D57: =IF(C57=0,Ans_OK,IF(Dashboard!M18>Dashboard!H18,Ans_OK,Ans_Check)) -> OK | E57: =IF(D57=Ans_OK,"","Check the data entry for "& C57&" as the typical case costs more than full coverage")
C58: =LookUps!F16 -> 0 | D58: =IF(C58=0,Ans_OK,IF(Dashboard!M19>Dashboard!H19,Ans_OK,Ans_Check)) -> OK | E58: =IF(D58=Ans_OK,"","Check the data entry for "& C58&" as the typical case costs more than full coverage")
C59: =LookUps!F17 -> 0 | D59: =IF(C59=0,Ans_OK,IF(Dashboard!M20>Dashboard!H20,Ans_OK,Ans_Check)) -> OK | E59: =IF(D59=Ans_OK,"","Check the data entry for "& C59&" as the typical case costs more than full coverage")
C60: =LookUps!F18 -> 0 | D60: =IF(C60=0,Ans_OK,IF(Dashboard!M21>Dashboard!H21,Ans_OK,Ans_Check)) -> OK | E60: =IF(D60=Ans_OK,"","Check the data entry for "& C60&" as the typical case costs more than full coverage")
C61: =LookUps!F19 -> 0 | D61: =IF(C61=0,Ans_OK,IF(Dashboard!M22>Dashboard!H22,Ans_OK,Ans_Check)) -> OK | E61: =IF(D61=Ans_OK,"","Check the data entry for "& C61&" as the typical case costs more than full coverage")

Sheet DetailedSummary
E2: Detailed summary
J5: General | K5: =COLUMN('1.Personal income'!I8) -> 9 | L5: =COLUMN('1.Personal income'!J8) -> 10 | M5: =COLUMN('1.Personal income'!N8) -> 14 | N5: =COLUMN('1.Personal income'!O8) -> 15
J6: Education | K6: =COLUMN('6.Education services'!I10) -> 9 | L6: =COLUMN('6.Education services'!J10) -> 10 | M6: =COLUMN('6.Education services'!M10) -> 13 | N6: =COLUMN('6.Education services'!N10) -> 14
E7: This sheet provides a summary of the costs by cost category.
K9: Typical case | M9: Full coverage case
D10: Flag to include in HL summary. Set to zero if hidden | E10: Cost category | F10: Cost category | G10: Sheet name | I10: Row | J10: Cost item | K10: =I_CurrencySymbol -> 0 | L10: $ | M10: =I_CurrencySymbol -> 0 | N10: $
E11: =IF('B. CostCategories'!D15="","",'B. CostCategories'!D15) -> Personal income | F11: =IF(E11="",F10,E11) -> Personal income | G11: =INDEX(LookUps!P:P,MATCH(F11,LookUps!Q:Q,0)) -> 1.Personal income | H11: =INDEX('B. CostCategories'!F:F,MATCH(F11&J11,'B. CostCategories'!H:H,0)) -> R1 | I11: =MATCH(H11,INDIRECT(SUBSTITUTE(ADDRESS(1,3,4,,$G11),1,"",IF(LEFT(G11,1)="1","2","1"))&":"&SUBSTITUTE(ADDRESS(1,3,4),1,"")),0)+11 -> 19 | J11: =IF('B. CostCategories'!E15="","",'B. CostCategories'!E15) -> Irreversible (deaths) | K11: {=IF(ISERROR($I11),"",INDIRECT(ADDRESS($I11,K$5,4,,$G11)))} -> 0 | L11: {=IF(I_ExchangeRate="","",IF(ISERROR($I11),"",INDIRECT(ADDRESS($I11,L$5,4,,$G11))))} | M11: {=IF(ISERROR($I11),"",INDIRECT(ADDRESS($I11,M$5,4,,$G11)))} -> 0 | N11: {=IF(I_ExchangeRate="","",IF(ISERROR($I11),"",INDIRECT(ADDRESS($I11,N$5,4,,$G11))))}
F12: =IF(E12="",F11,E12) -> Personal income | G12: =INDEX(LookUps!P:P,MATCH(F12,LookUps!Q:Q,0)) -> 1.Personal income | H12: =INDEX('B. CostCategories'!F:F,MATCH(F12&J12,'B. CostCategories'!H:H,0)) -> R2 | I12: =MATCH(H12,INDIRECT(SUBSTITUTE(ADDRESS(1,3,4,,$G12),1,"",IF(LEFT(G12,1)="1","2","1"))&":"&SUBSTITUTE(ADDRESS(1,3,4),1,"")),0)+11 -> 33 | J12: =IF('B. CostCategories'!E16="","",'B. CostCategories'!E16) -> Reversible - Employment Income loss | K12: {=IF(ISERROR($I12),"",INDIRECT(ADDRESS($I12,K$5,4,,$G12)))} -> 0 | L12: {=IF(I_ExchangeRate="","",IF(ISERROR($I12),"",INDIRECT(ADDRESS($I12,L$5,4,,$G12))))} | M12: {=IF(ISERROR($I12),"",INDIRECT(ADDRESS($I12,M$5,4,,$G12)))} -> 0 | N12: {=IF(I_ExchangeRate="","",IF(ISERROR($I12),"",INDIRECT(ADDRESS($I12,N$5,4,,$G12))))}
F13: =IF(E13="",F12,E13) -> Personal income | G13: =INDEX(LookUps!P:P,MATCH(F13,LookUps!Q:Q,0)) -> 1.Personal income | H13: =INDEX('B. CostCategories'!F:F,MATCH(F13&J13,'B. CostCategories'!H:H,0)) -> R3 | I13: =MATCH(H13,INDIRECT(SUBSTITUTE(ADDRESS(1,3,4,,$G13),1,"",IF(LEFT(G13,1)="1","2","1"))&":"&SUBSTITUTE(ADDRESS(1,3,4),1,"")),0)+11 -> 47 | J13: =IF('B. CostCategories'!E17="","",'B. CostCategories'!E17) -> Reversible - Missing value of lost household work | K13: {=IF(ISERROR($I13),"",INDIRECT(ADDRESS($I13,K$5,4,,$G13)))} -> 0 | L13: {=IF(I_ExchangeRate="","",IF(ISERROR($I13),"",INDIRECT(ADDRESS($I13,L$5,4,,$G13))))} | M13: {=IF(ISERROR($I13),"",INDIRECT(ADDRESS($I13,M$5,4,,$G13)))} -> 0 | N13: {=IF(I_ExchangeRate="","",IF(ISERROR($I13),"",INDIRECT(ADDRESS($I13,N$5,4,,$G13))))}
F14: =IF(E14="",F13,E14) -> Personal income | G14: =INDEX(LookUps!P:P,MATCH(F14,LookUps!Q:Q,0)) -> 1.Personal income | H14: =INDEX('B. CostCategories'!F:F,MATCH(F14&J14,'B. CostCategories'!H:H,0)) -> R4 | I14: =MATCH(H14,INDIRECT(SUBSTITUTE(ADDRESS(1,3,4,,$G14),1,"",IF(LEFT(G14,1)="1","2","1"))&":"&SUBSTITUTE(ADDRESS(1,3,4),1,"")),0)+11 -> 61 | J14: =IF('B. CostCategories'!E18="","",'B. CostCategories'!E18) | K14: {=IF(ISERROR($I14),"",INDIRECT(ADDRESS($I14,K$5,4,,$G14)))} -> 0 | L14: {=IF(I_ExchangeRate="","",IF(ISERROR($I14),"",INDIRECT(ADDRESS($I14,L$5,4,,$G14))))} | M14: {=IF(ISERROR($I14),"",INDIRECT(ADDRESS($I14,M$5,4,,$G14)))} -> 0 | N14: {=IF(I_ExchangeRate="","",IF(ISERROR($I14),"",INDIRECT(ADDRESS($I14,N$5,4,,$G14))))}
F15: =IF(E15="",F14,E15) -> Personal income | G15: =INDEX(LookUps!P:P,MATCH(F15,LookUps!Q:Q,0)) -> 1.Personal income | H15: =INDEX('B. CostCategories'!F:F,MATCH(F15&J15,'B. CostCategories'!H:H,0)) -> R4 | I15: =MATCH(H15,INDIRECT(SUBSTITUTE(ADDRESS(1,3,4,,$G15),1,"",IF(LEFT(G15,1)="1","2","1"))&":"&SUBSTITUTE(ADDRESS(1,3,4),1,"")),0)+11 -> 61 | J15: =IF('B. CostCategories'!E19="","",'B. CostCategories'!E19) | K15: {=IF(ISERROR($I15),"",INDIRECT(ADDRESS($I15,K$5,4,,$G15)))} -> 0 | L15: {=IF(I_ExchangeRate="","",IF(ISERROR($I15),"",INDIRECT(ADDRESS($I15,L$5,4,,$G15))))} | M15: {=IF(ISERROR($I15),"",INDIRECT(ADDRESS($I15,M$5,4,,$G15)))} -> 0 | N15: {=IF(I_ExchangeRate="","",IF(ISERROR($I15),"",INDIRECT(ADDRESS($I15,N$5,4,,$G15))))}
F16: =IF(E16="",F15,E16) -> Personal income | G16: =INDEX(LookUps!P:P,MATCH(F16,LookUps!Q:Q,0)) -> 1.Personal income | H16: =INDEX('B. CostCategories'!F:F,MATCH(F16&J16,'B. CostCategories'!H:H,0)) -> R4 | I16: =MATCH(H16,INDIRECT(SUBSTITUTE(ADDRESS(1,3,4,,$G16),1,"",IF(LEFT(G16,1)="1","2","1"))&":"&SUBSTITUTE(ADDRESS(1,3,4),1,"")),0)+11 -> 61 | J16: =IF('B. CostCategories'!E20="","",'B. CostCategories'!E20) | K16: {=IF(ISERROR($I16),"",INDIRECT(ADDRESS($I16,K$5,4,,$G16)))} -> 0 | L16: {=IF(I_ExchangeRate="","",IF(ISERROR($I16),"",INDIRECT(ADDRESS($I16,L$5,4,,$G16))))} | M16: {=IF(ISERROR($I16),"",INDIRECT(ADDRESS($I16,M$5,4,,$G16)))} -> 0 | N16: {=IF(I_ExchangeRate="","",IF(ISERROR($I16),"",INDIRECT(ADDRESS($I16,N$5,4,,$G16))))}
C17: ='B. CostCategories'!C15 -> 1 | D17: 1 | E17: ="Total "&E11 -> Total Personal income | F17: =IF(E17="",F16,E17) -> Total Personal income | G17: =INDEX(LookUps!P:P,MATCH(F17,LookUps!Q:Q,0)) -> #N/A | H17: =INDEX('B. CostCategories'!F:F,MATCH(F17&J17,'B. CostCategories'!H:H,0)) -> #N/A | I17: =MATCH(H17,INDIRECT(SUBSTITUTE(ADDRESS(1,3,4,,$G17),1,"")&":"&SUBSTITUTE(ADDRESS(1,3,4),1,"")),0)+11 -> #N/A | K17: =SUM(K11:K16) -> 0 | L17: =SUM(L11:L16) -> 0 | M17: =SUM(M11:M16) -> 0 | N17: =SUM(N11:N16) -> 0
E18: =IF('B. CostCategories'!D21="","",'B. CostCategories'!D21) -> Healthcare | F18: =IF(E18="",F17,E18) -> Healthcare | G18: =INDEX(LookUps!P:P,MATCH(F18,LookUps!Q:Q,0)) -> 2.Healthcare | H18: =INDEX('B. CostCategories'!F:F,MATCH(F18&J18,'B. CostCategories'!H:H,0)) -> R7 | I18: =MATCH(H18,INDIRECT(SUBSTITUTE(ADDRESS(1,3,4,,$G18),1,"",IF(LEFT(G18,1)="1","2","1"))&":"&SUBSTITUTE(ADDRESS(1,3,4),1,"")),0)+11 -> 25 | J18: =IF('B. CostCategories'!E21="","",'B. CostCategories'!E21) -> Sexual violence | K18: {=IF(ISERROR($I18),"",INDIRECT(ADDRESS($I18,K$5,4,,$G18)))} -> 0 | L18: {=IF(I_ExchangeRate="","",IF(ISERROR($I18),"",INDIRECT(ADDRESS($I18,L$5,4,,$G18))))} | M18: {=IF(ISERROR($I18),"",INDIRECT(ADDRESS($I18,M$5,4,,$G18)))} -> 0 | N18: {=IF(I_ExchangeRate="","",IF(ISERROR($I18),"",INDIRECT(ADDRESS($I18,N$5,4,,$G18))))}
F19: =IF(E19="",F18,E19) -> Healthcare | G19: =INDEX(LookUps!P:P,MATCH(F19,LookUps!Q:Q,0)) -> 2.Healthcare | H19: =INDEX('B. CostCategories'!F:F,MATCH(F19&J19,'B. CostCategories'!H:H,0)) -> R8 | I19: =MATCH(H19,INDIRECT(SUBSTITUTE(ADDRESS(1,3,4,,$G19),1,"",IF(LEFT(G19,1)="1","2","1"))&":"&SUBSTITUTE(ADDRESS(1,3,4),1,"")),0)+11 -> 39 | J19: =IF('B. CostCategories'!E22="","",'B. CostCategories'!E22) -> Physical violence | K19: {=IF(ISERROR($I19),"",INDIRECT(ADDRESS($I19,K$5,4,,$G19)))} -> 0 | L19: {=IF(I_ExchangeRate="","",IF(ISERROR($I19),"",INDIRECT(ADDRESS($I19,L$5,4,,$G19))))} | M19: {=IF(ISERROR($I19),"",INDIRECT(ADDRESS($I19,M$5,4,,$G19)))} -> 0 | N19: {=IF(I_ExchangeRate="","",IF(ISERROR($I19),"",INDIRECT(ADDRESS($I19,N$5,4,,$G19))))}
F20: =IF(E20="",F19,E20) -> Healthcare | G20: =INDEX(LookUps!P:P,MATCH(F20,LookUps!Q:Q,0)) -> 2.Healthcare | H20: =INDEX('B. CostCategories'!F:F,MATCH(F20&J20,'B. CostCategories'!H:H,0)) -> R9 | I20: =MATCH(H20,INDIRECT(SUBSTITUTE(ADDRESS(1,3,4,,$G20),1,"",IF(LEFT(G20,1)="1","2","1"))&":"&SUBSTITUTE(ADDRESS(1,3,4),1,"")),0)+11 -> 53 | J20: =IF('B. CostCategories'!E23="","",'B. CostCategories'!E23) | K20: {=IF(ISERROR($I20),"",INDIRECT(ADDRESS($I20,K$5,4,,$G20)))} -> 0 | L20: {=IF(I_ExchangeRate="","",IF(ISERROR($I20),"",INDIRECT(ADDRESS($I20,L$5,4,,$G20))))} | M20: {=IF(ISERROR($I20),"",INDIRECT(ADDRESS($I20,M$5,4,,$G20)))} -> 0 | N20: {=IF(I_ExchangeRate="","",IF(ISERROR($I20),"",INDIRECT(ADDRESS($I20,N$5,4,,$G20))))}
F21: =IF(E21="",F20,E21) -> Healthcare | G21: =INDEX(LookUps!P:P,MATCH(F21,LookUps!Q:Q,0)) -> 2.Healthcare | H21: =INDEX('B. CostCategories'!F:F,MATCH(F21&J21,'B. CostCategories'!H:H,0)) -> R9 | I21: =MATCH(H21,INDIRECT(SUBSTITUTE(ADDRESS(1,3,4,,$G21),1,"",IF(LEFT(G21,1)="1","2","1"))&":"&SUBSTITUTE(ADDRESS(1,3,4),1,"")),0)+11 -> 53 | J21: =IF('B. CostCategories'!E24="","",'B. CostCategories'!E24) | K21: {=IF(ISERROR($I21),"",INDIRECT(ADDRESS($I21,K$5,4,,$G21)))} -> 0 | L21: {=IF(I_ExchangeRate="","",IF(ISERROR($I21),"",INDIRECT(ADDRESS($I21,L$5,4,,$G21))))} | M21: {=IF(ISERROR($I21),"",INDIRECT(ADDRESS($I21,M$5,4,,$G21)))} -> 0 | N21: {=IF(I_ExchangeRate="","",IF(ISERROR($I21),"",INDIRECT(ADDRESS($I21,N$5,4,,$G21))))}
F22: =IF(E22="",F21,E22) -> Healthcare | G22: =INDEX(LookUps!P:P,MATCH(F22,LookUps!Q:Q,0)) -> 2.Healthcare | H22: =INDEX('B. CostCategories'!F:F,MATCH(F22&J22,'B. CostCategories'!H:H,0)) -> R9 | I22: =MATCH(H22,INDIRECT(SUBSTITUTE(ADDRESS(1,3,4,,$G22),1,"",IF(LEFT(G22,1)="1","2","1"))&":"&SUBSTITUTE(ADDRESS(1,3,4),1,"")),0)+11 -> 53 | J22: =IF('B. CostCategories'!E25="","",'B. CostCategories'!E25) | K22: {=IF(ISERROR($I22),"",INDIRECT(ADDRESS($I22,K$5,4,,$G22)))} -> 0 | L22: {=IF(I_ExchangeRate="","",IF(ISERROR($I22),"",INDIRECT(ADDRESS($I22,L$5,4,,$G22))))} | M22: {=IF(ISERROR($I22),"",INDIRECT(ADDRESS($I22,M$5,4,,$G22)))} -> 0 | N22: {=IF(I_ExchangeRate="","",IF(ISERROR($I22),"",INDIRECT(ADDRESS($I22,N$5,4,,$G22))))}
F23: =IF(E23="",F22,E23) -> Healthcare | G23: =INDEX(LookUps!P:P,MATCH(F23,LookUps!Q:Q,0)) -> 2.Healthcare | H23: =INDEX('B. CostCategories'!F:F,MATCH(F23&J23,'B. CostCategories'!H:H,0)) -> #N/A | J23: Private healthcare expenses (added through uplift) | K23: =IF('2.Healthcare'!H7=Ans_No,0,'2.Healthcare'!$H$9*SUM(DetailedSummary!K18:K22)) -> 0 | L23: =IF(I_ExchangeRate="","",K23/I_ExchangeRate) | M23: =IF('2.Healthcare'!H7=Ans_No,0,'2.Healthcare'!$H$9*SUM(DetailedSummary!M18:M22)) -> 0 | N23: =IF(I_ExchangeRate="","",M23/I_ExchangeRate)
C24: ='B. CostCategories'!C21 -> 2 | D24: 1 | E24: ="Total "&E18 -> Total Healthcare | F24: =IF(E24="",F22,E24) -> Total Healthcare | G24: =INDEX(LookUps!P:P,MATCH(F24,LookUps!Q:Q,0)) -> #N/A | H24: =INDEX('B. CostCategories'!F:F,MATCH(F24&J24,'B. CostCategories'!H:H,0)) -> #N/A | I24: =MATCH(H24,INDIRECT(SUBSTITUTE(ADDRESS(1,3,4,,$G24),1,"")&":"&SUBSTITUTE(ADDRESS(1,3,4),1,"")),0)+11 -> #N/A | K24: =SUM(K18:K23) -> 0 | L24: =SUM(L18:L23) -> 0 | M24: =SUM(M18:M23) -> 0 | N24: =SUM(N18:N23) -> 0
E25: =IF('B. CostCategories'!D26="","",'B. CostCategories'!D26) -> Law enforcement and judiciary | F25: =IF(E25="",F24,E25) -> Law enforcement and judiciary | G25: =INDEX(LookUps!P:P,MATCH(F25,LookUps!Q:Q,0)) -> 3.Law enforcement and judiciary | H25: =INDEX('B. CostCategories'!F:F,MATCH(F25&J25,'B. CostCategories'!H:H,0)) -> R12 | I25: =MATCH(H25,INDIRECT(SUBSTITUTE(ADDRESS(1,3,4,,$G25),1,"",IF(LEFT(G25,1)="1","2","1"))&":"&SUBSTITUTE(ADDRESS(1,3,4),1,"")),0)+11 -> 19 | J25: =IF('B. CostCategories'!E26="","",'B. CostCategories'!E26) -> Cost of service call by police | K25: {=IF(ISERROR($I25),"",INDIRECT(ADDRESS($I25,K$5,4,,$G25)))} -> 0 | L25: {=IF(I_ExchangeRate="","",IF(ISERROR($I25),"",INDIRECT(ADDRESS($I25,L$5,4,,$G25))))} | M25: {=IF(ISERROR($I25),"",INDIRECT(ADDRESS($I25,M$5,4,,$G25)))} -> 0 | N25: {=IF(I_ExchangeRate="","",IF(ISERROR($I25),"",INDIRECT(ADDRESS($I25,N$5,4,,$G25))))}
F26: =IF(E26="",F25,E26) -> Law enforcement and judiciary | G26: =INDEX(LookUps!P:P,MATCH(F26,LookUps!Q:Q,0)) -> 3.Law enforcement and judiciary | H26: =INDEX('B. CostCategories'!F:F,MATCH(F26&J26,'B. CostCategories'!H:H,0)) -> R13 | I26: =MATCH(H26,INDIRECT(SUBSTITUTE(ADDRESS(1,3,4,,$G26),1,"",IF(LEFT(G26,1)="1","2","1"))&":"&SUBSTITUTE(ADDRESS(1,3,4),1,"")),0)+11 -> 33 | J26: =IF('B. CostCategories'!E27="","",'B. CostCategories'!E27) -> Registration and administration cost of case | K26: {=IF(ISERROR($I26),"",INDIRECT(ADDRESS($I26,K$5,4,,$G26)))} -> 0 | L26: {=IF(I_ExchangeRate="","",IF(ISERROR($I26),"",INDIRECT(ADDRESS($I26,L$5,4,,$G26))))} | M26: {=IF(ISERROR($I26),"",INDIRECT(ADDRESS($I26,M$5,4,,$G26)))} -> 0 | N26: {=IF(I_ExchangeRate="","",IF(ISERROR($I26),"",INDIRECT(ADDRESS($I26,N$5,4,,$G26))))}
F27: =IF(E27="",F26,E27) -> Law enforcement and judiciary | G27: =INDEX(LookUps!P:P,MATCH(F27,LookUps!Q:Q,0)) -> 3.Law enforcement and judiciary | H27: =INDEX('B. CostCategories'!F:F,MATCH(F27&J27,'B. CostCategories'!H:H,0)) -> R14 | I27: =MATCH(H27,INDIRECT(SUBSTITUTE(ADDRESS(1,3,4,,$G27),1,"",IF(LEFT(G27,1)="1","2","1"))&":"&SUBSTITUTE(ADDRESS(1,3,4),1,"")),0)+11 -> 47 | J27: =IF('B. CostCategories'!E28="","",'B. CostCategories'!E28) -> Protection | K27: {=IF(ISERROR($I27),"",INDIRECT(ADDRESS($I27,K$5,4,,$G27)))} -> 0 | L27: {=IF(I_ExchangeRate="","",IF(ISERROR($I27),"",INDIRECT(ADDRESS($I27,L$5,4,,$G27))))} | M27: {=IF(ISERROR($I27),"",INDIRECT(ADDRESS($I27,M$5,4,,$G27)))} -> 0 | N27: {=IF(I_ExchangeRate="","",IF(ISERROR($I27),"",INDIRECT(ADDRESS($I27,N$5,4,,$G27))))}
F28: =IF(E28="",F27,E28) -> Law enforcement and judiciary | G28: =INDEX(LookUps!P:P,MATCH(F28,LookUps!Q:Q,0)) -> 3.Law enforcement and judiciary | H28: =INDEX('B. CostCategories'!F:F,MATCH(F28&J28,'B. CostCategories'!H:H,0)) -> R15 | I28: =MATCH(H28,INDIRECT(SUBSTITUTE(ADDRESS(1,3,4,,$G28),1,"",IF(LEFT(G28,1)="1","2","1"))&":"&SUBSTITUTE(ADDRESS(1,3,4),1,"")),0)+11 -> 61 | J28: =IF('B. CostCategories'!E29="","",'B. CostCategories'!E29) -> Probation/Arrest | K28: {=IF(ISERROR($I28),"",INDIRECT(ADDRESS($I28,K$5,4,,$G28)))} -> 0 | L28: {=IF(I_ExchangeRate="","",IF(ISERROR($I28),"",INDIRECT(ADDRESS($I28,L$5,4,,$G28))))} | M28: {=IF(ISERROR($I28),"",INDIRECT(ADDRESS($I28,M$5,4,,$G28)))} -> 0 | N28: {=IF(I_ExchangeRate="","",IF(ISERROR($I28),"",INDIRECT(ADDRESS($I28,N$5,4,,$G28))))}
F29: =IF(E29="",F28,E29) -> Law enforcement and judiciary | G29: =INDEX(LookUps!P:P,MATCH(F29,LookUps!Q:Q,0)) -> 3.Law enforcement and judiciary | H29: =INDEX('B. CostCategories'!F:F,MATCH(F29&J29,'B. CostCategories'!H:H,0)) -> R16 | I29: =MATCH(H29,INDIRECT(SUBSTITUTE(ADDRESS(1,3,4,,$G29),1,"",IF(LEFT(G29,1)="1","2","1"))&":"&SUBSTITUTE(ADDRESS(1,3,4),1,"")),0)+11 -> 75 | J29: =IF('B. CostCategories'!E30="","",'B. CostCategories'!E30) -> Eviction | K29: {=IF(ISERROR($I29),"",INDIRECT(ADDRESS($I29,K$5,4,,$G29)))} -> 0 | L29: {=IF(I_ExchangeRate="","",IF(ISERROR($I29),"",INDIRECT(ADDRESS($I29,L$5,4,,$G29))))} | M29: {=IF(ISERROR($I29),"",INDIRECT(ADDRESS($I29,M$5,4,,$G29)))} -> 0 | N29: {=IF(I_ExchangeRate="","",IF(ISERROR($I29),"",INDIRECT(ADDRESS($I29,N$5,4,,$G29))))}
F30: =IF(E30="",F29,E30) -> Law enforcement and judiciary | G30: =INDEX(LookUps!P:P,MATCH(F30,LookUps!Q:Q,0)) -> 3.Law enforcement and judiciary | H30: =INDEX('B. CostCategories'!F:F,MATCH(F30&J30,'B. CostCategories'!H:H,0)) -> R17 | I30: =MATCH(H30,INDIRECT(SUBSTITUTE(ADDRESS(1,3,4,,$G30),1,"",IF(LEFT(G30,1)="1","2","1"))&":"&SUBSTITUTE(ADDRESS(1,3,4),1,"")),0)+11 -> 89 | J30: =IF('B. CostCategories'!E31="","",'B. CostCategories'!E31) -> Sexual offences | K30: {=IF(ISERROR($I30),"",INDIRECT(ADDRESS($I30,K$5,4,,$G30)))} -> 0 | L30: {=IF(I_ExchangeRate="","",IF(ISERROR($I30),"",INDIRECT(ADDRESS($I30,L$5,4,,$G30))))} | M30: {=IF(ISERROR($I30),"",INDIRECT(ADDRESS($I30,M$5,4,,$G30)))} -> 0 | N30: {=IF(I_ExchangeRate="","",IF(ISERROR($I30),"",INDIRECT(ADDRESS($I30,N$5,4,,$G30))))}
F31: =IF(E31="",F30,E31) -> Law enforcement and judiciary | G31: =INDEX(LookUps!P:P,MATCH(F31,LookUps!Q:Q,0)) -> 3.Law enforcement and judiciary | H31: =INDEX('B. CostCategories'!F:F,MATCH(F31&J31,'B. CostCategories'!H:H,0)) -> R18 | I31: =MATCH(H31,INDIRECT(SUBSTITUTE(ADDRESS(1,3,4,,$G31),1,"",IF(LEFT(G31,1)="1","2","1"))&":"&SUBSTITUTE(ADDRESS(1,3,4),1,"")),0)+11 -> 103 | J31: =IF('B. CostCategories'!E32="","",'B. CostCategories'!E32) -> Long term detention (prison) | K31: {=IF(ISERROR($I31),"",INDIRECT(ADDRESS($I31,K$5,4,,$G31)))} -> 0 | L31: {=IF(I_ExchangeRate="","",IF(ISERROR($I31),"",INDIRECT(ADDRESS($I31,L$5,4,,$G31))))} | M31: {=IF(ISERROR($I31),"",INDIRECT(ADDRESS($I31,M$5,4,,$G31)))} -> 0 | N31: {=IF(I_ExchangeRate="","",IF(ISERROR($I31),"",INDIRECT(ADDRESS($I31,N$5,4,,$G31))))}
F32: =IF(E32="",F31,E32) -> Law enforcement and judiciary | G32: =INDEX(LookUps!P:P,MATCH(F32,LookUps!Q:Q,0)) -> 3.Law enforcement and judiciary | H32: =INDEX('B. CostCategories'!F:F,MATCH(F32&J32,'B. CostCategories'!H:H,0)) -> R19 | I32: =MATCH(H32,INDIRECT(SUBSTITUTE(ADDRESS(1,3,4,,$G32),1,"",IF(LEFT(G32,1)="1","2","1"))&":"&SUBSTITUTE(ADDRESS(1,3,4),1,"")),0)+11 -> 117 | J32: =IF('B. CostCategories'!E33="","",'B. CostCategories'!E33) -> Private and Public Cost of divorce | K32: {=IF(ISERROR($I32),"",INDIRECT(ADDRESS($I32,K$5,4,,$G32)))} -> 0 | L32: {=IF(I_ExchangeRate="","",IF(ISERROR($I32),"",INDIRECT(ADDRESS($I32,L$5,4,,$G32))))} | M32: {=IF(ISERROR($I32),"",INDIRECT(ADDRESS($I32,M$5,4,,$G32)))} -> 0 | N32: {=IF(I_ExchangeRate="","",IF(ISERROR($I32),"",INDIRECT(ADDRESS($I32,N$5,4,,$G32))))}
F33: =IF(E33="",F32,E33) -> Law enforcement and judiciary | G33: =INDEX(LookUps!P:P,MATCH(F33,LookUps!Q:Q,0)) -> 3.Law enforcement and judiciary | H33: =INDEX('B. CostCategories'!F:F,MATCH(F33&J33,'B. CostCategories'!H:H,0)) -> R20 | I33: =MATCH(H33,INDIRECT(SUBSTITUTE(ADDRESS(1,3,4,,$G33),1,"",IF(LEFT(G33,1)="1","2","1"))&":"&SUBSTITUTE(ADDRESS(1,3,4),1,"")),0)+11 -> 131 | J33: =IF('B. CostCategories'!E34="","",'B. CostCategories'!E34) | K33: {=IF(ISERROR($I33),"",INDIRECT(ADDRESS($I33,K$5,4,,$G33)))} -> 0 | L33: {=IF(I_ExchangeRate="","",IF(ISERROR($I33),"",INDIRECT(ADDRESS($I33,L$5,4,,$G33))))} | M33: {=IF(ISERROR($I33),"",INDIRECT(ADDRESS($I33,M$5,4,,$G33)))} -> 0 | N33: {=IF(I_ExchangeRate="","",IF(ISERROR($I33),"",INDIRECT(ADDRESS($I33,N$5,4,,$G33))))}
F34: =IF(E34="",F33,E34) -> Law enforcement and judiciary | G34: =INDEX(LookUps!P:P,MATCH(F34,LookUps!Q:Q,0)) -> 3.Law enforcement and judiciary | H34: =INDEX('B. CostCategories'!F:F,MATCH(F34&J34,'B. CostCategories'!H:H,0)) -> R20 | I34: =MATCH(H34,INDIRECT(SUBSTITUTE(ADDRESS(1,3,4,,$G34),1,"",IF(LEFT(G34,1)="1","2","1"))&":"&SUBSTITUTE(ADDRESS(1,3,4),1,"")),0)+11 -> 131 | J34: =IF('B. CostCategories'!E35="","",'B. CostCategories'!E35) | K34: {=IF(ISERROR($I34),"",INDIRECT(ADDRESS($I34,K$5,4,,$G34)))} -> 0 | L34: {=IF(I_ExchangeRate="","",IF(ISERROR($I34),"",INDIRECT(ADDRESS($I34,L$5,4,,$G34))))} | M34: {=IF(ISERROR($I34),"",INDIRECT(ADDRESS($I34,M$5,4,,$G34)))} -> 0 | N34: {=IF(I_ExchangeRate="","",IF(ISERROR($I34),"",INDIRECT(ADDRESS($I34,N$5,4,,$G34))))}
F35: =IF(E35="",F34,E35) -> Law enforcement and judiciary | G35: =INDEX(LookUps!P:P,MATCH(F35,LookUps!Q:Q,0)) -> 3.Law enforcement and judiciary | H35: =INDEX('B. CostCategories'!F:F,MATCH(F35&J35,'B. CostCategories'!H:H,0)) -> R20 | I35: =MATCH(H35,INDIRECT(SUBSTITUTE(ADDRESS(1,3,4,,$G35),1,"",IF(LEFT(G35,1)="1","2","1"))&":"&SUBSTITUTE(ADDRESS(1,3,4),1,"")),0)+11 -> 131 | J35: =IF('B. CostCategories'!E36="","",'B. CostCategories'!E36) | K35: {=IF(ISERROR($I35),"",INDIRECT(ADDRESS($I35,K$5,4,,$G35)))} -> 0 | L35: {=IF(I_ExchangeRate="","",IF(ISERROR($I35),"",INDIRECT(ADDRESS($I35,L$5,4,,$G35))))} | M35: {=IF(ISERROR($I35),"",INDIRECT(ADDRESS($I35,M$5,4,,$G35)))} -> 0 | N35: {=IF(I_ExchangeRate="","",IF(ISERROR($I35),"",INDIRECT(ADDRESS($I35,N$5,4,,$G35))))}
C36: ='B. CostCategories'!C26 -> 3 | D36: 1 | E36: ="Total "&E25 -> Total Law enforcement and judiciary | F36: =IF(E36="",F35,E36) -> Total Law enforcement and judiciary | G36: =INDEX(LookUps!P:P,MATCH(F36,LookUps!Q:Q,0)) -> #N/A | H36: =INDEX('B. CostCategories'!F:F,MATCH(F36&J36,'B. CostCategories'!H:H,0)) -> #N/A | I36: =MATCH(H36,INDIRECT(SUBSTITUTE(ADDRESS(1,3,4,,$G36),1,"")&":"&SUBSTITUTE(ADDRESS(1,3,4),1,"")),0)+11 -> #N/A | K36: =SUM(K25:K35) -> 0 | L36: =SUM(L25:L35) -> 0 | M36: =SUM(M25:M35) -> 0 | N36: =SUM(N25:N35) -> 0
E37: =IF('B. CostCategories'!D37="","",'B. CostCategories'!D37) -> Social services | F37: =IF(E37="",F36,E37) -> Social services | G37: =INDEX(LookUps!P:P,MATCH(F37,LookUps!Q:Q,0)) -> 4.Social services | H37: =INDEX('B. CostCategories'!F:F,MATCH(F37&J37,'B. CostCategories'!H:H,0)) -> R23 | I37: =MATCH(H37,INDIRECT(SUBSTITUTE(ADDRESS(1,3,4,,$G37),1,"",IF(LEFT(G37,1)="1","2","1"))&":"&SUBSTITUTE(ADDRESS(1,3,4),1,"")),0)+11 -> 19 | J37: =IF('B. CostCategories'!E37="","",'B. CostCategories'!E37) -> Case completion for social services | K37: {=IF(ISERROR($I37),"",INDIRECT(ADDRESS($I37,K$5,4,,$G37)))} -> 0 | L37: {=IF(I_ExchangeRate="","",IF(ISERROR($I37),"",INDIRECT(ADDRESS($I37,L$5,4,,$G37))))} | M37: {=IF(ISERROR($I37),"",INDIRECT(ADDRESS($I37,M$5,4,,$G37)))} -> 0 | N37: {=IF(I_ExchangeRate="","",IF(ISERROR($I37),"",INDIRECT(ADDRESS($I37,N$5,4,,$G37))))}
F38: =IF(E38="",F37,E38) -> Social services | G38: =INDEX(LookUps!P:P,MATCH(F38,LookUps!Q:Q,0)) -> 4.Social services | H38: =INDEX('B. CostCategories'!F:F,MATCH(F38&J38,'B. CostCategories'!H:H,0)) -> R24 | I38: =MATCH(H38,INDIRECT(SUBSTITUTE(ADDRESS(1,3,4,,$G38),1,"",IF(LEFT(G38,1)="1","2","1"))&":"&SUBSTITUTE(ADDRESS(1,3,4),1,"")),0)+11 -> 33 | J38: =IF('B. CostCategories'!E38="","",'B. CostCategories'!E38) -> Mediating self-referral cases | K38: {=IF(ISERROR($I38),"",INDIRECT(ADDRESS($I38,K$5,4,,$G38)))} -> 0 | L38: {=IF(I_ExchangeRate="","",IF(ISERROR($I38),"",INDIRECT(ADDRESS($I38,L$5,4,,$G38))))} | M38: {=IF(ISERROR($I38),"",INDIRECT(ADDRESS($I38,M$5,4,,$G38)))} -> 0 | N38: {=IF(I_ExchangeRate="","",IF(ISERROR($I38),"",INDIRECT(ADDRESS($I38,N$5,4,,$G38))))}
F39: =IF(E39="",F38,E39) -> Social services | G39: =INDEX(LookUps!P:P,MATCH(F39,LookUps!Q:Q,0)) -> 4.Social services | H39: =INDEX('B. CostCategories'!F:F,MATCH(F39&J39,'B. CostCategories'!H:H,0)) -> R25 | I39: =MATCH(H39,INDIRECT(SUBSTITUTE(ADDRESS(1,3,4,,$G39),1,"",IF(LEFT(G39,1)="1","2","1"))&":"&SUBSTITUTE(ADDRESS(1,3,4),1,"")),0)+11 -> 47 | J39: =IF('B. CostCategories'!E39="","",'B. CostCategories'!E39) -> Counselling services | K39: {=IF(ISERROR($I39),"",INDIRECT(ADDRESS($I39,K$5,4,,$G39)))} -> 0 | L39: {=IF(I_ExchangeRate="","",IF(ISERROR($I39),"",INDIRECT(ADDRESS($I39,L$5,4,,$G39))))} | M39: {=IF(ISERROR($I39),"",INDIRECT(ADDRESS($I39,M$5,4,,$G39)))} -> 0 | N39: {=IF(I_ExchangeRate="","",IF(ISERROR($I39),"",INDIRECT(ADDRESS($I39,N$5,4,,$G39))))}
F40: =IF(E40="",F39,E40) -> Social services | G40: =INDEX(LookUps!P:P,MATCH(F40,LookUps!Q:Q,0)) -> 4.Social services | H40: =INDEX('B. CostCategories'!F:F,MATCH(F40&J40,'B. CostCategories'!H:H,0)) -> R26 | I40: =MATCH(H40,INDIRECT(SUBSTITUTE(ADDRESS(1,3,4,,$G40),1,"",IF(LEFT(G40,1)="1","2","1"))&":"&SUBSTITUTE(ADDRESS(1,3,4),1,"")),0)+11 -> 61 | J40: =IF('B. CostCategories'!E40="","",'B. CostCategories'!E40) | K40: {=IF(ISERROR($I40),"",INDIRECT(ADDRESS($I40,K$5,4,,$G40)))} -> 0 | L40: {=IF(I_ExchangeRate="","",IF(ISERROR($I40),"",INDIRECT(ADDRESS($I40,L$5,4,,$G40))))} | M40: {=IF(ISERROR($I40),"",INDIRECT(ADDRESS($I40,M$5,4,,$G40)))} -> 0 | N40: {=IF(I_ExchangeRate="","",IF(ISERROR($I40),"",INDIRECT(ADDRESS($I40,N$5,4,,$G40))))}
F41: =IF(E41="",F40,E41) -> Social services | G41: =INDEX(LookUps!P:P,MATCH(F41,LookUps!Q:Q,0)) -> 4.Social services | H41: =INDEX('B. CostCategories'!F:F,MATCH(F41&J41,'B. CostCategories'!H:H,0)) -> R26 | I41: =MATCH(H41,INDIRECT(SUBSTITUTE(ADDRESS(1,3,4,,$G41),1,"",IF(LEFT(G41,1)="1","2","1"))&":"&SUBSTITUTE(ADDRESS(1,3,4),1,"")),0)+11 -> 61 | J41: =IF('B. CostCategories'!E41="","",'B. CostCategories'!E41) | K41: {=IF(ISERROR($I41),"",INDIRECT(ADDRESS($I41,K$5,4,,$G41)))} -> 0 | L41: {=IF(I_ExchangeRate="","",IF(ISERROR($I41),"",INDIRECT(ADDRESS($I41,L$5,4,,$G41))))} | M41: {=IF(ISERROR($I41),"",INDIRECT(ADDRESS($I41,M$5,4,,$G41)))} -> 0 | N41: {=IF(I_ExchangeRate="","",IF(ISERROR($I41),"",INDIRECT(ADDRESS($I41,N$5,4,,$G41))))}
F42: =IF(E42="",F41,E42) -> Social services | G42: =INDEX(LookUps!P:P,MATCH(F42,LookUps!Q:Q,0)) -> 4.Social services | H42: =INDEX('B. CostCategories'!F:F,MATCH(F42&J42,'B. CostCategories'!H:H,0)) -> R26 | I42: =MATCH(H42,INDIRECT(SUBSTITUTE(ADDRESS(1,3,4,,$G42),1,"",IF(LEFT(G42,1)="1","2","1"))&":"&SUBSTITUTE(ADDRESS(1,3,4),1,"")),0)+11 -> 61 | J42: =IF('B. CostCategories'!E42="","",'B. CostCategories'!E42) | K42: {=IF(ISERROR($I42),"",INDIRECT(ADDRESS($I42,K$5,4,,$G42)))} -> 0 | L42: {=IF(I_ExchangeRate="","",IF(ISERROR($I42),"",INDIRECT(ADDRESS($I42,L$5,4,,$G42))))} | M42: {=IF(ISERROR($I42),"",INDIRECT(ADDRESS($I42,M$5,4,,$G42)))} -> 0 | N42: {=IF(I_ExchangeRate="","",IF(ISERROR($I42),"",INDIRECT(ADDRESS($I42,N$5,4,,$G42))))}
C43: ='B. CostCategories'!C37 -> 4 | D43: 1 | E43: ="Total "&E37 -> Total Social services | F43: =IF(E43="",F42,E43) -> Total Social services | G43: =INDEX(LookUps!P:P,MATCH(F43,LookUps!Q:Q,0)) -> #N/A | H43: =INDEX('B. CostCategories'!F:F,MATCH(F43&J43,'B. CostCategories'!H:H,0)) -> #N/A | I43: =MATCH(H43,INDIRECT(SUBSTITUTE(ADDRESS(1,3,4,,$G43),1,"")&":"&SUBSTITUTE(ADDRESS(1,3,4),1,"")),0)+11 -> #N/A | K43: =SUM(K37:K42) -> 0 | L43: =SUM(L37:L42) -> 0 | M43: =SUM(M37:M42) -> 0 | N43: =SUM(N37:N42) -> 0
E44: =IF('B. CostCategories'!D43="","",'B. CostCategories'!D43) -> Specialised Services | F44: =IF(E44="",F43,E44) -> Specialised Services | G44: =INDEX(LookUps!P:P,MATCH(F44,LookUps!Q:Q,0)) -> 5.Specialised Services | H44: =INDEX('B. CostCategories'!F:F,MATCH(F44&J44,'B. CostCategories'!H:H,0)) -> R29 | I44: =MATCH(H44,INDIRECT(SUBSTITUTE(ADDRESS(1,3,4,,$G44),1,"",IF(LEFT(G44,1)="1","2","1"))&":"&SUBSTITUTE(ADDRESS(1,3,4),1,"")),0)+11 -> 19 | J44: =IF('B. CostCategories'!E43="","",'B. CostCategories'!E43) -> Hotline | K44: {=IF(ISERROR($I44),"",INDIRECT(ADDRESS($I44,K$5,4,,$G44)))} -> 0 | L44: {=IF(I_ExchangeRate="","",IF(ISERROR($I44),"",INDIRECT(ADDRESS($I44,L$5,4,,$G44))))} | M44: {=IF(ISERROR($I44),"",INDIRECT(ADDRESS($I44,M$5,4,,$G44)))} -> 0 | N44: {=IF(I_ExchangeRate="","",IF(ISERROR($I44),"",INDIRECT(ADDRESS($I44,N$5,4,,$G44))))}
F45: =IF(E45="",F44,E45) -> Specialised Services | G45: =INDEX(LookUps!P:P,MATCH(F45,LookUps!Q:Q,0)) -> 5.Specialised Services | H45: =INDEX('B. CostCategories'!F:F,MATCH(F45&J45,'B. CostCategories'!H:H,0)) -> R30 | I45: =MATCH(H45,INDIRECT(SUBSTITUTE(ADDRESS(1,3,4,,$G45),1,"",IF(LEFT(G45,1)="1","2","1"))&":"&SUBSTITUTE(ADDRESS(1,3,4),1,"")),0)+11 -> 33 | J45: =IF('B. CostCategories'!E44="","",'B. CostCategories'!E44) -> Shelter | K45: {=IF(ISERROR($I45),"",INDIRECT(ADDRESS($I45,K$5,4,,$G45)))} -> 0 | L45: {=IF(I_ExchangeRate="","",IF(ISERROR($I45),"",INDIRECT(ADDRESS($I45,L$5,4,,$G45))))} | M45: {=IF(ISERROR($I45),"",INDIRECT(ADDRESS($I45,M$5,4,,$G45)))} -> 0 | N45: {=IF(I_ExchangeRate="","",IF(ISERROR($I45),"",INDIRECT(ADDRESS($I45,N$5,4,,$G45))))}
F46: =IF(E46="",F45,E46) -> Specialised Services | G46: =INDEX(LookUps!P:P,MATCH(F46,LookUps!Q:Q,0)) -> 5.Specialised Services | H46: =INDEX('B. CostCategories'!F:F,MATCH(F46&J46,'B. CostCategories'!H:H,0)) -> R31 | I46: =MATCH(H46,INDIRECT(SUBSTITUTE(ADDRESS(1,3,4,,$G46),1,"",IF(LEFT(G46,1)="1","2","1"))&":"&SUBSTITUTE(ADDRESS(1,3,4),1,"")),0)+11 -> 47 | J46: =IF('B. CostCategories'!E45="","",'B. CostCategories'!E45) | K46: {=IF(ISERROR($I46),"",INDIRECT(ADDRESS($I46,K$5,4,,$G46)))} -> 0 | L46: {=IF(I_ExchangeRate="","",IF(ISERROR($I46),"",INDIRECT(ADDRESS($I46,L$5,4,,$G46))))} | M46: {=IF(ISERROR($I46),"",INDIRECT(ADDRESS($I46,M$5,4,,$G46)))} -> 0 | N46: {=IF(I_ExchangeRate="","",IF(ISERROR($I46),"",INDIRECT(ADDRESS($I46,N$5,4,,$G46))))}
F47: =IF(E47="",F46,E47) -> Specialised Services | G47: =INDEX(LookUps!P:P,MATCH(F47,LookUps!Q:Q,0)) -> 5.Specialised Services | H47: =INDEX('B. CostCategories'!F:F,MATCH(F47&J47,'B. CostCategories'!H:H,0)) -> R31 | I47: =MATCH(H47,INDIRECT(SUBSTITUTE(ADDRESS(1,3,4,,$G47),1,"",IF(LEFT(G47,1)="1","2","1"))&":"&SUBSTITUTE(ADDRESS(1,3,4),1,"")),0)+11 -> 47 | J47: =IF('B. CostCategories'!E46="","",'B. CostCategories'!E46) | K47: {=IF(ISERROR($I47),"",INDIRECT(ADDRESS($I47,K$5,4,,$G47)))} -> 0 | L47: {=IF(I_ExchangeRate="","",IF(ISERROR($I47),"",INDIRECT(ADDRESS($I47,L$5,4,,$G47))))} | M47: {=IF(ISERROR($I47),"",INDIRECT(ADDRESS($I47,M$5,4,,$G47)))} -> 0 | N47: {=IF(I_ExchangeRate="","",IF(ISERROR($I47),"",INDIRECT(ADDRESS($I47,N$5,4,,$G47))))}
F48: =IF(E48="",F47,E48) -> Specialised Services | G48: =INDEX(LookUps!P:P,MATCH(F48,LookUps!Q:Q,0)) -> 5.Specialised Services | H48: =INDEX('B. CostCategories'!F:F,MATCH(F48&J48,'B. CostCategories'!H:H,0)) -> R31 | I48: =MATCH(H48,INDIRECT(SUBSTITUTE(ADDRESS(1,3,4,,$G48),1,"",IF(LEFT(G48,1)="1","2","1"))&":"&SUBSTITUTE(ADDRESS(1,3,4),1,"")),0)+11 -> 47 | J48: =IF('B. CostCategories'!E47="","",'B. CostCategories'!E47) | K48: {=IF(ISERROR($I48),"",INDIRECT(ADDRESS($I48,K$5,4,,$G48)))} -> 0 | L48: {=IF(I_ExchangeRate="","",IF(ISERROR($I48),"",INDIRECT(ADDRESS($I48,L$5,4,,$G48))))} | M48: {=IF(ISERROR($I48),"",INDIRECT(ADDRESS($I48,M$5,4,,$G48)))} -> 0 | N48: {=IF(I_ExchangeRate="","",IF(ISERROR($I48),"",INDIRECT(ADDRESS($I48,N$5,4,,$G48))))}
C49: ='B. CostCategories'!C43 -> 5 | D49: 1 | E49: ="Total "&E44 -> Total Specialised Services | F49: =IF(E49="",F48,E49) -> Total Specialised Services | G49: =INDEX(LookUps!P:P,MATCH(F49,LookUps!Q:Q,0)) -> #N/A | H49: =INDEX('B. CostCategories'!F:F,MATCH(F49&J49,'B. CostCategories'!H:H,0)) -> #N/A | I49: =MATCH(H49,INDIRECT(SUBSTITUTE(ADDRESS(1,3,4,,$G49),1,"")&":"&SUBSTITUTE(ADDRESS(1,3,4),1,"")),0)+11 -> #N/A | K49: =SUM(K44:K48) -> 0 | L49: =SUM(L44:L48) -> 0 | M49: =SUM(M44:M48) -> 0 | N49: =SUM(N44:N48) -> 0
E50: =IF('B. CostCategories'!D48="","",'B. CostCategories'!D48) -> Education services | F50: =IF(E50="",F49,E50) -> Education services | G50: =INDEX(LookUps!P:P,MATCH(F50,LookUps!Q:Q,0)) -> 6.Education services | H50: =INDEX('B. CostCategories'!F:F,MATCH(F50&J50,'B. CostCategories'!H:H,0)) -> R34 | I50: =MATCH(H50,INDIRECT(SUBSTITUTE(ADDRESS(1,3,4,,$G50),1,"",IF(LEFT(G50,1)="1","2","1"))&":"&SUBSTITUTE(ADDRESS(1,3,4),1,"")),0)+11 -> 21 | J50: =IF('B. CostCategories'!E48="","",'B. CostCategories'!E48) -> Learning time lost | K50: {=IF(I_ExchangeRate="","",IF(ISERROR($I50),"",INDIRECT(ADDRESS($I50,K$5,4,,$G50))))} | L50: {=IF(I_ExchangeRate="","",IF(ISERROR($I50),"",INDIRECT(ADDRESS($I50,L$5,4,,$G50))))} | M50: {=IF(ISERROR($I50),"",INDIRECT(ADDRESS($I50,M$6,4,,$G50)))} -> 0 | N50: {=IF(ISERROR($I50),"",INDIRECT(ADDRESS($I50,N$6,4,,$G50)))} -> 0
C51: ='B. CostCategories'!C48 -> 6 | D51: 1 | E51: ="Total "&E50 -> Total Education services | F51: =IF(E51="",#REF!,E51) -> Total Education services | G51: =INDEX(LookUps!P:P,MATCH(F51,LookUps!Q:Q,0)) -> #N/A | H51: =INDEX('B. CostCategories'!F:F,MATCH(F51&J51,'B. CostCategories'!H:H,0)) -> #N/A | I51: =MATCH(H51,INDIRECT(SUBSTITUTE(ADDRESS(1,3,4,,$G51),1,"")&":"&SUBSTITUTE(ADDRESS(1,3,4),1,"")),0)+11 -> #N/A | K51: =SUM(K50:K50) -> 0 | L51: =SUM(L50:L50) -> 0 | M51: =SUM(M50:M50) -> 0 | N51: =SUM(N50:N50) -> 0
E52: =IF('B. CostCategories'!D49="","",'B. CostCategories'!D49) -> Personal expenses | F52: =IF(E52="",F51,E52) -> Personal expenses | G52: =INDEX(LookUps!P:P,MATCH(F52,LookUps!Q:Q,0)) -> 7.Personal expenses | H52: =INDEX('B. CostCategories'!F:F,MATCH(F52&J52,'B. CostCategories'!H:H,0)) -> R38 | I52: =MATCH(H52,INDIRECT(SUBSTITUTE(ADDRESS(1,3,4,,$G52),1,"")&":"&SUBSTITUTE(ADDRESS(1,3,4),1,"")),0)+11 -> 19 | J52: =IF('B. CostCategories'!E49="","",'B. CostCategories'!E49) -> Personal expenses for transportation | K52: {=IF(ISERROR($I52),"",INDIRECT(ADDRESS($I52,K$5,4,,$G52)))} -> 0 | L52: {=IF(I_ExchangeRate="","",IF(ISERROR($I52),"",INDIRECT(ADDRESS($I52,L$5,4,,$G52))))} | M52: {=IF(ISERROR($I52),"",INDIRECT(ADDRESS($I52,M$5,4,,$G52)))} -> 0 | N52: {=IF(I_ExchangeRate="","",IF(ISERROR($I52),"",INDIRECT(ADDRESS($I52,N$5,4,,$G52))))}
F53: =IF(E53="",F52,E53) -> Personal expenses | G53: =INDEX(LookUps!P:P,MATCH(F53,LookUps!Q:Q,0)) -> 7.Personal expenses | H53: =INDEX('B. CostCategories'!F:F,MATCH(F53&J53,'B. CostCategories'!H:H,0)) -> R39 | I53: =MATCH(H53,INDIRECT(SUBSTITUTE(ADDRESS(1,3,4,,$G53),1,"")&":"&SUBSTITUTE(ADDRESS(1,3,4),1,"")),0)+11 -> 33 | J53: =IF('B. CostCategories'!E50="","",'B. CostCategories'!E50) -> Loss of personal property | K53: {=IF(ISERROR($I53),"",INDIRECT(ADDRESS($I53,K$5,4,,$G53)))} -> 0 | L53: {=IF(I_ExchangeRate="","",IF(ISERROR($I53),"",INDIRECT(ADDRESS($I53,L$5,4,,$G53))))} | M53: {=IF(ISERROR($I53),"",INDIRECT(ADDRESS($I53,M$5,4,,$G53)))} -> 0 | N53: {=IF(I_ExchangeRate="","",IF(ISERROR($I53),"",INDIRECT(ADDRESS($I53,N$5,4,,$G53))))}
F54: =IF(E54="",F53,E54) -> Personal expenses | G54: =INDEX(LookUps!P:P,MATCH(F54,LookUps!Q:Q,0)) -> 7.Personal expenses | H54: =INDEX('B. CostCategories'!F:F,MATCH(F54&J54,'B. CostCategories'!H:H,0)) -> R40 | I54: =MATCH(H54,INDIRECT(SUBSTITUTE(ADDRESS(1,3,4,,$G54),1,"")&":"&SUBSTITUTE(ADDRESS(1,3,4),1,"")),0)+11 -> 47 | J54: =IF('B. CostCategories'!E51="","",'B. CostCategories'!E51) -> Loss of personal income | K54: {=IF(ISERROR($I54),"",INDIRECT(ADDRESS($I54,K$5,4,,$G54)))} -> 0 | L54: {=IF(I_ExchangeRate="","",IF(ISERROR($I54),"",INDIRECT(ADDRESS($I54,L$5,4,,$G54))))} | M54: {=IF(ISERROR($I54),"",INDIRECT(ADDRESS($I54,M$5,4,,$G54)))} -> 0 | N54: {=IF(I_ExchangeRate="","",IF(ISERROR($I54),"",INDIRECT(ADDRESS($I54,N$5,4,,$G54))))}
F55: =IF(E55="",F54,E55) -> Personal expenses | G55: =INDEX(LookUps!P:P,MATCH(F55,LookUps!Q:Q,0)) -> 7.Personal expenses | H55: =INDEX('B. CostCategories'!F:F,MATCH(F55&J55,'B. CostCategories'!H:H,0)) -> R41 | I55: =MATCH(H55,INDIRECT(SUBSTITUTE(ADDRESS(1,3,4,,$G55),1,"")&":"&SUBSTITUTE(ADDRESS(1,3,4),1,"")),0)+11 -> 61 | J55: =IF('B. CostCategories'!E52="","",'B. CostCategories'!E52) -> Personal expenses for ambulance call | K55: {=IF(ISERROR($I55),"",INDIRECT(ADDRESS($I55,K$5,4,,$G55)))} -> 0 | L55: {=IF(I_ExchangeRate="","",IF(ISERROR($I55),"",INDIRECT(ADDRESS($I55,L$5,4,,$G55))))} | M55: {=IF(ISERROR($I55),"",INDIRECT(ADDRESS($I55,M$5,4,,$G55)))} -> 0 | N55: {=IF(I_ExchangeRate="","",IF(ISERROR($I55),"",INDIRECT(ADDRESS($I55,N$5,4,,$G55))))}
F56: =IF(E56="",F55,E56) -> Personal expenses | G56: =INDEX(LookUps!P:P,MATCH(F56,LookUps!Q:Q,0)) -> 7.Personal expenses | H56: =INDEX('B. CostCategories'!F:F,MATCH(F56&J56,'B. CostCategories'!H:H,0)) -> R42 | I56: =MATCH(H56,INDIRECT(SUBSTITUTE(ADDRESS(1,3,4,,$G56),1,"")&":"&SUBSTITUTE(ADDRESS(1,3,4),1,"")),0)+11 -> 75 | J56: =IF('B. CostCategories'!E53="","",'B. CostCategories'!E53) -> Personal expenses for diagnostic and medicine | K56: {=IF(ISERROR($I56),"",INDIRECT(ADDRESS($I56,K$5,4,,$G56)))} -> 0 | L56: {=IF(I_ExchangeRate="","",IF(ISERROR($I56),"",INDIRECT(ADDRESS($I56,L$5,4,,$G56))))} | M56: {=IF(ISERROR($I56),"",INDIRECT(ADDRESS($I56,M$5,4,,$G56)))} -> 0 | N56: {=IF(I_ExchangeRate="","",IF(ISERROR($I56),"",INDIRECT(ADDRESS($I56,N$5,4,,$G56))))}
F57: =IF(E57="",F56,E57) -> Personal expenses | G57: =INDEX(LookUps!P:P,MATCH(F57,LookUps!Q:Q,0)) -> 7.Personal expenses | H57: =INDEX('B. CostCategories'!F:F,MATCH(F57&J57,'B. CostCategories'!H:H,0)) -> R43 | I57: =MATCH(H57,INDIRECT(SUBSTITUTE(ADDRESS(1,3,4,,$G57),1,"")&":"&SUBSTITUTE(ADDRESS(1,3,4),1,"")),0)+11 -> 89 | J57: =IF('B. CostCategories'!E54="","",'B. CostCategories'!E54) -> Personal expenses for in patient services | K57: {=IF(ISERROR($I57),"",INDIRECT(ADDRESS($I57,K$5,4,,$G57)))} -> 0 | L57: {=IF(I_ExchangeRate="","",IF(ISERROR($I57),"",INDIRECT(ADDRESS($I57,L$5,4,,$G57))))} | M57: {=IF(ISERROR($I57),"",INDIRECT(ADDRESS($I57,M$5,4,,$G57)))} -> 0 | N57: {=IF(I_ExchangeRate="","",IF(ISERROR($I57),"",INDIRECT(ADDRESS($I57,N$5,4,,$G57))))}
F58: =IF(E58="",F57,E58) -> Personal expenses | G58: =INDEX(LookUps!P:P,MATCH(F58,LookUps!Q:Q,0)) -> 7.Personal expenses | H58: =INDEX('B. CostCategories'!F:F,MATCH(F58&J58,'B. CostCategories'!H:H,0)) -> R44 | I58: =MATCH(H58,INDIRECT(SUBSTITUTE(ADDRESS(1,3,4,,$G58),1,"")&":"&SUBSTITUTE(ADDRESS(1,3,4),1,"")),0)+11 -> 103 | J58: =IF('B. CostCategories'!E55="","",'B. CostCategories'!E55) -> Personal expenses for legal services | K58: {=IF(ISERROR($I58),"",INDIRECT(ADDRESS($I58,K$5,4,,$G58)))} -> 0 | L58: {=IF(I_ExchangeRate="","",IF(ISERROR($I58),"",INDIRECT(ADDRESS($I58,L$5,4,,$G58))))} | M58: {=IF(ISERROR($I58),"",INDIRECT(ADDRESS($I58,M$5,4,,$G58)))} -> 0 | N58: {=IF(I_ExchangeRate="","",IF(ISERROR($I58),"",INDIRECT(ADDRESS($I58,N$5,4,,$G58))))}
F59: =IF(E59="",F58,E59) -> Personal expenses | G59: =INDEX(LookUps!P:P,MATCH(F59,LookUps!Q:Q,0)) -> 7.Personal expenses | H59: =INDEX('B. CostCategories'!F:F,MATCH(F59&J59,'B. CostCategories'!H:H,0)) -> R45 | I59: =MATCH(H59,INDIRECT(SUBSTITUTE(ADDRESS(1,3,4,,$G59),1,"")&":"&SUBSTITUTE(ADDRESS(1,3,4),1,"")),0)+11 -> 117 | J59: =IF('B. CostCategories'!E56="","",'B. CostCategories'!E56) -> Cost of property damage | K59: {=IF(ISERROR($I59),"",INDIRECT(ADDRESS($I59,K$5,4,,$G59)))} -> 0 | L59: {=IF(I_ExchangeRate="","",IF(ISERROR($I59),"",INDIRECT(ADDRESS($I59,L$5,4,,$G59))))} | M59: {=IF(ISERROR($I59),"",INDIRECT(ADDRESS($I59,M$5,4,,$G59)))} -> 0 | N59: {=IF(I_ExchangeRate="","",IF(ISERROR($I59),"",INDIRECT(ADDRESS($I59,N$5,4,,$G59))))}
F60: =IF(E60="",F59,E60) -> Personal expenses | G60: =INDEX(LookUps!P:P,MATCH(F60,LookUps!Q:Q,0)) -> 7.Personal expenses | H60: =INDEX('B. CostCategories'!F:F,MATCH(F60&J60,'B. CostCategories'!H:H,0)) -> R46 | I60: =MATCH(H60,INDIRECT(SUBSTITUTE(ADDRESS(1,3,4,,$G60),1,"")&":"&SUBSTITUTE(ADDRESS(1,3,4),1,"")),0)+11 -> 131 | J60: =IF('B. CostCategories'!E57="","",'B. CostCategories'!E57) -> Personal expenses incurred | K60: {=IF(ISERROR($I60),"",INDIRECT(ADDRESS($I60,K$5,4,,$G60)))} -> 0 | L60: {=IF(I_ExchangeRate="","",IF(ISERROR($I60),"",INDIRECT(ADDRESS($I60,L$5,4,,$G60))))} | M60: {=IF(ISERROR($I60),"",INDIRECT(ADDRESS($I60,M$5,4,,$G60)))} -> 0 | N60: {=IF(I_ExchangeRate="","",IF(ISERROR($I60),"",INDIRECT(ADDRESS($I60,N$5,4,,$G60))))}
F61: =IF(E61="",F60,E61) -> Personal expenses | G61: =INDEX(LookUps!P:P,MATCH(F61,LookUps!Q:Q,0)) -> 7.Personal expenses | H61: =INDEX('B. CostCategories'!F:F,MATCH(F61&J61,'B. CostCategories'!H:H,0)) -> R47 | I61: =MATCH(H61,INDIRECT(SUBSTITUTE(ADDRESS(1,3,4,,$G61),1,"")&":"&SUBSTITUTE(ADDRESS(1,3,4),1,"")),0)+11 -> 145 | J61: =IF('B. CostCategories'!E58="","",'B. CostCategories'!E58) | K61: {=IF(ISERROR($I61),"",INDIRECT(ADDRESS($I61,K$5,4,,$G61)))} -> 0 | L61: {=IF(I_ExchangeRate="","",IF(ISERROR($I61),"",INDIRECT(ADDRESS($I61,L$5,4,,$G61))))} | M61: {=IF(ISERROR($I61),"",INDIRECT(ADDRESS($I61,M$5,4,,$G61)))} -> 0 | N61: {=IF(I_ExchangeRate="","",IF(ISERROR($I61),"",INDIRECT(ADDRESS($I61,N$5,4,,$G61))))}
F62: =IF(E62="",F61,E62) -> Personal expenses | G62: =INDEX(LookUps!P:P,MATCH(F62,LookUps!Q:Q,0)) -> 7.Personal expenses | H62: =INDEX('B. CostCategories'!F:F,MATCH(F62&J62,'B. CostCategories'!H:H,0)) -> R47 | I62: =MATCH(H62,INDIRECT(SUBSTITUTE(ADDRESS(1,3,4,,$G62),1,"")&":"&SUBSTITUTE(ADDRESS(1,3,4),1,"")),0)+11 -> 145 | J62: =IF('B. CostCategories'!E59="","",'B. CostCategories'!E59) | K62: {=IF(ISERROR($I62),"",INDIRECT(ADDRESS($I62,K$5,4,,$G62)))} -> 0 | L62: {=IF(I_ExchangeRate="","",IF(ISERROR($I62),"",INDIRECT(ADDRESS($I62,L$5,4,,$G62))))} | M62: {=IF(ISERROR($I62),"",INDIRECT(ADDRESS($I62,M$5,4,,$G62)))} -> 0 | N62: {=IF(I_ExchangeRate="","",IF(ISERROR($I62),"",INDIRECT(ADDRESS($I62,N$5,4,,$G62))))}
F63: =IF(E63="",F62,E63) -> Personal expenses | G63: =INDEX(LookUps!P:P,MATCH(F63,LookUps!Q:Q,0)) -> 7.Personal expenses | H63: =INDEX('B. CostCategories'!F:F,MATCH(F63&J63,'B. CostCategories'!H:H,0)) -> R47 | I63: =MATCH(H63,INDIRECT(SUBSTITUTE(ADDRESS(1,3,4,,$G63),1,"")&":"&SUBSTITUTE(ADDRESS(1,3,4),1,"")),0)+11 -> 145 | J63: =IF('B. CostCategories'!E60="","",'B. CostCategories'!E60) | K63: {=IF(ISERROR($I63),"",INDIRECT(ADDRESS($I63,K$5,4,,$G63)))} -> 0 | L63: {=IF(I_ExchangeRate="","",IF(ISERROR($I63),"",INDIRECT(ADDRESS($I63,L$5,4,,$G63))))} | M63: {=IF(ISERROR($I63),"",INDIRECT(ADDRESS($I63,M$5,4,,$G63)))} -> 0 | N63: {=IF(I_ExchangeRate="","",IF(ISERROR($I63),"",INDIRECT(ADDRESS($I63,N$5,4,,$G63))))}
C64: ='B. CostCategories'!C49 -> 7 | D64: 1 | E64: ="Total "&E52 -> Total Personal expenses | F64: =IF(E64="",F63,E64) -> Total Personal expenses | G64: =INDEX(LookUps!P:P,MATCH(F64,LookUps!Q:Q,0)) -> #N/A | H64: =INDEX('B. CostCategories'!F:F,MATCH(F64&J64,'B. CostCategories'!H:H,0)) -> #N/A | I64: =MATCH(H64,INDIRECT(SUBSTITUTE(ADDRESS(1,3,4,,$G64),1,"")&":"&SUBSTITUTE(ADDRESS(1,3,4),1,"")),0)+11 -> #N/A | K64: =SUM(K52:K63) -> 0 | L64: =SUM(L52:L63) -> 0 | M64: =SUM(M52:M63) -> 0 | N64: =SUM(N52:N63) -> 0
E65: =IF('B. CostCategories'!D61="","",'B. CostCategories'!D61) -> Other | F65: =IF(E65="",F64,E65) -> Other | G65: =INDEX(LookUps!P:P,MATCH(F65,LookUps!Q:Q,0)) -> 8.Other | H65: =INDEX('B. CostCategories'!F:F,MATCH(F65&J65,'B. CostCategories'!H:H,0)) -> R50 | I65: =MATCH(H65,INDIRECT(SUBSTITUTE(ADDRESS(1,3,4,,$G65),1,"")&":"&SUBSTITUTE(ADDRESS(1,3,4),1,"")),0)+11 -> 19 | J65: =IF('B. CostCategories'!E61="","",'B. CostCategories'!E61) | K65: {=IF(ISERROR($I65),"",INDIRECT(ADDRESS($I65,K$5,4,,$G65)))} -> 0 | L65: {=IF(I_ExchangeRate="","",IF(ISERROR($I65),"",INDIRECT(ADDRESS($I65,L$5,4,,$G65))))} | M65: {=IF(ISERROR($I65),"",INDIRECT(ADDRESS($I65,M$5,4,,$G65)))} -> 0 | N65: {=IF(I_ExchangeRate="","",IF(ISERROR($I65),"",INDIRECT(ADDRESS($I65,N$5,4,,$G65))))}
F66: =IF(E66="",F65,E66) -> Other | G66: =INDEX(LookUps!P:P,MATCH(F66,LookUps!Q:Q,0)) -> 8.Other | H66: =INDEX('B. CostCategories'!F:F,MATCH(F66&J66,'B. CostCategories'!H:H,0)) -> R50 | I66: =MATCH(H66,INDIRECT(SUBSTITUTE(ADDRESS(1,3,4,,$G66),1,"")&":"&SUBSTITUTE(ADDRESS(1,3,4),1,"")),0)+11 -> 19 | J66: =IF('B. CostCategories'!E62="","",'B. CostCategories'!E62) | K66: {=IF(ISERROR($I66),"",INDIRECT(ADDRESS($I66,K$5,4,,$G66)))} -> 0 | L66: {=IF(I_ExchangeRate="","",IF(ISERROR($I66),"",INDIRECT(ADDRESS($I66,L$5,4,,$G66))))} | M66: {=IF(ISERROR($I66),"",INDIRECT(ADDRESS($I66,M$5,4,,$G66)))} -> 0 | N66: {=IF(I_ExchangeRate="","",IF(ISERROR($I66),"",INDIRECT(ADDRESS($I66,N$5,4,,$G66))))}
F67: =IF(E67="",F66,E67) -> Other | G67: =INDEX(LookUps!P:P,MATCH(F67,LookUps!Q:Q,0)) -> 8.Other | H67: =INDEX('B. CostCategories'!F:F,MATCH(F67&J67,'B. CostCategories'!H:H,0)) -> R50 | I67: =MATCH(H67,INDIRECT(SUBSTITUTE(ADDRESS(1,3,4,,$G67),1,"")&":"&SUBSTITUTE(ADDRESS(1,3,4),1,"")),0)+11 -> 19 | J67: =IF('B. CostCategories'!E63="","",'B. CostCategories'!E63) | K67: {=IF(ISERROR($I67),"",INDIRECT(ADDRESS($I67,K$5,4,,$G67)))} -> 0 | L67: {=IF(I_ExchangeRate="","",IF(ISERROR($I67),"",INDIRECT(ADDRESS($I67,L$5,4,,$G67))))} | M67: {=IF(ISERROR($I67),"",INDIRECT(ADDRESS($I67,M$5,4,,$G67)))} -> 0 | N67: {=IF(I_ExchangeRate="","",IF(ISERROR($I67),"",INDIRECT(ADDRESS($I67,N$5,4,,$G67))))}
F68: =IF(E68="",F67,E68) -> Other | G68: =INDEX(LookUps!P:P,MATCH(F68,LookUps!Q:Q,0)) -> 8.Other | H68: =INDEX('B. CostCategories'!F:F,MATCH(F68&J68,'B. CostCategories'!H:H,0)) -> R50 | I68: =MATCH(H68,INDIRECT(SUBSTITUTE(ADDRESS(1,3,4,,$G68),1,"")&":"&SUBSTITUTE(ADDRESS(1,3,4),1,"")),0)+11 -> 19 | J68: =IF('B. CostCategories'!E64="","",'B. CostCategories'!E64) | K68: {=IF(ISERROR($I68),"",INDIRECT(ADDRESS($I68,K$5,4,,$G68)))} -> 0 | L68: {=IF(I_ExchangeRate="","",IF(ISERROR($I68),"",INDIRECT(ADDRESS($I68,L$5,4,,$G68))))} | M68: {=IF(ISERROR($I68),"",INDIRECT(ADDRESS($I68,M$5,4,,$G68)))} -> 0 | N68: {=IF(I_ExchangeRate="","",IF(ISERROR($I68),"",INDIRECT(ADDRESS($I68,N$5,4,,$G68))))}
F69: =IF(E69="",F68,E69) -> Other | G69: =INDEX(LookUps!P:P,MATCH(F69,LookUps!Q:Q,0)) -> 8.Other | H69: =INDEX('B. CostCategories'!F:F,MATCH(F69&J69,'B. CostCategories'!H:H,0)) -> R50 | I69: =MATCH(H69,INDIRECT(SUBSTITUTE(ADDRESS(1,3,4,,$G69),1,"")&":"&SUBSTITUTE(ADDRESS(1,3,4),1,"")),0)+11 -> 19 | J69: =IF('B. CostCategories'!E65="","",'B. CostCategories'!E65) | K69: {=IF(ISERROR($I69),"",INDIRECT(ADDRESS($I69,K$5,4,,$G69)))} -> 0 | L69: {=IF(I_ExchangeRate="","",IF(ISERROR($I69),"",INDIRECT(ADDRESS($I69,L$5,4,,$G69))))} | M69: {=IF(ISERROR($I69),"",INDIRECT(ADDRESS($I69,M$5,4,,$G69)))} -> 0 | N69: {=IF(I_ExchangeRate="","",IF(ISERROR($I69),"",INDIRECT(ADDRESS($I69,N$5,4,,$G69))))}
F70: =IF(E70="",F69,E70) -> Other | G70: =INDEX(LookUps!P:P,MATCH(F70,LookUps!Q:Q,0)) -> 8.Other | H70: =INDEX('B. CostCategories'!F:F,MATCH(F70&J70,'B. CostCategories'!H:H,0)) -> R50 | I70: =MATCH(H70,INDIRECT(SUBSTITUTE(ADDRESS(1,3,4,,$G70),1,"")&":"&SUBSTITUTE(ADDRESS(1,3,4),1,"")),0)+11 -> 19 | J70: =IF('B. CostCategories'!E66="","",'B. CostCategories'!E66) | K70: {=IF(ISERROR($I70),"",INDIRECT(ADDRESS($I70,K$5,4,,$G70)))} -> 0 | L70: {=IF(I_ExchangeRate="","",IF(ISERROR($I70),"",INDIRECT(ADDRESS($I70,L$5,4,,$G70))))} | M70: {=IF(ISERROR($I70),"",INDIRECT(ADDRESS($I70,M$5,4,,$G70)))} -> 0 | N70: {=IF(I_ExchangeRate="","",IF(ISERROR($I70),"",INDIRECT(ADDRESS($I70,N$5,4,,$G70))))}
F71: =IF(E71="",F70,E71) -> Other | G71: =INDEX(LookUps!P:P,MATCH(F71,LookUps!Q:Q,0)) -> 8.Other | H71: =INDEX('B. CostCategories'!F:F,MATCH(F71&J71,'B. CostCategories'!H:H,0)) -> R50 | I71: =MATCH(H71,INDIRECT(SUBSTITUTE(ADDRESS(1,3,4,,$G71),1,"")&":"&SUBSTITUTE(ADDRESS(1,3,4),1,"")),0)+11 -> 19 | J71: =IF('B. CostCategories'!E67="","",'B. CostCategories'!E67) | K71: {=IF(ISERROR($I71),"",INDIRECT(ADDRESS($I71,K$5,4,,$G71)))} -> 0 | L71: {=IF(I_ExchangeRate="","",IF(ISERROR($I71),"",INDIRECT(ADDRESS($I71,L$5,4,,$G71))))} | M71: {=IF(ISERROR($I71),"",INDIRECT(ADDRESS($I71,M$5,4,,$G71)))} -> 0 | N71: {=IF(I_ExchangeRate="","",IF(ISERROR($I71),"",INDIRECT(ADDRESS($I71,N$5,4,,$G71))))}
F72: =IF(E72="",F71,E72) -> Other | G72: =INDEX(LookUps!P:P,MATCH(F72,LookUps!Q:Q,0)) -> 8.Other | H72: =INDEX('B. CostCategories'!F:F,MATCH(F72&J72,'B. CostCategories'!H:H,0)) -> R50 | I72: =MATCH(H72,INDIRECT(SUBSTITUTE(ADDRESS(1,3,4,,$G72),1,"")&":"&SUBSTITUTE(ADDRESS(1,3,4),1,"")),0)+11 -> 19 | J72: =IF('B. CostCategories'!E68="","",'B. CostCategories'!E68) | K72: {=IF(ISERROR($I72),"",INDIRECT(ADDRESS($I72,K$5,4,,$G72)))} -> 0 | L72: {=IF(I_ExchangeRate="","",IF(ISERROR($I72),"",INDIRECT(ADDRESS($I72,L$5,4,,$G72))))} | M72: {=IF(ISERROR($I72),"",INDIRECT(ADDRESS($I72,M$5,4,,$G72)))} -> 0 | N72: {=IF(I_ExchangeRate="","",IF(ISERROR($I72),"",INDIRECT(ADDRESS($I72,N$5,4,,$G72))))}
C73: ='B. CostCategories'!C61 -> 8 | D73: 1 | E73: ="Total "&E65 -> Total Other | F73: =IF(E73="",F72,E73) -> Total Other | G73: =INDEX(LookUps!P:P,MATCH(F73,LookUps!Q:Q,0)) -> #N/A | H73: =INDEX('B. CostCategories'!F:F,MATCH(F73&J73,'B. CostCategories'!H:H,0)) -> #N/A | I73: =MATCH(H73,INDIRECT(SUBSTITUTE(ADDRESS(1,3,4,,$G73),1,"")&":"&SUBSTITUTE(ADDRESS(1,3,4),1,"")),0)+11 -> #N/A | K73: =SUM(K65:K72) -> 0 | L73: =SUM(L65:L72) -> 0 | M73: =SUM(M65:M72) -> 0 | N73: =SUM(N65:N72) -> 0
E74: =IF('B. CostCategories'!D69="","",'B. CostCategories'!D69) | F74: =IF(E74="",F73,E74) -> Total Other | G74: =INDEX(LookUps!P:P,MATCH(F74,LookUps!Q:Q,0)) -> #N/A | H74: =INDEX('B. CostCategories'!F:F,MATCH(F74&J74,'B. CostCategories'!H:H,0)) -> #N/A | I74: =MATCH(H74,INDIRECT(SUBSTITUTE(ADDRESS(1,3,4,,$G74),1,"")&":"&SUBSTITUTE(ADDRESS(1,3,4),1,"")),0)+11 -> #N/A | J74: =IF('B. CostCategories'!E69="","",'B. CostCategories'!E69) | K74: {=IF(ISERROR($I74),"",INDIRECT(ADDRESS($I74,K$5,4,,$G74)))} | L74: {=IF(I_ExchangeRate="","",IF(ISERROR($I74),"",INDIRECT(ADDRESS($I74,L$5,4,,$G74))))} | M74: {=IF(ISERROR($I74),"",INDIRECT(ADDRESS($I74,M$5,4,,$G74)))} | N74: {=IF(I_ExchangeRate="","",IF(ISERROR($I74),"",INDIRECT(ADDRESS($I74,N$5,4,,$G74))))}
F75: =IF(E75="",F74,E75) -> Total Other | G75: =INDEX(LookUps!P:P,MATCH(F75,LookUps!Q:Q,0)) -> #N/A | H75: =INDEX('B. CostCategories'!F:F,MATCH(F75&J75,'B. CostCategories'!H:H,0)) -> #N/A | I75: =MATCH(H75,INDIRECT(SUBSTITUTE(ADDRESS(1,3,4,,$G75),1,"")&":"&SUBSTITUTE(ADDRESS(1,3,4),1,"")),0)+11 -> #N/A | J75: =IF('B. CostCategories'!E70="","",'B. CostCategories'!E70) | K75: {=IF(ISERROR($I75),"",INDIRECT(ADDRESS($I75,K$5,4,,$G75)))} | L75: {=IF(I_ExchangeRate="","",IF(ISERROR($I75),"",INDIRECT(ADDRESS($I75,L$5,4,,$G75))))} | M75: {=IF(ISERROR($I75),"",INDIRECT(ADDRESS($I75,M$5,4,,$G75)))} | N75: {=IF(I_ExchangeRate="","",IF(ISERROR($I75),"",INDIRECT(ADDRESS($I75,N$5,4,,$G75))))}
F76: =IF(E76="",F75,E76) -> Total Other | G76: =INDEX(LookUps!P:P,MATCH(F76,LookUps!Q:Q,0)) -> #N/A | H76: =INDEX('B. CostCategories'!F:F,MATCH(F76&J76,'B. CostCategories'!H:H,0)) -> #N/A | I76: =MATCH(H76,INDIRECT(SUBSTITUTE(ADDRESS(1,3,4,,$G76),1,"")&":"&SUBSTITUTE(ADDRESS(1,3,4),1,"")),0)+11 -> #N/A | J76: =IF('B. CostCategories'!E71="","",'B. CostCategories'!E71) | K76: {=IF(ISERROR($I76),"",INDIRECT(ADDRESS($I76,K$5,4,,$G76)))} | L76: {=IF(I_ExchangeRate="","",IF(ISERROR($I76),"",INDIRECT(ADDRESS($I76,L$5,4,,$G76))))} | M76: {=IF(ISERROR($I76),"",INDIRECT(ADDRESS($I76,M$5,4,,$G76)))} | N76: {=IF(I_ExchangeRate="","",IF(ISERROR($I76),"",INDIRECT(ADDRESS($I76,N$5,4,,$G76))))}
C77: ='B. CostCategories'!C69 -> 9 | D77: 0 | E77: ="Total "&E74 -> Total | F77: =IF(E77="",F76,E77) -> Total | G77: =INDEX(LookUps!P:P,MATCH(F77,LookUps!Q:Q,0)) -> #N/A | H77: =INDEX('B. CostCategories'!F:F,MATCH(F77&J77,'B. CostCategories'!H:H,0)) -> #N/A | I77: =MATCH(H77,INDIRECT(SUBSTITUTE(ADDRESS(1,3,4,,$G77),1,"")&":"&SUBSTITUTE(ADDRESS(1,3,4),1,"")),0)+11 -> #N/A | K77: =SUM(K74:K76) -> 0 | L77: =SUM(L74:L76) -> 0 | M77: =SUM(M74:M76) -> 0 | N77: =SUM(N74:N76) -> 0
E78: =IF('B. CostCategories'!D72="","",'B. CostCategories'!D72) | F78: =IF(E78="",F77,E78) -> Total | G78: =INDEX(LookUps!P:P,MATCH(F78,LookUps!Q:Q,0)) -> #N/A | H78: =INDEX('B. CostCategories'!F:F,MATCH(F78&J78,'B. CostCategories'!H:H,0)) -> #N/A | I78: =MATCH(H78,INDIRECT(SUBSTITUTE(ADDRESS(1,3,4,,$G78),1,"")&":"&SUBSTITUTE(ADDRESS(1,3,4),1,"")),0)+11 -> #N/A | J78: =IF('B. CostCategories'!E72="","",'B. CostCategories'!E72) | K78: {=IF(ISERROR($I78),"",INDIRECT(ADDRESS($I78,K$5,4,,$G78)))} | L78: {=IF(I_ExchangeRate="","",IF(ISERROR($I78),"",INDIRECT(ADDRESS($I78,L$5,4,,$G78))))} | M78: {=IF(ISERROR($I78),"",INDIRECT(ADDRESS($I78,M$5,4,,$G78)))} | N78: {=IF(I_ExchangeRate="","",IF(ISERROR($I78),"",INDIRECT(ADDRESS($I78,N$5,4,,$G78))))}
F79: =IF(E79="",F78,E79) -> Total | G79: =INDEX(LookUps!P:P,MATCH(F79,LookUps!Q:Q,0)) -> #N/A | H79: =INDEX('B. CostCategories'!F:F,MATCH(F79&J79,'B. CostCategories'!H:H,0)) -> #N/A | I79: =MATCH(H79,INDIRECT(SUBSTITUTE(ADDRESS(1,3,4,,$G79),1,"")&":"&SUBSTITUTE(ADDRESS(1,3,4),1,"")),0)+11 -> #N/A | J79: =IF('B. CostCategories'!E73="","",'B. CostCategories'!E73) | K79: {=IF(ISERROR($I79),"",INDIRECT(ADDRESS($I79,K$5,4,,$G79)))} | L79: {=IF(I_ExchangeRate="","",IF(ISERROR($I79),"",INDIRECT(ADDRESS($I79,L$5,4,,$G79))))} | M79: {=IF(ISERROR($I79),"",INDIRECT(ADDRESS($I79,M$5,4,,$G79)))} | N79: {=IF(I_ExchangeRate="","",IF(ISERROR($I79),"",INDIRECT(ADDRESS($I79,N$5,4,,$G79))))}
F80: =IF(E80="",F79,E80) -> Total | G80: =INDEX(LookUps!P:P,MATCH(F80,LookUps!Q:Q,0)) -> #N/A | H80: =INDEX('B. CostCategories'!F:F,MATCH(F80&J80,'B. CostCategories'!H:H,0)) -> #N/A | I80: =MATCH(H80,INDIRECT(SUBSTITUTE(ADDRESS(1,3,4,,$G80),1,"")&":"&SUBSTITUTE(ADDRESS(1,3,4),1,"")),0)+11 -> #N/A | J80: =IF('B. CostCategories'!E74="","",'B. CostCategories'!E74) | K80: {=IF(ISERROR($I80),"",INDIRECT(ADDRESS($I80,K$5,4,,$G80)))} | L80: {=IF(I_ExchangeRate="","",IF(ISERROR($I80),"",INDIRECT(ADDRESS($I80,L$5,4,,$G80))))} | M80: {=IF(ISERROR($I80),"",INDIRECT(ADDRESS($I80,M$5,4,,$G80)))} | N80: {=IF(I_ExchangeRate="","",IF(ISERROR($I80),"",INDIRECT(ADDRESS($I80,N$5,4,,$G80))))}
C81: ='B. CostCategories'!C72 -> 10 | D81: 0 | E81: ="Total "&E78 -> Total | F81: =IF(E81="",F80,E81) -> Total | G81: =INDEX(LookUps!P:P,MATCH(F81,LookUps!Q:Q,0)) -> #N/A | H81: =INDEX('B. CostCategories'!F:F,MATCH(F81&J81,'B. CostCategories'!H:H,0)) -> #N/A | I81: =MATCH(H81,INDIRECT(SUBSTITUTE(ADDRESS(1,3,4,,$G81),1,"")&":"&SUBSTITUTE(ADDRESS(1,3,4),1,"")),0)+11 -> #N/A | K81: =SUM(K78:K80) -> 0 | L81: =SUM(L78:L80) -> 0 | M81: =SUM(M78:M80) -> 0 | N81: =SUM(N78:N80) -> 0
E82: =IF('B. CostCategories'!D75="","",'B. CostCategories'!D75) | F82: =IF(E82="",F81,E82) -> Total | G82: =INDEX(LookUps!P:P,MATCH(F82,LookUps!Q:Q,0)) -> #N/A | H82: =INDEX('B. CostCategories'!F:F,MATCH(F82&J82,'B. CostCategories'!H:H,0)) -> #N/A | I82: =MATCH(H82,INDIRECT(SUBSTITUTE(ADDRESS(1,3,4,,$G82),1,"")&":"&SUBSTITUTE(ADDRESS(1,3,4),1,"")),0)+11 -> #N/A | J82: =IF('B. CostCategories'!E75="","",'B. CostCategories'!E75) | K82: {=IF(ISERROR($I82),"",INDIRECT(ADDRESS($I82,K$5,4,,$G82)))} | L82: {=IF(I_ExchangeRate="","",IF(ISERROR($I82),"",INDIRECT(ADDRESS($I82,L$5,4,,$G82))))} | M82: {=IF(ISERROR($I82),"",INDIRECT(ADDRESS($I82,M$5,4,,$G82)))} | N82: {=IF(I_ExchangeRate="","",IF(ISERROR($I82),"",INDIRECT(ADDRESS($I82,N$5,4,,$G82))))}
F83: =IF(E83="",F82,E83) -> Total | G83: =INDEX(LookUps!P:P,MATCH(F83,LookUps!Q:Q,0)) -> #N/A | H83: =INDEX('B. CostCategories'!F:F,MATCH(F83&J83,'B. CostCategories'!H:H,0)) -> #N/A | I83: =MATCH(H83,INDIRECT(SUBSTITUTE(ADDRESS(1,3,4,,$G83),1,"")&":"&SUBSTITUTE(ADDRESS(1,3,4),1,"")),0)+11 -> #N/A | J83: =IF('B. CostCategories'!E76="","",'B. CostCategories'!E76) | K83: {=IF(ISERROR($I83),"",INDIRECT(ADDRESS($I83,K$5,4,,$G83)))} | L83: {=IF(I_ExchangeRate="","",IF(ISERROR($I83),"",INDIRECT(ADDRESS($I83,L$5,4,,$G83))))} | M83: {=IF(ISERROR($I83),"",INDIRECT(ADDRESS($I83,M$5,4,,$G83)))} | N83: {=IF(I_ExchangeRate="","",IF(ISERROR($I83),"",INDIRECT(ADDRESS($I83,N$5,4,,$G83))))}
F84: =IF(E84="",F83,E84) -> Total | G84: =INDEX(LookUps!P:P,MATCH(F84,LookUps!Q:Q,0)) -> #N/A | H84: =INDEX('B. CostCategories'!F:F,MATCH(F84&J84,'B. CostCategories'!H:H,0)) -> #N/A | I84: =MATCH(H84,INDIRECT(SUBSTITUTE(ADDRESS(1,3,4,,$G84),1,"")&":"&SUBSTITUTE(ADDRESS(1,3,4),1,"")),0)+11 -> #N/A | J84: =IF('B. CostCategories'!E77="","",'B. CostCategories'!E77) | K84: {=IF(ISERROR($I84),"",INDIRECT(ADDRESS($I84,K$5,4,,$G84)))} | L84: {=IF(I_ExchangeRate="","",IF(ISERROR($I84),"",INDIRECT(ADDRESS($I84,L$5,4,,$G84))))} | M84: {=IF(ISERROR($I84),"",INDIRECT(ADDRESS($I84,M$5,4,,$G84)))} | N84: {=IF(I_ExchangeRate="","",IF(ISERROR($I84),"",INDIRECT(ADDRESS($I84,N$5,4,,$G84))))}
C85: ='B. CostCategories'!C75 -> 11 | D85: 0 | E85: ="Total "&E82 -> Total | F85: =IF(E85="",F84,E85) -> Total | G85: =INDEX(LookUps!P:P,MATCH(F85,LookUps!Q:Q,0)) -> #N/A | H85: =INDEX('B. CostCategories'!F:F,MATCH(F85&J85,'B. CostCategories'!H:H,0)) -> #N/A | I85: =MATCH(H85,INDIRECT(SUBSTITUTE(ADDRESS(1,3,4,,$G85),1,"")&":"&SUBSTITUTE(ADDRESS(1,3,4),1,"")),0)+11 -> #N/A | K85: =SUM(K82:K84) -> 0 | L85: =SUM(L82:L84) -> 0 | M85: =SUM(M82:M84) -> 0 | N85: =SUM(N82:N84) -> 0
E86: =IF('B. CostCategories'!D78="","",'B. CostCategories'!D78) | F86: =IF(E86="",F85,E86) -> Total | G86: =INDEX(LookUps!P:P,MATCH(F86,LookUps!Q:Q,0)) -> #N/A | H86: =INDEX('B. CostCategories'!F:F,MATCH(F86&J86,'B. CostCategories'!H:H,0)) -> #N/A | I86: =MATCH(H86,INDIRECT(SUBSTITUTE(ADDRESS(1,3,4,,$G86),1,"")&":"&SUBSTITUTE(ADDRESS(1,3,4),1,"")),0)+11 -> #N/A | J86: =IF('B. CostCategories'!E78="","",'B. CostCategories'!E78) | K86: {=IF(ISERROR($I86),"",INDIRECT(ADDRESS($I86,K$5,4,,$G86)))} | L86: {=IF(I_ExchangeRate="","",IF(ISERROR($I86),"",INDIRECT(ADDRESS($I86,L$5,4,,$G86))))} | M86: {=IF(ISERROR($I86),"",INDIRECT(ADDRESS($I86,M$5,4,,$G86)))} | N86: {=IF(I_ExchangeRate="","",IF(ISERROR($I86),"",INDIRECT(ADDRESS($I86,N$5,4,,$G86))))}
F87: =IF(E87="",F86,E87) -> Total | G87: =INDEX(LookUps!P:P,MATCH(F87,LookUps!Q:Q,0)) -> #N/A | H87: =INDEX('B. CostCategories'!F:F,MATCH(F87&J87,'B. CostCategories'!H:H,0)) -> #N/A | I87: =MATCH(H87,INDIRECT(SUBSTITUTE(ADDRESS(1,3,4,,$G87),1,"")&":"&SUBSTITUTE(ADDRESS(1,3,4),1,"")),0)+11 -> #N/A | J87: =IF('B. CostCategories'!E79="","",'B. CostCategories'!E79) | K87: {=IF(ISERROR($I87),"",INDIRECT(ADDRESS($I87,K$5,4,,$G87)))} | L87: {=IF(I_ExchangeRate="","",IF(ISERROR($I87),"",INDIRECT(ADDRESS($I87,L$5,4,,$G87))))} | M87: {=IF(ISERROR($I87),"",INDIRECT(ADDRESS($I87,M$5,4,,$G87)))} | N87: {=IF(I_ExchangeRate="","",IF(ISERROR($I87),"",INDIRECT(ADDRESS($I87,N$5,4,,$G87))))}
F88: =IF(E88="",F87,E88) -> Total | G88: =INDEX(LookUps!P:P,MATCH(F88,LookUps!Q:Q,0)) -> #N/A | H88: =INDEX('B. CostCategories'!F:F,MATCH(F88&J88,'B. CostCategories'!H:H,0)) -> #N/A | I88: =MATCH(H88,INDIRECT(SUBSTITUTE(ADDRESS(1,3,4,,$G88),1,"")&":"&SUBSTITUTE(ADDRESS(1,3,4),1,"")),0)+11 -> #N/A | J88: =IF('B. CostCategories'!E80="","",'B. CostCategories'!E80) | K88: {=IF(ISERROR($I88),"",INDIRECT(ADDRESS($I88,K$5,4,,$G88)))} | L88: {=IF(I_ExchangeRate="","",IF(ISERROR($I88),"",INDIRECT(ADDRESS($I88,L$5,4,,$G88))))} | M88: {=IF(ISERROR($I88),"",INDIRECT(ADDRESS($I88,M$5,4,,$G88)))} | N88: {=IF(I_ExchangeRate="","",IF(ISERROR($I88),"",INDIRECT(ADDRESS($I88,N$5,4,,$G88))))}
C89: ='B. CostCategories'!C78 -> 12 | D89: 0 | E89: ="Total "&E86 -> Total | F89: =IF(E89="",F88,E89) -> Total | G89: =INDEX(LookUps!P:P,MATCH(F89,LookUps!Q:Q,0)) -> #N/A | H89: =INDEX('B. CostCategories'!F:F,MATCH(F89&J89,'B. CostCategories'!H:H,0)) -> #N/A | I89: =MATCH(H89,INDIRECT(SUBSTITUTE(ADDRESS(1,3,4,,$G89),1,"")&":"&SUBSTITUTE(ADDRESS(1,3,4),1,"")),0)+11 -> #N/A | K89: =SUM(K86:K88) -> 0 | L89: =SUM(L86:L88) -> 0 | M89: =SUM(M86:M88) -> 0 | N89: =SUM(N86:N88) -> 0
E90: =IF('B. CostCategories'!D81="","",'B. CostCategories'!D81) | F90: =IF(E90="",F89,E90) -> Total | G90: =INDEX(LookUps!P:P,MATCH(F90,LookUps!Q:Q,0)) -> #N/A | H90: =INDEX('B. CostCategories'!F:F,MATCH(F90&J90,'B. CostCategories'!H:H,0)) -> #N/A | I90: =MATCH(H90,INDIRECT(SUBSTITUTE(ADDRESS(1,3,4,,$G90),1,"")&":"&SUBSTITUTE(ADDRESS(1,3,4),1,"")),0)+11 -> #N/A | J90: =IF('B. CostCategories'!E81="","",'B. CostCategories'!E81) | K90: {=IF(ISERROR($I90),"",INDIRECT(ADDRESS($I90,K$5,4,,$G90)))} | L90: {=IF(I_ExchangeRate="","",IF(ISERROR($I90),"",INDIRECT(ADDRESS($I90,L$5,4,,$G90))))} | M90: {=IF(ISERROR($I90),"",INDIRECT(ADDRESS($I90,M$5,4,,$G90)))} | N90: {=IF(I_ExchangeRate="","",IF(ISERROR($I90),"",INDIRECT(ADDRESS($I90,N$5,4,,$G90))))}
F91: =IF(E91="",F90,E91) -> Total | G91: =INDEX(LookUps!P:P,MATCH(F91,LookUps!Q:Q,0)) -> #N/A | H91: =INDEX('B. CostCategories'!F:F,MATCH(F91&J91,'B. CostCategories'!H:H,0)) -> #N/A | I91: =MATCH(H91,INDIRECT(SUBSTITUTE(ADDRESS(1,3,4,,$G91),1,"")&":"&SUBSTITUTE(ADDRESS(1,3,4),1,"")),0)+11 -> #N/A | J91: =IF('B. CostCategories'!E82="","",'B. CostCategories'!E82) | K91: {=IF(ISERROR($I91),"",INDIRECT(ADDRESS($I91,K$5,4,,$G91)))} | L91: {=IF(I_ExchangeRate="","",IF(ISERROR($I91),"",INDIRECT(ADDRESS($I91,L$5,4,,$G91))))} | M91: {=IF(ISERROR($I91),"",INDIRECT(ADDRESS($I91,M$5,4,,$G91)))} | N91: {=IF(I_ExchangeRate="","",IF(ISERROR($I91),"",INDIRECT(ADDRESS($I91,N$5,4,,$G91))))}
F92: =IF(E92="",F91,E92) -> Total | G92: =INDEX(LookUps!P:P,MATCH(F92,LookUps!Q:Q,0)) -> #N/A | H92: =INDEX('B. CostCategories'!F:F,MATCH(F92&J92,'B. CostCategories'!H:H,0)) -> #N/A | I92: =MATCH(H92,INDIRECT(SUBSTITUTE(ADDRESS(1,3,4,,$G92),1,"")&":"&SUBSTITUTE(ADDRESS(1,3,4),1,"")),0)+11 -> #N/A | J92: =IF('B. CostCategories'!E83="","",'B. CostCategories'!E83) | K92: {=IF(ISERROR($I92),"",INDIRECT(ADDRESS($I92,K$5,4,,$G92)))} | L92: {=IF(I_ExchangeRate="","",IF(ISERROR($I92),"",INDIRECT(ADDRESS($I92,L$5,4,,$G92))))} | M92: {=IF(ISERROR($I92),"",INDIRECT(ADDRESS($I92,M$5,4,,$G92)))} | N92: {=IF(I_ExchangeRate="","",IF(ISERROR($I92),"",INDIRECT(ADDRESS($I92,N$5,4,,$G92))))}
C93: ='B. CostCategories'!C81 -> 13 | D93: 0 | E93: ="Total "&E90 -> Total | F93: =IF(E93="",F92,E93) -> Total | G93: =INDEX(LookUps!P:P,MATCH(F93,LookUps!Q:Q,0)) -> #N/A | H93: =INDEX('B. CostCategories'!F:F,MATCH(F93&J93,'B. CostCategories'!H:H,0)) -> #N/A | I93: =MATCH(H93,INDIRECT(SUBSTITUTE(ADDRESS(1,3,4,,$G93),1,"")&":"&SUBSTITUTE(ADDRESS(1,3,4),1,"")),0)+11 -> #N/A | K93: =SUM(K90:K92) -> 0 | L93: =SUM(L90:L92) -> 0 | M93: =SUM(M90:M92) -> 0 | N93: =SUM(N90:N92) -> 0
E94: =IF('B. CostCategories'!D84="","",'B. CostCategories'!D84) | F94: =IF(E94="",F93,E94) -> Total | G94: =INDEX(LookUps!P:P,MATCH(F94,LookUps!Q:Q,0)) -> #N/A | H94: =INDEX('B. CostCategories'!F:F,MATCH(F94&J94,'B. CostCategories'!H:H,0)) -> #N/A | I94: =MATCH(H94,INDIRECT(SUBSTITUTE(ADDRESS(1,3,4,,$G94),1,"")&":"&SUBSTITUTE(ADDRESS(1,3,4),1,"")),0)+11 -> #N/A | J94: =IF('B. CostCategories'!E84="","",'B. CostCategories'!E84) | K94: {=IF(ISERROR($I94),"",INDIRECT(ADDRESS($I94,K$5,4,,$G94)))} | L94: {=IF(I_ExchangeRate="","",IF(ISERROR($I94),"",INDIRECT(ADDRESS($I94,L$5,4,,$G94))))} | M94: {=IF(ISERROR($I94),"",INDIRECT(ADDRESS($I94,M$5,4,,$G94)))} | N94: {=IF(I_ExchangeRate="","",IF(ISERROR($I94),"",INDIRECT(ADDRESS($I94,N$5,4,,$G94))))}
F95: =IF(E95="",F94,E95) -> Total | G95: =INDEX(LookUps!P:P,MATCH(F95,LookUps!Q:Q,0)) -> #N/A | H95: =INDEX('B. CostCategories'!F:F,MATCH(F95&J95,'B. CostCategories'!H:H,0)) -> #N/A | I95: =MATCH(H95,INDIRECT(SUBSTITUTE(ADDRESS(1,3,4,,$G95),1,"")&":"&SUBSTITUTE(ADDRESS(1,3,4),1,"")),0)+11 -> #N/A | J95: =IF('B. CostCategories'!E85="","",'B. CostCategories'!E85) | K95: {=IF(ISERROR($I95),"",INDIRECT(ADDRESS($I95,K$5,4,,$G95)))} | L95: {=IF(I_ExchangeRate="","",IF(ISERROR($I95),"",INDIRECT(ADDRESS($I95,L$5,4,,$G95))))} | M95: {=IF(ISERROR($I95),"",INDIRECT(ADDRESS($I95,M$5,4,,$G95)))} | N95: {=IF(I_ExchangeRate="","",IF(ISERROR($I95),"",INDIRECT(ADDRESS($I95,N$5,4,,$G95))))}
F96: =IF(E96="",F95,E96) -> Total | G96: =INDEX(LookUps!P:P,MATCH(F96,LookUps!Q:Q,0)) -> #N/A | H96: =INDEX('B. CostCategories'!F:F,MATCH(F96&J96,'B. CostCategories'!H:H,0)) -> #N/A | I96: =MATCH(H96,INDIRECT(SUBSTITUTE(ADDRESS(1,3,4,,$G96),1,"")&":"&SUBSTITUTE(ADDRESS(1,3,4),1,"")),0)+11 -> #N/A | J96: =IF('B. CostCategories'!E86="","",'B. CostCategories'!E86) | K96: {=IF(ISERROR($I96),"",INDIRECT(ADDRESS($I96,K$5,4,,$G96)))} | L96: {=IF(I_ExchangeRate="","",IF(ISERROR($I96),"",INDIRECT(ADDRESS($I96,L$5,4,,$G96))))} | M96: {=IF(ISERROR($I96),"",INDIRECT(ADDRESS($I96,M$5,4,,$G96)))} | N96: {=IF(I_ExchangeRate="","",IF(ISERROR($I96),"",INDIRECT(ADDRESS($I96,N$5,4,,$G96))))}
C97: ='B. CostCategories'!C84 -> 14 | D97: 0 | E97: ="Total "&E94 -> Total | F97: =IF(E97="",F96,E97) -> Total | G97: =INDEX(LookUps!P:P,MATCH(F97,LookUps!Q:Q,0)) -> #N/A | H97: =INDEX('B. CostCategories'!F:F,MATCH(F97&J97,'B. CostCategories'!H:H,0)) -> #N/A | I97: =MATCH(H97,INDIRECT(SUBSTITUTE(ADDRESS(1,3,4,,$G97),1,"")&":"&SUBSTITUTE(ADDRESS(1,3,4),1,"")),0)+11 -> #N/A | K97: =SUM(K94:K96) -> 0 | L97: =SUM(L94:L96) -> 0 | M97: =SUM(M94:M96) -> 0 | N97: =SUM(N94:N96) -> 0

Sheet HLSummary
C2: High-level summary
C5: This sheet provides a high-level summary of the overall economic costs, and costs in the context of GDP. To complete this sheet fully, data is needed from an input-output model (IOM) or a social accounting matrix (SAM), which should be developed separately. A prototype is provided to illustrate what this might look like. More detail on completing this can be found in the Facilitator's Guide. Once the IOM/SAM has been completed, data should be entered in the yellow cells below.
D8: =DetailedSummary!K9 -> Typical case | F8: =DetailedSummary!M9 -> Full coverage case
D9: =I_CurrencySymbol -> 0 | E9: $ | F9: =I_CurrencySymbol -> 0 | G9: $
C10: Total Direct Cost | D10: =SUMIFS(DetailedSummary!K:K,DetailedSummary!$C:$C,">0",DetailedSummary!$D:$D,1) -> 0 | E10: =SUMIFS(DetailedSummary!L:L,DetailedSummary!$C:$C,">0",DetailedSummary!$D:$D,1) -> 0 | F10: =SUMIFS(DetailedSummary!M:M,DetailedSummary!$C:$C,">0",DetailedSummary!$D:$D,1) -> 0 | G10: =SUMIFS(DetailedSummary!N:N,DetailedSummary!$C:$C,">0",DetailedSummary!$D:$D,1) -> 0
C11: Total Economy wide Cost | E11: =IF(I_ExchangeRate="","",IF(ISERROR(D11),"",D11/I_ExchangeRate)) | G11: =IF(I_ExchangeRate="","",IF(ISERROR(F11),"",F11/I_ExchangeRate))
C12: Total Cost | D12: =SUM(D10:D11) -> 0 | E12: =SUM(E10:E11) -> 0 | F12: =SUM(F10:F11) -> 0 | G12: =SUM(G10:G11) -> 0
C13: Total Direct Cost as % of GDP | D13: =(D10/GDPLocalCurrency) -> #DIV/0! | F13: =(F10/GDPLocalCurrency) -> #DIV/0!
C14: Total Economy wide Cost as % of GDP | D14: =(D11/GDPLocalCurrency) -> #DIV/0! | F14: =(F11/GDPLocalCurrency) -> #DIV/0!
C15: Total Cost as % of GDP | D15: =(D12/GDPLocalCurrency) -> #DIV/0! | F15: =(F12/GDPLocalCurrency) -> #DIV/0!

Sheet Dashboard
D2: Dashboard
D5: The data below shows summaries by cost category. The buttons below can be used to copy the charts to paste them elsewhere.
G7: =DetailedSummary!K9 -> Typical case | L7: =DetailedSummary!M9 -> Full coverage case
D8: =DetailedSummary!E10 -> Cost category | F8: Match row | G8: =DetailedSummary!K10 -> 0 | H8: =DetailedSummary!L10 -> $ | I8: % of GDP | J8: Cost category as a percentage of costs | K8: Cost category as a percentage of costs (for labels) | L8: =DetailedSummary!M10 -> 0 | M8: =DetailedSummary!N10 -> $ | N8: % of GDP | O8: Cost category as a percentage of costs | P8: Cost category as a percentage of costs (for labels)
C9: 1 | D9: =LookUps!F6 -> Personal income | E9: 1 | F9: =IF(D9=0,"",MATCH(E9,DetailedSummary!C:C,0)) -> 17 | G9: {=IF($F9="","",INDEX(DetailedSummary!K:K,$F9,0))} -> 0 | H9: {=IF($F9="","",INDEX(DetailedSummary!L:L,$F9,0))} -> 0 | I9: =IF(G9="","",G9/GDPLocalCurrency) -> #DIV/0! | J9: =IF(G9="","",IF($G$23=0,"",G9/G$23)) | K9: =IF(J9<5%,"",J9) | L9: {=IF($F9="","",INDEX(DetailedSummary!M:M,$F9,0))} -> 0 | M9: {=IF($F9="","",INDEX(DetailedSummary!N:N,$F9,0))} -> 0 | N9: =IF(L9="","",L9/GDPLocalCurrency) -> #DIV/0! | O9: =IF(L9="","",IF($L$23=0,"",L9/L$23)) | P9: =IF(O9<5%,"",O9)
C10: 1 | D10: =LookUps!F7 -> Healthcare | E10: =E9+1 -> 2 | F10: =IF(D10=0,"",MATCH(E10,DetailedSummary!C:C,0)) -> 24 | G10: {=IF($F10="","",INDEX(DetailedSummary!K:K,$F10,0))} -> 0 | H10: {=IF($F10="","",INDEX(DetailedSummary!L:L,$F10,0))} -> 0 | I10: =IF(G10="","",G10/GDPLocalCurrency) -> #DIV/0! | J10: =IF(G10="","",IF($G$23=0,"",G10/G$23)) | K10: =IF(J10<5%,"",J10) | L10: {=IF($F10="","",INDEX(DetailedSummary!M:M,$F10,0))} -> 0 | M10: {=IF($F10="","",INDEX(DetailedSummary!N:N,$F10,0))} -> 0 | N10: =IF(L10="","",L10/GDPLocalCurrency) -> #DIV/0! | O10: =IF(L10="","",IF($L$23=0,"",L10/L$23)) | P10: =IF(O10<5%,"",O10)
C11: 1 | D11: =LookUps!F8 -> Law enforcement and judiciary | E11: =E10+1 -> 3 | F11: =IF(D11=0,"",MATCH(E11,DetailedSummary!C:C,0)) -> 36 | G11: {=IF($F11="","",INDEX(DetailedSummary!K:K,$F11,0))} -> 0 | H11: {=IF($F11="","",INDEX(DetailedSummary!L:L,$F11,0))} -> 0 | I11: =IF(G11="","",G11/GDPLocalCurrency) -> #DIV/0! | J11: =IF(G11="","",IF($G$23=0,"",G11/G$23)) | K11: =IF(J11<5%,"",J11) | L11: {=IF($F11="","",INDEX(DetailedSummary!M:M,$F11,0))} -> 0 | M11: {=IF($F11="","",INDEX(DetailedSummary!N:N,$F11,0))} -> 0 | N11: =IF(L11="","",L11/GDPLocalCurrency) -> #DIV/0! | O11: =IF(L11="","",IF($L$23=0,"",L11/L$23)) | P11: =IF(O11<5%,"",O11)
C12: 1 | D12: =LookUps!F9 -> Social services | E12: =E11+1 -> 4 | F12: =IF(D12=0,"",MATCH(E12,DetailedSummary!C:C,0)) -> 43 | G12: {=IF($F12="","",INDEX(DetailedSummary!K:K,$F12,0))} -> 0 | H12: {=IF($F12="","",INDEX(DetailedSummary!L:L,$F12,0))} -> 0 | I12: =IF(G12="","",G12/GDPLocalCurrency) -> #DIV/0! | J12: =IF(G12="","",IF($G$23=0,"",G12/G$23)) | K12: =IF(J12<5%,"",J12) | L12: {=IF($F12="","",INDEX(DetailedSummary!M:M,$F12,0))} -> 0 | M12: {=IF($F12="","",INDEX(DetailedSummary!N:N,$F12,0))} -> 0 | N12: =IF(L12="","",L12/GDPLocalCurrency) -> #DIV/0! | O12: =IF(L12="","",IF($L$23=0,"",L12/L$23)) | P12: =IF(O12<5%,"",O12)
C13: 1 | D13: =LookUps!F10 -> Specialised Services | E13: =E12+1 -> 5 | F13: =IF(D13=0,"",MATCH(E13,DetailedSummary!C:C,0)) -> 49 | G13: {=IF($F13="","",INDEX(DetailedSummary!K:K,$F13,0))} -> 0 | H13: {=IF($F13="","",INDEX(DetailedSummary!L:L,$F13,0))} -> 0 | I13: =IF(G13="","",G13/GDPLocalCurrency) -> #DIV/0! | J13: =IF(G13="","",IF($G$23=0,"",G13/G$23)) | K13: =IF(J13<5%,"",J13) | L13: {=IF($F13="","",INDEX(DetailedSummary!M:M,$F13,0))} -> 0 | M13: {=IF($F13="","",INDEX(DetailedSummary!N:N,$F13,0))} -> 0 | N13: =IF(L13="","",L13/GDPLocalCurrency) -> #DIV/0! | O13: =IF(L13="","",IF($L$23=0,"",L13/L$23)) | P13: =IF(O13<5%,"",O13)
C14: 1 | D14: =LookUps!F11 -> Education services | E14: =E13+1 -> 6 | F14: =IF(D14=0,"",MATCH(E14,DetailedSummary!C:C,0)) -> 51 | G14: {=IF($F14="","",INDEX(DetailedSummary!K:K,$F14,0))} -> 0 | H14: {=IF($F14="","",INDEX(DetailedSummary!L:L,$F14,0))} -> 0 | I14: =IF(G14="","",G14/GDPLocalCurrency) -> #DIV/0! | J14: =IF(G14="","",IF($G$23=0,"",G14/G$23)) | K14: =IF(J14<5%,"",J14) | L14: {=IF($F14="","",INDEX(DetailedSummary!M:M,$F14,0))} -> 0 | M14: {=IF($F14="","",INDEX(DetailedSummary!N:N,$F14,0))} -> 0 | N14: =IF(L14="","",L14/GDPLocalCurrency) -> #DIV/0! | O14: =IF(L14="","",IF($L$23=0,"",L14/L$23)) | P14: =IF(O14<5%,"",O14)
C15: 1 | D15: =LookUps!F12 -> Personal expenses | E15: =E14+1 -> 7 | F15: =IF(D15=0,"",MATCH(E15,DetailedSummary!C:C,0)) -> 64 | G15: {=IF($F15="","",INDEX(DetailedSummary!K:K,$F15,0))} -> 0 | H15: {=IF($F15="","",INDEX(DetailedSummary!L:L,$F15,0))} -> 0 | I15: =IF(G15="","",G15/GDPLocalCurrency) -> #DIV/0! | J15: =IF(G15="","",IF($G$23=0,"",G15/G$23)) | K15: =IF(J15<5%,"",J15) | L15: {=IF($F15="","",INDEX(DetailedSummary!M:M,$F15,0))} -> 0 | M15: {=IF($F15="","",INDEX(DetailedSummary!N:N,$F15,0))} -> 0 | N15: =IF(L15="","",L15/GDPLocalCurrency) -> #DIV/0! | O15: =IF(L15="","",IF($L$23=0,"",L15/L$23)) | P15: =IF(O15<5%,"",O15)
C16: 1 | D16: =LookUps!F13 -> Other | E16: =E15+1 -> 8 | F16: =IF(D16=0,"",MATCH(E16,DetailedSummary!C:C,0)) -> 73 | G16: {=IF($F16="","",INDEX(DetailedSummary!K:K,$F16,0))} -> 0 | H16: {=IF($F16="","",INDEX(DetailedSummary!L:L,$F16,0))} -> 0 | I16: =IF(G16="","",G16/GDPLocalCurrency) -> #DIV/0! | J16: =IF(G16="","",IF($G$23=0,"",G16/G$23)) | K16: =IF(J16<5%,"",J16) | L16: {=IF($F16="","",INDEX(DetailedSummary!M:M,$F16,0))} -> 0 | M16: {=IF($F16="","",INDEX(DetailedSummary!N:N,$F16,0))} -> 0 | N16: =IF(L16="","",L16/GDPLocalCurrency) -> #DIV/0! | O16: =IF(L16="","",IF($L$23=0,"",L16/L$23)) | P16: =IF(O16<5%,"",O16)
C17: 0 | D17: =LookUps!F14 -> 0 | E17: =E16+1 -> 9 | F17: =IF(D17=0,"",MATCH(E17,DetailedSummary!C:C,0)) | G17: {=IF($F17="","",INDEX(DetailedSummary!K:K,$F17,0))} | H17: {=IF($F17="","",INDEX(DetailedSummary!L:L,$F17,0))} | I17: =IF(G17="","",G17/GDPLocalCurrency) | J17: =IF(G17="","",IF($G$23=0,"",G17/G$23)) | K17: =IF(J17<5%,"",J17) | L17: {=IF($F17="","",INDEX(DetailedSummary!M:M,$F17,0))} | M17: {=IF($F17="","",INDEX(DetailedSummary!N:N,$F17,0))} | N17: =IF(L17="","",L17/GDPLocalCurrency) | O17: =IF(L17="","",IF($L$23=0,"",L17/L$23)) | P17: =IF(O17>10%,O17,"")
C18: 0 | D18: =LookUps!F15 -> 0 | E18: =E17+1 -> 10 | F18: =IF(D18=0,"",MATCH(E18,DetailedSummary!C:C,0)) | G18: {=IF($F18="","",INDEX(DetailedSummary!K:K,$F18,0))} | H18: {=IF($F18="","",INDEX(DetailedSummary!L:L,$F18,0))} | I18: =IF(G18="","",G18/GDPLocalCurrency) | J18: =IF(G18="","",IF($G$23=0,"",G18/G$23)) | K18: =IF(J18<5%,"",J18) | L18: {=IF($F18="","",INDEX(DetailedSummary!M:M,$F18,0))} | M18: {=IF($F18="","",INDEX(DetailedSummary!N:N,$F18,0))} | N18: =IF(L18="","",L18/GDPLocalCurrency) | O18: =IF(L18="","",IF($L$23=0,"",L18/L$23)) | P18: =IF(O18>10%,O18,"")
C19: 0 | D19: =LookUps!F16 -> 0 | E19: =E18+1 -> 11 | F19: =IF(D19=0,"",MATCH(E19,DetailedSummary!C:C,0)) | G19: {=IF($F19="","",INDEX(DetailedSummary!K:K,$F19,0))} | H19: {=IF($F19="","",INDEX(DetailedSummary!L:L,$F19,0))} | I19: =IF(G19="","",G19/GDPLocalCurrency) | J19: =IF(G19="","",IF($G$23=0,"",G19/G$23)) | K19: =IF(J19<5%,"",J19) | L19: {=IF($F19="","",INDEX(DetailedSummary!M:M,$F19,0))} | M19: {=IF($F19="","",INDEX(DetailedSummary!N:N,$F19,0))} | N19: =IF(L19="","",L19/GDPLocalCurrency) | O19: =IF(L19="","",IF($L$23=0,"",L19/L$23)) | P19: =IF(O19>10%,O19,"")
C20: 0 | D20: =LookUps!F17 -> 0 | E20: =E19+1 -> 12 | F20: =IF(D20=0,"",MATCH(E20,DetailedSummary!C:C,0)) | G20: {=IF($F20="","",INDEX(DetailedSummary!K:K,$F20,0))} | H20: {=IF($F20="","",INDEX(DetailedSummary!L:L,$F20,0))} | I20: =IF(G20="","",G20/GDPLocalCurrency) | J20: =IF(G20="","",IF($G$23=0,"",G20/G$23)) | K20: =IF(J20<5%,"",J20) | L20: {=IF($F20="","",INDEX(DetailedSummary!M:M,$F20,0))} | M20: {=IF($F20="","",INDEX(DetailedSummary!N:N,$F20,0))} | N20: =IF(L20="","",L20/GDPLocalCurrency) | O20: =IF(L20="","",IF($L$23=0,"",L20/L$23)) | P20: =IF(O20>10%,O20,"")
C21: 0 | D21: =LookUps!F18 -> 0 | E21: =E20+1 -> 13 | F21: =IF(D21=0,"",MATCH(E21,DetailedSummary!C:C,0)) | G21: {=IF($F21="","",INDEX(DetailedSummary!K:K,$F21,0))} | H21: {=IF($F21="","",INDEX(DetailedSummary!L:L,$F21,0))} | I21: =IF(G21="","",G21/GDPLocalCurrency) | J21: =IF(G21="","",IF($G$23=0,"",G21/G$23)) | K21: =IF(J21<5%,"",J21) | L21: {=IF($F21="","",INDEX(DetailedSummary!M:M,$F21,0))} | M21: {=IF($F21="","",INDEX(DetailedSummary!N:N,$F21,0))} | N21: =IF(L21="","",L21/GDPLocalCurrency) | O21: =IF(L21="","",IF($L$23=0,"",L21/L$23)) | P21: =IF(O21>10%,O21,"")
C22: 0 | D22: =LookUps!F19 -> 0 | E22: =E21+1 -> 14 | F22: =IF(D22=0,"",MATCH(E22,DetailedSummary!C:C,0)) | G22: {=IF($F22="","",INDEX(DetailedSummary!K:K,$F22,0))} | H22: {=IF($F22="","",INDEX(DetailedSummary!L:L,$F22,0))} | I22: =IF(G22="","",G22/GDPLocalCurrency) | J22: =IF(G22="","",IF($G$23=0,"",G22/G$23)) | K22: =IF(J22<5%,"",J22) | L22: {=IF($F22="","",INDEX(DetailedSummary!M:M,$F22,0))} | M22: {=IF($F22="","",INDEX(DetailedSummary!N:N,$F22,0))} | N22: =IF(L22="","",L22/GDPLocalCurrency) | O22: =IF(L22="","",IF($L$23=0,"",L22/L$23)) | P22: =IF(O22>10%,O22,"")
D23: Total | G23: =SUM(G9:G22) -> 0 | H23: =SUM(H9:H22) -> 0 | I23: =G23/GDPLocalCurrency -> #DIV/0! | J23: =IF($G$23=0,"",G23/G$23) | L23: =SUM(L9:L22) -> 0 | M23: =SUM(M9:M22) -> 0 | N23: =L23/GDPLocalCurrency -> #DIV/0! | O23: =IF($L$23=0,"",L23/L$23) | P23: =M23/M$23 -> #DIV/0!

Sheet TotalEconomicCostsofVAWG
D2: Cost to the economy summary
D5: This sheet collates the direct cost and economy-wide costs of VAWG. It takes inputs from this tool as well as inputs from an economy-wide model that could either be an IOM or a SAM. It also calculates total cost of VAWG. More details about what is included in the totals in bold can be found by clicking on the cell. A pop-up message box will then tell you what this includes. It should be noted that this sheet involves some assumptions: - The 'Not classified' costs include the costs in the 'Other' cost category as well as any additional cost categories that have been created. These cost categories are only visible when they have been selected in the 'B.CostCategories' tab. - For the 'Costs by alternative classification,' it has been necessary to assume that education relates to girls and all other costs relate to adults. It is likely that this assumption overstates the costs to adults and understates the cost to girls.
D7: Cost categories | E7: =HLSummary!D8 -> Typical case | G7: =HLSummary!F8 -> Full coverage case
E8: ="Cost ("&I_CurrencySymbol &")" -> Cost () | F8: Percentage of GDP | G8: ="Cost ("&I_CurrencySymbol &")" -> Cost () | H8: Percentage of GDP
D9: A. Direct cost total | E9: =E10+E15+E17+E20 -> 0 | F9: =F10+F15+F17+F20 -> #DIV/0! | G9: =G10+G15+G17+G20 -> 0 | H9: =H10+H15+H17+H20 -> #DIV/0!
D10: Total services cost (excluding 'Not classified") | E10: =SUM(E11:E14) -> 0 | F10: =SUM(F11:F14) -> #DIV/0! | G10: =SUM(G11:G14) -> 0 | H10: =SUM(H11:H14) -> #DIV/0!
C11: 1 | D11: =Dashboard!D10 -> Healthcare | E11: =Dashboard!G10 -> 0 | F11: =Dashboard!I10 -> #DIV/0! | G11: =Dashboard!L10 -> 0 | H11: =Dashboard!N10 -> #DIV/0!
C12: 1 | D12: =Dashboard!D11 -> Law enforcement and judiciary | E12: =Dashboard!G11 -> 0 | F12: =Dashboard!I11 -> #DIV/0! | G12: =Dashboard!L11 -> 0 | H12: =Dashboard!N11 -> #DIV/0!
C13: 1 | D13: =Dashboard!D12 -> Social services | E13: =Dashboard!G12 -> 0 | F13: =Dashboard!I12 -> #DIV/0! | G13: =Dashboard!L12 -> 0 | H13: =Dashboard!N12 -> #DIV/0!
C14: 1 | D14: =Dashboard!D14 -> Education services | E14: =Dashboard!G14 -> 0 | F14: =Dashboard!I14 -> #DIV/0! | G14: =Dashboard!L14 -> 0 | H14: =Dashboard!N14 -> #DIV/0!
D15: Total operational cost | E15: =SUM(E16) -> 0 | F15: =SUM(F16) -> #DIV/0! | G15: =SUM(G16) -> 0 | H15: =SUM(H16) -> #DIV/0!
C16: 1 | D16: =Dashboard!D13 -> Specialised Services | E16: =Dashboard!G13 -> 0 | F16: =Dashboard!I13 -> #DIV/0! | G16: =Dashboard!L13 -> 0 | H16: =Dashboard!N13 -> #DIV/0!
D17: Total personal income and expenses | E17: =SUM(E18:E19) -> 0 | F17: =SUM(F18:F19) -> #DIV/0! | G17: =SUM(G18:G19) -> 0 | H17: =SUM(H18:H19) -> #DIV/0!
C18: 1 | D18: =Dashboard!D9 -> Personal income | E18: =Dashboard!G9 -> 0 | F18: =Dashboard!I9 -> #DIV/0! | G18: =Dashboard!L9 -> 0 | H18: =Dashboard!N9 -> #DIV/0!
C19: 1 | D19: =Dashboard!D15 -> Personal expenses | E19: =Dashboard!G15 -> 0 | F19: =Dashboard!I15 -> #DIV/0! | G19: =Dashboard!L15 -> 0 | H19: =Dashboard!N15 -> #DIV/0!
D20: Total 'Not classified' | E20: =SUM(E21:E27) -> 0 | F20: =SUM(F21:F27) -> #DIV/0! | G20: =SUM(G21:G27) -> 0 | H20: =SUM(H21:H27) -> #DIV/0!
C21: 1 | D21: =Dashboard!D16 -> Other | E21: =Dashboard!G16 -> 0 | F21: =Dashboard!I16 -> #DIV/0! | G21: =Dashboard!L16 -> 0 | H21: =Dashboard!N16 -> #DIV/0!
C22: 0 | D22: =Dashboard!D17 -> 0 | E22: =Dashboard!G17 | F22: =Dashboard!I17 | G22: =Dashboard!L17 | H22: =Dashboard!J17
C23: 0 | D23: =Dashboard!D18 -> 0 | E23: =Dashboard!G18 | F23: =Dashboard!I18 | G23: =Dashboard!L18 | H23: =Dashboard!J18
C24: 0 | D24: =Dashboard!D19 -> 0 | E24: =Dashboard!G19 | F24: =Dashboard!I19 | G24: =Dashboard!L19 | H24: =Dashboard!J19
C25: 0 | D25: =Dashboard!D20 -> 0 | E25: =Dashboard!G20 | F25: =Dashboard!I20 | G25: =Dashboard!L20 | H25: =Dashboard!J20
C26: 0 | D26: =Dashboard!D21 -> 0 | E26: =Dashboard!G21 | F26: =Dashboard!I21 | G26: =Dashboard!L21 | H26: =Dashboard!J21
C27: 0 | D27: =Dashboard!D22 -> 0 | E27: =Dashboard!G22 | F27: =Dashboard!I22 | G27: =Dashboard!L22 | H27: =Dashboard!J22
D28: B. Economy-wide cost (indirect and induced) | E28: =SUM(E29:E31) -> 0 | F28: =SUM(F29:F31) -> 0 | G28: =SUM(G29:G31) -> 0 | H28: =SUM(H29:H31) -> 0
D29: Agriculture | F29: =IF(GDPLocalCurrency="","",E29/GDPLocalCurrency) | H29: =IF(GDPLocalCurrency="","",G29/GDPLocalCurrency)
D30: Industry | F30: =IF(GDPLocalCurrency="","",E30/GDPLocalCurrency) | H30: =IF(GDPLocalCurrency="","",G30/GDPLocalCurrency)
D31: Services | F31: =IF(GDPLocalCurrency="","",E31/GDPLocalCurrency) | H31: =IF(GDPLocalCurrency="","",G31/GDPLocalCurrency)
D32: C. Total cost (direct + economy-wide) | E32: =SUM(E9,E28) -> 0 | F32: =SUM(F9,F28) -> #DIV/0! | G32: =SUM(G9,G28) -> 0 | H32: =SUM(H9,H28) -> #DIV/0!
D33: Costs by alternative classification
D34: Cost to Girls | E34: =E14 -> 0 | F34: =F14 -> #DIV/0! | G34: =G14 -> 0 | H34: =H14 -> #DIV/0!
D35: Cost to Adult Female | E35: =E9-E14 -> 0 | F35: =F9-F14 -> #DIV/0! | G35: =G9-G14 -> 0 | H35: =H9-H14 -> #DIV/0!
D36: Cost to the Private Sector | E36: =E28 -> 0 | F36: =F28 -> 0 | G36: =G28 -> 0 | H36: =H28 -> 0

Sheet A. ReferenceFigures
C2: Reference information
C5: This sheet contains details for key figures that will be used throughout the tool. Complete the yellow cells below to facilitate the presentation of data and calculations within the tool. The orange cells are optional and can be used to enter reference information. The grey cells do not need any information to be added.
C6: Note that missing data here will mean that some calculations in the tool will not work. You will see a 'DIV0#' error in other sheets if you have not added in data here.
C8: Data item | D8: Value | E8: Reference / contextual data
C9: Currency (enter symbol / code)
C10: ="Exchange rate to US dollars (Enter rate of "&I_CurrencySymbol &" to $1)" -> Exchange rate to US dollars (Enter rate of to $1)
C11: Reference date for exchange rate
C12: ="GDP market price in "&I_CurrencySymbol -> GDP market price in
C13: GDP market price in $ | D13: =IF(I_ExchangeRate="","Enter exchange rate",GDPLocalCurrency/I_ExchangeRate) -> Enter exchange rate

Sheet B. CostCategories
C2: Cost categories
C5: This sheet can be used to change the details for the different cost categories included within all the sheets.
C6: You can add labels where sufficient rows already exist or add new ones with the button below.
C8: If you add or change the cost categories, you need to click the update button to view these tabs.
C9: Note that you can change any of the yellow cells at any point and they will reflect in the sheets (remember to click the update tool button to ensure the additional cost category sheets are visible or hidden as required). However, you will need to ensure you make any corresponding additions/edits to the associated cost category sheet as only the heading tables will update and not any information entered in the yellow cells on the cost category sheets. The additional cost categories (reference numbers 9 to 14) can be removed at any time by removing the details and running the 'Update tool' button again. However, data in the individual cost category sheets in the yellow cells would have to be edited manually.
C14: Ref no. | D14: Cost categories | E14: Cost item | F14: Row ID | G14: Cost category | H14: String
C15: 1 | D15: Personal income | E15: Irreversible (deaths) | F15: R1 | G15: =IF(D15="",G14,D15) -> Personal income | H15: =G15&E15 -> Personal incomeIrreversible (deaths)
E16: Reversible - Employment Income loss | F16: R2 | G16: =IF(D16="",G15,D16) -> Personal income | H16: =G16&E16 -> Personal incomeReversible - Employment Income loss
E17: Reversible - Missing value of lost household work | F17: R3 | G17: =IF(D17="",G16,D17) -> Personal income | H17: =G17&E17 -> Personal incomeReversible - Missing value of lost household work
F18: R4 | G18: =IF(D18="",G17,D18) -> Personal income | H18: =G18&E18 -> Personal income
F19: R5 | G19: =IF(D19="",G18,D19) -> Personal income | H19: =G19&E19 -> Personal income
F20: R6 | G20: =IF(D20="",G19,D20) -> Personal income | H20: =G20&E20 -> Personal income
C21: 2 | D21: Healthcare | E21: Sexual violence | F21: R7 | G21: =IF(D21="",G20,D21) -> Healthcare | H21: =G21&E21 -> HealthcareSexual violence
E22: Physical violence | F22: R8 | G22: =IF(D22="",G21,D22) -> Healthcare | H22: =G22&E22 -> HealthcarePhysical violence
F23: R9 | G23: =IF(D23="",G22,D23) -> Healthcare | H23: =G23&E23 -> Healthcare
F24: R10 | G24: =IF(D24="",G23,D24) -> Healthcare | H24: =G24&E24 -> Healthcare
F25: R11 | G25: =IF(D25="",G24,D25) -> Healthcare | H25: =G25&E25 -> Healthcare
C26: 3 | D26: Law enforcement and judiciary | E26: Cost of service call by police | F26: R12 | G26: =IF(D26="",G25,D26) -> Law enforcement and judiciary | H26: =G26&E26 -> Law enforcement and judiciaryCost of service call by police
E27: Registration and administration cost of case | F27: R13 | G27: =IF(D27="",G26,D27) -> Law enforcement and judiciary | H27: =G27&E27 -> Law enforcement and judiciaryRegistration and administration cost of case
E28: Protection | F28: R14 | G28: =IF(D28="",G27,D28) -> Law enforcement and judiciary | H28: =G28&E28 -> Law enforcement and judiciaryProtection
E29: Probation/Arrest | F29: R15 | G29: =IF(D29="",G28,D29) -> Law enforcement and judiciary | H29: =G29&E29 -> Law enforcement and judiciaryProbation/Arrest
E30: Eviction | F30: R16 | G30: =IF(D30="",G29,D30) -> Law enforcement and judiciary | H30: =G30&E30 -> Law enforcement and judiciaryEviction
E31: Sexual offences | F31: R17 | G31: =IF(D31="",G30,D31) -> Law enforcement and judiciary | H31: =G31&E31 -> Law enforcement and judiciarySexual offences
E32: Long term detention (prison) | F32: R18 | G32: =IF(D32="",G31,D32) -> Law enforcement and judiciary | H32: =G32&E32 -> Law enforcement and judiciaryLong term detention (prison)
E33: Private and Public Cost of divorce | F33: R19 | G33: =IF(D33="",G32,D33) -> Law enforcement and judiciary | H33: =G33&E33 -> Law enforcement and judiciaryPrivate and Public Cost of divorce
F34: R20 | G34: =IF(D34="",G33,D34) -> Law enforcement and judiciary | H34: =G34&E34 -> Law enforcement and judiciary
F35: R21 | G35: =IF(D35="",G34,D35) -> Law enforcement and judiciary | H35: =G35&E35 -> Law enforcement and judiciary
F36: R22 | G36: =IF(D36="",G35,D36) -> Law enforcement and judiciary | H36: =G36&E36 -> Law enforcement and judiciary
C37: 4 | D37: Social services | E37: Case completion for social services | F37: R23 | G37: =IF(D37="",G36,D37) -> Social services | H37: =G37&E37 -> Social servicesCase completion for social services
E38: Mediating self-referral cases | F38: R24 | G38: =IF(D38="",G37,D38) -> Social services | H38: =G38&E38 -> Social servicesMediating self-referral cases
E39: Counselling services | F39: R25 | G39: =IF(D39="",G38,D39) -> Social services | H39: =G39&E39 -> Social servicesCounselling services
F40: R26 | G40: =IF(D40="",G39,D40) -> Social services | H40: =G40&E40 -> Social services
F41: R27 | G41: =IF(D41="",G40,D41) -> Social services | H41: =G41&E41 -> Social services
F42: R28 | G42: =IF(D42="",G41,D42) -> Social services | H42: =G42&E42 -> Social services
C43: 5 | D43: Specialised Services | E43: Hotline | F43: R29 | G43: =IF(D43="",G42,D43) -> Specialised Services | H43: =G43&E43 -> Specialised ServicesHotline
E44: Shelter | F44: R30 | G44: =IF(D44="",G43,D44) -> Specialised Services | H44: =G44&E44 -> Specialised ServicesShelter
F45: R31 | G45: =IF(D45="",G44,D45) -> Specialised Services | H45: =G45&E45 -> Specialised Services
F46: R32 | G46: =IF(D46="",G45,D46) -> Specialised Services | H46: =G46&E46 -> Specialised Services
F47: R33 | G47: =IF(D47="",G46,D47) -> Specialised Services | H47: =G47&E47 -> Specialised Services
C48: 6 | D48: Education services | E48: Learning time lost | F48: R34 | G48: =IF(D48="",G47,D48) -> Education services | H48: =G48&E48 -> Education servicesLearning time lost
C49: 7 | D49: Personal expenses | E49: Personal expenses for transportation | F49: R38 | G49: =IF(D49="",#REF!,D49) -> Personal expenses | H49: =G49&E49 -> Personal expensesPersonal expenses for transportation
E50: Loss of personal property | F50: R39 | G50: =IF(D50="",G49,D50) -> Personal expenses | H50: =G50&E50 -> Personal expensesLoss of personal property
E51: Loss of personal income | F51: R40 | G51: =IF(D51="",G50,D51) -> Personal expenses | H51: =G51&E51 -> Personal expensesLoss of personal income
E52: Personal expenses for ambulance call | F52: R41 | G52: =IF(D52="",G51,D52) -> Personal expenses | H52: =G52&E52 -> Personal expensesPersonal expenses for ambulance call
E53: Personal expenses for diagnostic and medicine | F53: R42 | G53: =IF(D53="",G52,D53) -> Personal expenses | H53: =G53&E53 -> Personal expensesPersonal expenses for diagnostic and medicine
E54: Personal expenses for in patient services | F54: R43 | G54: =IF(D54="",G53,D54) -> Personal expenses | H54: =G54&E54 -> Personal expensesPersonal expenses for in patient services
E55: Personal expenses for legal services | F55: R44 | G55: =IF(D55="",G54,D55) -> Personal expenses | H55: =G55&E55 -> Personal expensesPersonal expenses for legal services
E56: Cost of property damage | F56: R45 | G56: =IF(D56="",G55,D56) -> Personal expenses | H56: =G56&E56 -> Personal expensesCost of property damage
E57: Personal expenses incurred | F57: R46 | G57: =IF(D57="",G56,D57) -> Personal expenses | H57: =G57&E57 -> Personal expensesPersonal expenses incurred
F58: R47 | G58: =IF(D58="",G57,D58) -> Personal expenses | H58: =G58&E58 -> Personal expenses
F59: R48 | G59: =IF(D59="",G58,D59) -> Personal expenses | H59: =G59&E59 -> Personal expenses
F60: R49 | G60: =IF(D60="",G59,D60) -> Personal expenses | H60: =G60&E60 -> Personal expenses
C61: 8 | D61: Other | F61: R50 | G61: =IF(D61="",G60,D61) -> Other | H61: =G61&E61 -> Other
F62: R51 | G62: =IF(D62="",G61,D62) -> Other | H62: =G62&E62 -> Other
F63: R52 | G63: =IF(D63="",G62,D63) -> Other | H63: =G63&E63 -> Other
F64: R53 | G64: =IF(D64="",G63,D64) -> Other | H64: =G64&E64 -> Other
F65: R54 | G65: =IF(D65="",G64,D65) -> Other | H65: =G65&E65 -> Other
F66: R55 | G66: =IF(D66="",G65,D66) -> Other | H66: =G66&E66 -> Other
F67: R56 | G67: =IF(D67="",G66,D67) -> Other | H67: =G67&E67 -> Other
F68: R57 | G68: =IF(D68="",G67,D68) -> Other | H68: =G68&E68 -> Other
C69: 9 | F69: R58 | G69: =IF(D69="",G68,D69) -> Other | H69: =G69&E69 -> Other
F70: R59 | G70: =IF(D70="",G69,D70) -> Other | H70: =G70&E70 -> Other
F71: R60 | G71: =IF(D71="",G70,D71) -> Other | H71: =G71&E71 -> Other
C72: 10 | F72: R61 | G72: =IF(D72="",G71,D72) -> Other | H72: =G72&E72 -> Other
F73: R62 | G73: =IF(D73="",G72,D73) -> Other | H73: =G73&E73 -> Other
F74: R63 | G74: =IF(D74="",G73,D74) -> Other | H74: =G74&E74 -> Other
C75: 11 | F75: R64 | G75: =IF(D75="",G74,D75) -> Other | H75: =G75&E75 -> Other
F76: R65 | G76: =IF(D76="",G75,D76) -> Other | H76: =G76&E76 -> Other
F77: R66 | G77: =IF(D77="",G76,D77) -> Other | H77: =G77&E77 -> Other
C78: 12 | F78: R67 | G78: =IF(D78="",G77,D78) -> Other | H78: =G78&E78 -> Other
F79: R68 | G79: =IF(D79="",G78,D79) -> Other | H79: =G79&E79 -> Other
F80: R69 | G80: =IF(D80="",G79,D80) -> Other | H80: =G80&E80 -> Other
C81: 13 | F81: R70 | G81: =IF(D81="",G80,D81) -> Other | H81: =G81&E81 -> Other
F82: R71 | G82: =IF(D82="",G81,D82) -> Other | H82: =G82&E82 -> Other
F83: R72 | G83: =IF(D83="",G82,D83) -> Other | H83: =G83&E83 -> Other
C84: 14 | F84: R73 | G84: =IF(D84="",G83,D84) -> Other | H84: =G84&E84 -> Other
F85: R74 | G85: =IF(D85="",G84,D85) -> Other | H85: =G85&E85 -> Other
F86: R75 | G86: =IF(D86="",G85,D86) -> Other | H86: =G86&E86 -> Other

Sheet Example
D2: Example template
D4: This sheet gives guidance on core elements of the cost category sheet to help explain how it should be used.
G5: =DetailedSummary!$K$9 -> Typical case | L5: =DetailedSummary!$M$9 -> Full coverage case | P5: Audit trail
C6: ='B. CostCategories'!F15 -> R1 | D6: No. | E6: =INDEX('B. CostCategories'!E:E,MATCH(C6,'B. CostCategories'!F:F,0)) -> Irreversible (deaths) | F6: ="Unit cost ("&I_CurrencySymbol &")" -> Unit cost () | G6: Number of people / units | H6: Days / hours | I6: ="Total cost ("&I_CurrencySymbol&")" -> Total cost () | J6: Total cost $ | L6: =G6 -> Number of people / units | M6: =H6 -> Days / hours | N6: =I6 -> Total cost () | O6: =J6 -> Total cost $ | P6: Assumptions / data sources for typical case | Q6: Assumptions / data sources for best case
D7: 1 | E7: Emergency | F7: 100 | G7: 494 | I7: =IF(H7="",$F7*G7,$F7*G7*H7) -> 49400 | J7: =I7/I_ExchangeRate -> #DIV/0! | N7: =IF(M7="",$F7*L7,$F7*L7*M7) -> 0 | O7: =N7/I_ExchangeRate -> #DIV/0!
D8: =D7+1 -> 2 | E8: Hospitalisation | F8: 100 | G8: 256 | H8: 8 | I8: =IF(H8="",$F8*G8,$F8*G8*H8) -> 204800 | J8: =I8/I_ExchangeRate -> #DIV/0! | N8: =IF(M8="",$F8*L8,$F8*L8*M8) -> 0 | O8: =N8/I_ExchangeRate -> #DIV/0!
D9: =D8+1 -> 3 | I9: =IF(H9="",$F9*G9,$F9*G9*H9) -> 0 | J9: =I9/I_ExchangeRate -> #DIV/0! | N9: =IF(M9="",$F9*L9,$F9*L9*M9) -> 0 | O9: =N9/I_ExchangeRate -> #DIV/0!
D10: =D9+1 -> 4 | I10: =IF(H10="",$F10*G10,$F10*G10*H10) -> 0 | J10: =I10/I_ExchangeRate -> #DIV/0! | N10: =IF(M10="",$F10*L10,$F10*L10*M10) -> 0 | O10: =N10/I_ExchangeRate -> #DIV/0!
D11: =D10+1 -> 5 | I11: =IF(H11="",$F11*G11,$F11*G11*H11) -> 0 | J11: =I11/I_ExchangeRate -> #DIV/0! | N11: =IF(M11="",$F11*L11,$F11*L11*M11) -> 0 | O11: =N11/I_ExchangeRate -> #DIV/0!
D12: =D11+1 -> 6 | I12: =IF(H12="",$F12*G12,$F12*G12*H12) -> 0 | J12: =I12/I_ExchangeRate -> #DIV/0! | N12: =IF(M12="",$F12*L12,$F12*L12*M12) -> 0 | O12: =N12/I_ExchangeRate -> #DIV/0!
D13: =D12+1 -> 7 | I13: =IF(H13="",$F13*G13,$F13*G13*H13) -> 0 | J13: =I13/I_ExchangeRate -> #DIV/0! | N13: =IF(M13="",$F13*L13,$F13*L13*M13) -> 0 | O13: =N13/I_ExchangeRate -> #DIV/0!
D14: =D13+1 -> 8 | I14: =IF(H14="",$F14*G14,$F14*G14*H14) -> 0 | J14: =I14/I_ExchangeRate -> #DIV/0! | N14: =IF(M14="",$F14*L14,$F14*L14*M14) -> 0 | O14: =N14/I_ExchangeRate -> #DIV/0!
D15: =D14+1 -> 9 | I15: =IF(H15="",$F15*G15,$F15*G15*H15) -> 0 | J15: =I15/I_ExchangeRate -> #DIV/0! | N15: =IF(M15="",$F15*L15,$F15*L15*M15) -> 0 | O15: =N15/I_ExchangeRate -> #DIV/0!
D16: =D15+1 -> 10 | I16: =IF(H16="",$F16*G16,$F16*G16*H16) -> 0 | J16: =I16/I_ExchangeRate -> #DIV/0! | N16: =IF(M16="",$F16*L16,$F16*L16*M16) -> 0 | O16: =N16/I_ExchangeRate -> #DIV/0!
E17: Sub-Total | I17: =SUM(I7:I16) -> 254200 | J17: =SUM(J7:J16) -> #DIV/0! | N17: =SUM(N7:N16) -> 0 | O17: =SUM(O7:O16) -> #DIV/0!
G20: =G5 -> Typical case | L20: =L5 -> Full coverage case | P20: Audit trail
C21: ='B. CostCategories'!F16 -> R2 | D21: No. | E21: =INDEX('B. CostCategories'!E:E,MATCH(C21,'B. CostCategories'!F:F,0)) -> Reversible - Employment Income loss | F21: ="Unit cost ("&I_CurrencySymbol &")" -> Unit cost () | G21: Number of people / units | H21: Days / hours | I21: ="Total cost ("&I_CurrencySymbol&")" -> Total cost () | J21: Total cost $ | L21: =G21 -> Number of people / units | M21: =H21 -> Days / hours | N21: =I21 -> Total cost () | O21: =J21 -> Total cost $ | P21: Assumptions for typical case | Q21: Assumptions for best case
D22: 1 | I22: =IF(H22="",$F22*G22,$F22*G22*H22) -> 0 | J22: =I22/I_ExchangeRate -> #DIV/0! | N22: =IF(M22="",$F22*L22,$F22*L22*M22) -> 0 | O22: =N22/I_ExchangeRate -> #DIV/0!
D23: =D22+1 -> 2 | I23: =IF(H23="",$F23*G23,$F23*G23*H23) -> 0 | J23: =I23/I_ExchangeRate -> #DIV/0! | N23: =IF(M23="",$F23*L23,$F23*L23*M23) -> 0 | O23: =N23/I_ExchangeRate -> #DIV/0!
D24: =D23+1 -> 3 | I24: =IF(H24="",$F24*G24,$F24*G24*H24) -> 0 | J24: =I24/I_ExchangeRate -> #DIV/0! | N24: =IF(M24="",$F24*L24,$F24*L24*M24) -> 0 | O24: =N24/I_ExchangeRate -> #DIV/0!
D25: =D24+1 -> 4 | I25: =IF(H25="",$F25*G25,$F25*G25*H25) -> 0 | J25: =I25/I_ExchangeRate -> #DIV/0! | N25: =IF(M25="",$F25*L25,$F25*L25*M25) -> 0 | O25: =N25/I_ExchangeRate -> #DIV/0!
D26: =D25+1 -> 5 | I26: =IF(H26="",$F26*G26,$F26*G26*H26) -> 0 | J26: =I26/I_ExchangeRate -> #DIV/0! | N26: =IF(M26="",$F26*L26,$F26*L26*M26) -> 0 | O26: =N26/I_ExchangeRate -> #DIV/0!
D27: =D26+1 -> 6 | I27: =IF(H27="",$F27*G27,$F27*G27*H27) -> 0 | J27: =I27/I_ExchangeRate -> #DIV/0! | N27: =IF(M27="",$F27*L27,$F27*L27*M27) -> 0 | O27: =N27/I_ExchangeRate -> #DIV/0!
D28: =D27+1 -> 7 | I28: =IF(H28="",$F28*G28,$F28*G28*H28) -> 0 | J28: =I28/I_ExchangeRate -> #DIV/0! | N28: =IF(M28="",$F28*L28,$F28*L28*M28) -> 0 | O28: =N28/I_ExchangeRate -> #DIV/0!
D29: =D28+1 -> 8 | I29: =IF(H29="",$F29*G29,$F29*G29*H29) -> 0 | J29: =I29/I_ExchangeRate -> #DIV/0! | N29: =IF(M29="",$F29*L29,$F29*L29*M29) -> 0 | O29: =N29/I_ExchangeRate -> #DIV/0!
D30: =D29+1 -> 9 | I30: =IF(H30="",$F30*G30,$F30*G30*H30) -> 0 | J30: =I30/I_ExchangeRate -> #DIV/0! | N30: =IF(M30="",$F30*L30,$F30*L30*M30) -> 0 | O30: =N30/I_ExchangeRate -> #DIV/0!
D31: =D30+1 -> 10 | I31: =IF(H31="",$F31*G31,$F31*G31*H31) -> 0 | J31: =I31/I_ExchangeRate -> #DIV/0! | N31: =IF(M31="",$F31*L31,$F31*L31*M31) -> 0 | O31: =N31/I_ExchangeRate -> #DIV/0!
E32: Sub-Total | I32: =SUM(I22:I31) -> 0 | J32: =SUM(J22:J31) -> #DIV/0! | N32: =SUM(N22:N31) -> 0 | O32: =SUM(O22:O31) -> #DIV/0!
D35: Working area
D37: This area can be used to undertake any calculations, etc. required. Data entered here will not automatically link to anywhere else in the tool but you can choose to link it to other point in the tool.

Sheet 1.Personal income
D2: ='B. CostCategories'!D15 -> Personal income
D5: Note that all yellow cells in any given row need to be populated for the calculations to work for that item. This may mean needing to add a '1' where there is no specific value or multiple. This is particularly likely to apply for the 'Number of people/units' field.
G7: =DetailedSummary!$K$9 -> Typical case | L7: =DetailedSummary!$M$9 -> Full coverage case | P7: Audit trail
C8: ='B. CostCategories'!F15 -> R1 | D8: No. | E8: =INDEX('B. CostCategories'!E:E,MATCH(C8,'B. CostCategories'!F:F,0)) -> Irreversible (deaths) | F8: ="Unit cost ("&I_CurrencySymbol &")" -> Unit cost () | G8: Number of people / units | H8: Days / hours | I8: ="Total cost ("&I_CurrencySymbol&")" -> Total cost () | J8: Total cost $ | L8: =G8 -> Number of people / units | M8: =H8 -> Days / hours | N8: =I8 -> Total cost () | O8: =J8 -> Total cost $ | P8: Assumptions / data sources for typical case | Q8: Assumptions / data sources for best case
D9: 1 | I9: =IF(H9="",$F9*G9,$F9*G9*H9) -> 0 | J9: =I9/I_ExchangeRate -> #DIV/0! | N9: =IF(M9="",$F9*L9,$F9*L9*M9) -> 0 | O9: =N9/I_ExchangeRate -> #DIV/0!
D10: =D9+1 -> 2 | I10: =IF(H10="",$F10*G10,$F10*G10*H10) -> 0 | J10: =I10/I_ExchangeRate -> #DIV/0! | N10: =IF(M10="",$F10*L10,$F10*L10*M10) -> 0 | O10: =N10/I_ExchangeRate -> #DIV/0!
D11: =D10+1 -> 3 | I11: =IF(H11="",$F11*G11,$F11*G11*H11) -> 0 | J11: =I11/I_ExchangeRate -> #DIV/0! | N11: =IF(M11="",$F11*L11,$F11*L11*M11) -> 0 | O11: =N11/I_ExchangeRate -> #DIV/0!
D12: =D11+1 -> 4 | I12: =IF(H12="",$F12*G12,$F12*G12*H12) -> 0 | J12: =I12/I_ExchangeRate -> #DIV/0! | N12: =IF(M12="",$F12*L12,$F12*L12*M12) -> 0 | O12: =N12/I_ExchangeRate -> #DIV/0!
D13: =D12+1 -> 5 | I13: =IF(H13="",$F13*G13,$F13*G13*H13) -> 0 | J13: =I13/I_ExchangeRate -> #DIV/0! | N13: =IF(M13="",$F13*L13,$F13*L13*M13) -> 0 | O13: =N13/I_ExchangeRate -> #DIV/0!
D14: =D13+1 -> 6 | I14: =IF(H14="",$F14*G14,$F14*G14*H14) -> 0 | J14: =I14/I_ExchangeRate -> #DIV/0! | N14: =IF(M14="",$F14*L14,$F14*L14*M14) -> 0 | O14: =N14/I_ExchangeRate -> #DIV/0!
D15: =D14+1 -> 7 | I15: =IF(H15="",$F15*G15,$F15*G15*H15) -> 0 | J15: =I15/I_ExchangeRate -> #DIV/0! | N15: =IF(M15="",$F15*L15,$F15*L15*M15) -> 0 | O15: =N15/I_ExchangeRate -> #DIV/0!
D16: =D15+1 -> 8 | I16: =IF(H16="",$F16*G16,$F16*G16*H16) -> 0 | J16: =I16/I_ExchangeRate -> #DIV/0! | N16: =IF(M16="",$F16*L16,$F16*L16*M16) -> 0 | O16: =N16/I_ExchangeRate -> #DIV/0!
D17: =D16+1 -> 9 | I17: =IF(H17="",$F17*G17,$F17*G17*H17) -> 0 | J17: =I17/I_ExchangeRate -> #DIV/0! | N17: =IF(M17="",$F17*L17,$F17*L17*M17) -> 0 | O17: =N17/I_ExchangeRate -> #DIV/0!
D18: =D17+1 -> 10 | I18: =IF(H18="",$F18*G18,$F18*G18*H18) -> 0 | J18: =I18/I_ExchangeRate -> #DIV/0! | N18: =IF(M18="",$F18*L18,$F18*L18*M18) -> 0 | O18: =N18/I_ExchangeRate -> #DIV/0!
E19: Sub-Total | I19: =SUM(I9:I18) -> 0 | J19: =SUM(J9:J18) -> #DIV/0! | N19: =SUM(N9:N18) -> 0 | O19: =SUM(O9:O18) -> #DIV/0!
G21: =G7 -> Typical case | L21: =L7 -> Full coverage case | P21: Audit trail
C22: ='B. CostCategories'!F16 -> R2 | D22: No. | E22: =INDEX('B. CostCategories'!E:E,MATCH(C22,'B. CostCategories'!F:F,0)) -> Reversible - Employment Income loss | F22: ="Unit cost ("&I_CurrencySymbol &")" -> Unit cost () | G22: Number of people / units | H22: Days / hours | I22: ="Total cost ("&I_CurrencySymbol&")" -> Total cost () | J22: Total cost $ | L22: =G22 -> Number of people / units | M22: =H22 -> Days / hours | N22: =I22 -> Total cost () | O22: =J22 -> Total cost $ | P22: Assumptions for typical case | Q22: Assumptions for best case
D23: 1 | I23: =IF(H23="",$F23*G23,$F23*G23*H23) -> 0 | J23: =I23/I_ExchangeRate -> #DIV/0! | N23: =IF(M23="",$F23*L23,$F23*L23*M23) -> 0 | O23: =N23/I_ExchangeRate -> #DIV/0!
D24: =D23+1 -> 2 | I24: =IF(H24="",$F24*G24,$F24*G24*H24) -> 0 | J24: =I24/I_ExchangeRate -> #DIV/0! | N24: =IF(M24="",$F24*L24,$F24*L24*M24) -> 0 | O24: =N24/I_ExchangeRate -> #DIV/0!
D25: =D24+1 -> 3 | I25: =IF(H25="",$F25*G25,$F25*G25*H25) -> 0 | J25: =I25/I_ExchangeRate -> #DIV/0! | N25: =IF(M25="",$F25*L25,$F25*L25*M25) -> 0 | O25: =N25/I_ExchangeRate -> #DIV/0!
D26: =D25+1 -> 4 | I26: =IF(H26="",$F26*G26,$F26*G26*H26) -> 0 | J26: =I26/I_ExchangeRate -> #DIV/0! | N26: =IF(M26="",$F26*L26,$F26*L26*M26) -> 0 | O26: =N26/I_ExchangeRate -> #DIV/0!
D27: =D26+1 -> 5 | I27: =IF(H27="",$F27*G27,$F27*G27*H27) -> 0 | J27: =I27/I_ExchangeRate -> #DIV/0! | N27: =IF(M27="",$F27*L27,$F27*L27*M27) -> 0 | O27: =N27/I_ExchangeRate -> #DIV/0!
D28: =D27+1 -> 6 | I28: =IF(H28="",$F28*G28,$F28*G28*H28) -> 0 | J28: =I28/I_ExchangeRate -> #DIV/0! | N28: =IF(M28="",$F28*L28,$F28*L28*M28) -> 0 | O28: =N28/I_ExchangeRate -> #DIV/0!
D29: =D28+1 -> 7 | I29: =IF(H29="",$F29*G29,$F29*G29*H29) -> 0 | J29: =I29/I_ExchangeRate -> #DIV/0! | N29: =IF(M29="",$F29*L29,$F29*L29*M29) -> 0 | O29: =N29/I_ExchangeRate -> #DIV/0!
D30: =D29+1 -> 8 | I30: =IF(H30="",$F30*G30,$F30*G30*H30) -> 0 | J30: =I30/I_ExchangeRate -> #DIV/0! | N30: =IF(M30="",$F30*L30,$F30*L30*M30) -> 0 | O30: =N30/I_ExchangeRate -> #DIV/0!
D31: =D30+1 -> 9 | I31: =IF(H31="",$F31*G31,$F31*G31*H31) -> 0 | J31: =I31/I_ExchangeRate -> #DIV/0! | N31: =IF(M31="",$F31*L31,$F31*L31*M31) -> 0 | O31: =N31/I_ExchangeRate -> #DIV/0!
D32: =D31+1 -> 10 | I32: =IF(H32="",$F32*G32,$F32*G32*H32) -> 0 | J32: =I32/I_ExchangeRate -> #DIV/0! | N32: =IF(M32="",$F32*L32,$F32*L32*M32) -> 0 | O32: =N32/I_ExchangeRate -> #DIV/0!
E33: Sub-Total | I33: =SUM(I23:I32) -> 0 | J33: =SUM(J23:J32) -> #DIV/0! | N33: =SUM(N23:N32) -> 0 | O33: =SUM(O23:O32) -> #DIV/0!
G35: =G21 -> Typical case | L35: =L21 -> Full coverage case | P35: Audit trail
C36: ='B. CostCategories'!F17 -> R3 | D36: No. | E36: =INDEX('B. CostCategories'!E:E,MATCH(C36,'B. CostCategories'!F:F,0)) -> Reversible - Missing value of lost household work | F36: ="Unit cost ("&I_CurrencySymbol &")" -> Unit cost () | G36: Number of people / units | H36: Days / hours | I36: ="Total cost ("&I_CurrencySymbol&")" -> Total cost () | J36: Total cost $ | L36: =G36 -> Number of people / units | M36: =H36 -> Days / hours | N36: =I36 -> Total cost () | O36: =J36 -> Total cost $ | P36: Assumptions for typical case | Q36: Assumptions for best case
D37: 1 | I37: =IF(H37="",$F37*G37,$F37*G37*H37) -> 0 | J37: =I37/I_ExchangeRate -> #DIV/0! | N37: =IF(M37="",$F37*L37,$F37*L37*M37) -> 0 | O37: =N37/I_ExchangeRate -> #DIV/0!
D38: =D37+1 -> 2 | I38: =IF(H38="",$F38*G38,$F38*G38*H38) -> 0 | J38: =I38/I_ExchangeRate -> #DIV/0! | N38: =IF(M38="",$F38*L38,$F38*L38*M38) -> 0 | O38: =N38/I_ExchangeRate -> #DIV/0!
D39: =D38+1 -> 3 | I39: =IF(H39="",$F39*G39,$F39*G39*H39) -> 0 | J39: =I39/I_ExchangeRate -> #DIV/0! | N39: =IF(M39="",$F39*L39,$F39*L39*M39) -> 0 | O39: =N39/I_ExchangeRate -> #DIV/0!
D40: =D39+1 -> 4 | I40: =IF(H40="",$F40*G40,$F40*G40*H40) -> 0 | J40: =I40/I_ExchangeRate -> #DIV/0! | N40: =IF(M40="",$F40*L40,$F40*L40*M40) -> 0 | O40: =N40/I_ExchangeRate -> #DIV/0!
D41: =D40+1 -> 5 | I41: =IF(H41="",$F41*G41,$F41*G41*H41) -> 0 | J41: =I41/I_ExchangeRate -> #DIV/0! | N41: =IF(M41="",$F41*L41,$F41*L41*M41) -> 0 | O41: =N41/I_ExchangeRate -> #DIV/0!
D42: =D41+1 -> 6 | I42: =IF(H42="",$F42*G42,$F42*G42*H42) -> 0 | J42: =I42/I_ExchangeRate -> #DIV/0! | N42: =IF(M42="",$F42*L42,$F42*L42*M42) -> 0 | O42: =N42/I_ExchangeRate -> #DIV/0!
D43: =D42+1 -> 7 | I43: =IF(H43="",$F43*G43,$F43*G43*H43) -> 0 | J43: =I43/I_ExchangeRate -> #DIV/0! | N43: =IF(M43="",$F43*L43,$F43*L43*M43) -> 0 | O43: =N43/I_ExchangeRate -> #DIV/0!
D44: =D43+1 -> 8 | I44: =IF(H44="",$F44*G44,$F44*G44*H44) -> 0 | J44: =I44/I_ExchangeRate -> #DIV/0! | N44: =IF(M44="",$F44*L44,$F44*L44*M44) -> 0 | O44: =N44/I_ExchangeRate -> #DIV/0!
D45: =D44+1 -> 9 | I45: =IF(H45="",$F45*G45,$F45*G45*H45) -> 0 | J45: =I45/I_ExchangeRate -> #DIV/0! | N45: =IF(M45="",$F45*L45,$F45*L45*M45) -> 0 | O45: =N45/I_ExchangeRate -> #DIV/0!
D46: =D45+1 -> 10 | I46: =IF(H46="",$F46*G46,$F46*G46*H46) -> 0 | J46: =I46/I_ExchangeRate -> #DIV/0! | N46: =IF(M46="",$F46*L46,$F46*L46*M46) -> 0 | O46: =N46/I_ExchangeRate -> #DIV/0!
E47: Sub-Total | I47: =SUM(I37:I46) -> 0 | J47: =SUM(J37:J46) -> #DIV/0! | N47: =SUM(N37:N46) -> 0 | O47: =SUM(O37:O46) -> #DIV/0!
G49: =G35 -> Typical case | L49: =L35 -> Full coverage case | P49: Audit trail
C50: ='B. CostCategories'!F18 -> R4 | D50: No. | E50: =INDEX('B. CostCategories'!E:E,MATCH(C50,'B. CostCategories'!F:F,0)) -> 0 | F50: ="Unit cost ("&I_CurrencySymbol &")" -> Unit cost () | G50: Number of people / units | H50: Days / hours | I50: ="Total cost ("&I_CurrencySymbol&")" -> Total cost () | J50: Total cost $ | L50: =G50 -> Number of people / units | M50: =H50 -> Days / hours | N50: =I50 -> Total cost () | O50: =J50 -> Total cost $ | P50: Assumptions for typical case | Q50: Assumptions for best case
D51: 1 | I51: =IF(H51="",$F51*G51,$F51*G51*H51) -> 0 | J51: =I51/I_ExchangeRate -> #DIV/0! | N51: =IF(M51="",$F51*L51,$F51*L51*M51) -> 0 | O51: =N51/I_ExchangeRate -> #DIV/0!
D52: =D51+1 -> 2 | I52: =IF(H52="",$F52*G52,$F52*G52*H52) -> 0 | J52: =I52/I_ExchangeRate -> #DIV/0! | N52: =IF(M52="",$F52*L52,$F52*L52*M52) -> 0 | O52: =N52/I_ExchangeRate -> #DIV/0!
D53: =D52+1 -> 3 | I53: =IF(H53="",$F53*G53,$F53*G53*H53) -> 0 | J53: =I53/I_ExchangeRate -> #DIV/0! | N53: =IF(M53="",$F53*L53,$F53*L53*M53) -> 0 | O53: =N53/I_ExchangeRate -> #DIV/0!
D54: =D53+1 -> 4 | I54: =IF(H54="",$F54*G54,$F54*G54*H54) -> 0 | J54: =I54/I_ExchangeRate -> #DIV/0! | N54: =IF(M54="",$F54*L54,$F54*L54*M54) -> 0 | O54: =N54/I_ExchangeRate -> #DIV/0!
D55: =D54+1 -> 5 | I55: =IF(H55="",$F55*G55,$F55*G55*H55) -> 0 | J55: =I55/I_ExchangeRate -> #DIV/0! | N55: =IF(M55="",$F55*L55,$F55*L55*M55) -> 0 | O55: =N55/I_ExchangeRate -> #DIV/0!
D56: =D55+1 -> 6 | I56: =IF(H56="",$F56*G56,$F56*G56*H56) -> 0 | J56: =I56/I_ExchangeRate -> #DIV/0! | N56: =IF(M56="",$F56*L56,$F56*L56*M56) -> 0 | O56: =N56/I_ExchangeRate -> #DIV/0!
D57: =D56+1 -> 7 | I57: =IF(H57="",$F57*G57,$F57*G57*H57) -> 0 | J57: =I57/I_ExchangeRate -> #DIV/0! | N57: =IF(M57="",$F57*L57,$F57*L57*M57) -> 0 | O57: =N57/I_ExchangeRate -> #DIV/0!
D58: =D57+1 -> 8 | I58: =IF(H58="",$F58*G58,$F58*G58*H58) -> 0 | J58: =I58/I_ExchangeRate -> #DIV/0! | N58: =IF(M58="",$F58*L58,$F58*L58*M58) -> 0 | O58: =N58/I_ExchangeRate -> #DIV/0!
D59: =D58+1 -> 9 | I59: =IF(H59="",$F59*G59,$F59*G59*H59) -> 0 | J59: =I59/I_ExchangeRate -> #DIV/0! | N59: =IF(M59="",$F59*L59,$F59*L59*M59) -> 0 | O59: =N59/I_ExchangeRate -> #DIV/0!
D60: =D59+1 -> 10 | I60: =IF(H60="",$F60*G60,$F60*G60*H60) -> 0 | J60: =I60/I_ExchangeRate -> #DIV/0! | N60: =IF(M60="",$F60*L60,$F60*L60*M60) -> 0 | O60: =N60/I_ExchangeRate -> #DIV/0!
E61: Sub-Total | I61: =SUM(I51:I60) -> 0 | J61: =SUM(J51:J60) -> #DIV/0! | N61: =SUM(N51:N60) -> 0 | O61: =SUM(O51:O60) -> #DIV/0!
G63: =G49 -> Typical case | L63: =L49 -> Full coverage case | P63: Audit trail
C64: ='B. CostCategories'!F19 -> R5 | D64: No. | E64: =INDEX('B. CostCategories'!E:E,MATCH(C64,'B. CostCategories'!F:F,0)) -> 0 | F64: ="Unit cost ("&I_CurrencySymbol &")" -> Unit cost () | G64: Number of people / units | H64: Days / hours | I64: ="Total cost ("&I_CurrencySymbol&")" -> Total cost () | J64: Total cost $ | L64: =G64 -> Number of people / units | M64: =H64 -> Days / hours | N64: =I64 -> Total cost () | O64: =J64 -> Total cost $ | P64: Assumptions for typical case | Q64: Assumptions for best case
D65: 1 | I65: =IF(H65="",$F65*G65,$F65*G65*H65) -> 0 | J65: =I65/I_ExchangeRate -> #DIV/0! | N65: =IF(M65="",$F65*L65,$F65*L65*M65) -> 0 | O65: =N65/I_ExchangeRate -> #DIV/0!
D66: =D65+1 -> 2 | I66: =IF(H66="",$F66*G66,$F66*G66*H66) -> 0 | J66: =I66/I_ExchangeRate -> #DIV/0! | N66: =IF(M66="",$F66*L66,$F66*L66*M66) -> 0 | O66: =N66/I_ExchangeRate -> #DIV/0!
D67: =D66+1 -> 3 | I67: =IF(H67="",$F67*G67,$F67*G67*H67) -> 0 | J67: =I67/I_ExchangeRate -> #DIV/0! | N67: =IF(M67="",$F67*L67,$F67*L67*M67) -> 0 | O67: =N67/I_ExchangeRate -> #DIV/0!
D68: =D67+1 -> 4 | I68: =IF(H68="",$F68*G68,$F68*G68*H68) -> 0 | J68: =I68/I_ExchangeRate -> #DIV/0! | N68: =IF(M68="",$F68*L68,$F68*L68*M68) -> 0 | O68: =N68/I_ExchangeRate -> #DIV/0!
D69: =D68+1 -> 5 | I69: =IF(H69="",$F69*G69,$F69*G69*H69) -> 0 | J69: =I69/I_ExchangeRate -> #DIV/0! | N69: =IF(M69="",$F69*L69,$F69*L69*M69) -> 0 | O69: =N69/I_ExchangeRate -> #DIV/0!
D70: =D69+1 -> 6 | I70: =IF(H70="",$F70*G70,$F70*G70*H70) -> 0 | J70: =I70/I_ExchangeRate -> #DIV/0! | N70: =IF(M70="",$F70*L70,$F70*L70*M70) -> 0 | O70: =N70/I_ExchangeRate -> #DIV/0!
D71: =D70+1 -> 7 | I71: =IF(H71="",$F71*G71,$F71*G71*H71) -> 0 | J71: =I71/I_ExchangeRate -> #DIV/0! | N71: =IF(M71="",$F71*L71,$F71*L71*M71) -> 0 | O71: =N71/I_ExchangeRate -> #DIV/0!
D72: =D71+1 -> 8 | I72: =IF(H72="",$F72*G72,$F72*G72*H72) -> 0 | J72: =I72/I_ExchangeRate -> #DIV/0! | N72: =IF(M72="",$F72*L72,$F72*L72*M72) -> 0 | O72: =N72/I_ExchangeRate -> #DIV/0!
D73: =D72+1 -> 9 | I73: =IF(H73="",$F73*G73,$F73*G73*H73) -> 0 | J73: =I73/I_ExchangeRate -> #DIV/0! | N73: =IF(M73="",$F73*L73,$F73*L73*M73) -> 0 | O73: =N73/I_ExchangeRate -> #DIV/0!
D74: =D73+1 -> 10 | I74: =IF(H74="",$F74*G74,$F74*G74*H74) -> 0 | J74: =I74/I_ExchangeRate -> #DIV/0! | N74: =IF(M74="",$F74*L74,$F74*L74*M74) -> 0 | O74: =N74/I_ExchangeRate -> #DIV/0!
E75: Sub-Total | I75: =SUM(I65:I74) -> 0 | J75: =SUM(J65:J74) -> #DIV/0! | N75: =SUM(N65:N74) -> 0 | O75: =SUM(O65:O74) -> #DIV/0!
G77: =G63 -> Typical case | L77: =L63 -> Full coverage case | P77: Audit trail
C78: ='B. CostCategories'!F20 -> R6 | D78: No. | E78: =INDEX('B. CostCategories'!E:E,MATCH(C78,'B. CostCategories'!F:F,0)) -> 0 | F78: ="Unit cost ("&I_CurrencySymbol &")" -> Unit cost () | G78: Number of people / units | H78: Days / hours | I78: ="Total cost ("&I_CurrencySymbol&")" -> Total cost () | J78: Total cost $ | L78: =G78 -> Number of people / units | M78: =H78 -> Days / hours | N78: =I78 -> Total cost () | O78: =J78 -> Total cost $ | P78: Assumptions for typical case | Q78: Assumptions for best case
D79: 1 | I79: =IF(H79="",$F79*G79,$F79*G79*H79) -> 0 | J79: =I79/I_ExchangeRate -> #DIV/0! | N79: =IF(M79="",$F79*L79,$F79*L79*M79) -> 0 | O79: =N79/I_ExchangeRate -> #DIV/0!
D80: =D79+1 -> 2 | I80: =IF(H80="",$F80*G80,$F80*G80*H80) -> 0 | J80: =I80/I_ExchangeRate -> #DIV/0! | N80: =IF(M80="",$F80*L80,$F80*L80*M80) -> 0 | O80: =N80/I_ExchangeRate -> #DIV/0!
D81: =D80+1 -> 3 | I81: =IF(H81="",$F81*G81,$F81*G81*H81) -> 0 | J81: =I81/I_ExchangeRate -> #DIV/0! | N81: =IF(M81="",$F81*L81,$F81*L81*M81) -> 0 | O81: =N81/I_ExchangeRate -> #DIV/0!
D82: =D81+1 -> 4 | I82: =IF(H82="",$F82*G82,$F82*G82*H82) -> 0 | J82: =I82/I_ExchangeRate -> #DIV/0! | N82: =IF(M82="",$F82*L82,$F82*L82*M82) -> 0 | O82: =N82/I_ExchangeRate -> #DIV/0!
D83: =D82+1 -> 5 | I83: =IF(H83="",$F83*G83,$F83*G83*H83) -> 0 | J83: =I83/I_ExchangeRate -> #DIV/0! | N83: =IF(M83="",$F83*L83,$F83*L83*M83) -> 0 | O83: =N83/I_ExchangeRate -> #DIV/0!
D84: =D83+1 -> 6 | I84: =IF(H84="",$F84*G84,$F84*G84*H84) -> 0 | J84: =I84/I_ExchangeRate -> #DIV/0! | N84: =IF(M84="",$F84*L84,$F84*L84*M84) -> 0 | O84: =N84/I_ExchangeRate -> #DIV/0!
D85: =D84+1 -> 7 | I85: =IF(H85="",$F85*G85,$F85*G85*H85) -> 0 | J85: =I85/I_ExchangeRate -> #DIV/0! | N85: =IF(M85="",$F85*L85,$F85*L85*M85) -> 0 | O85: =N85/I_ExchangeRate -> #DIV/0!
D86: =D85+1 -> 8 | I86: =IF(H86="",$F86*G86,$F86*G86*H86) -> 0 | J86: =I86/I_ExchangeRate -> #DIV/0! | N86: =IF(M86="",$F86*L86,$F86*L86*M86) -> 0 | O86: =N86/I_ExchangeRate -> #DIV/0!
D87: =D86+1 -> 9 | I87: =IF(H87="",$F87*G87,$F87*G87*H87) -> 0 | J87: =I87/I_ExchangeRate -> #DIV/0! | N87: =IF(M87="",$F87*L87,$F87*L87*M87) -> 0 | O87: =N87/I_ExchangeRate -> #DIV/0!
D88: =D87+1 -> 10 | I88: =IF(H88="",$F88*G88,$F88*G88*H88) -> 0 | J88: =I88/I_ExchangeRate -> #DIV/0! | N88: =IF(M88="",$F88*L88,$F88*L88*M88) -> 0 | O88: =N88/I_ExchangeRate -> #DIV/0!
E89: Sub-Total | I89: =SUM(I79:I88) -> 0 | J89: =SUM(J79:J88) -> #DIV/0! | N89: =SUM(N79:N88) -> 0 | O89: =SUM(O79:O88) -> #DIV/0!
D92: Working area
D94: This area can be used to undertake any calculations, etc. required. Data entered here will not automatically link to anywhere else in the tool but you can choose to link it to other point in the tool.

Sheet 2.Healthcare
D2: Healthcare
D5: This sheet is devoted to entering information about public health costs. To add an uplift for private healthcare costs, enter a value below in addition to completing the table.
D7: Percentage uplift to be applied for out-of-pocket expenses? | H7: Yes
D9: Enter the percentage uplift to be added.
D11: Note that all yellow cells in any given row need to be populated for the calculations to work for that item. This may mean needing to add a '1' where there is no specific value or multiple. This is particularly likely to apply for the 'Number of people/units' field.
G13: =DetailedSummary!$K$9 -> Typical case | L13: =DetailedSummary!$M$9 -> Full coverage case | P13: Audit trail
C14: ='B. CostCategories'!F21 -> R7 | D14: No. | E14: =INDEX('B. CostCategories'!E:E,MATCH(C14,'B. CostCategories'!F:F,0)) -> Sexual violence | F14: ="Unit cost ("&I_CurrencySymbol &")" -> Unit cost () | G14: Number of people / units | H14: Days / hours | I14: ="Total cost ("&I_CurrencySymbol&")" -> Total cost () | J14: Total cost $ | L14: =G14 -> Number of people / units | M14: =H14 -> Days / hours | N14: =I14 -> Total cost () | O14: =J14 -> Total cost $ | P14: Assumptions / data sources for typical case | Q14: Assumptions / data sources for best case
D15: 1 | E15: 1. Sexual exposer cases - Admin record | I15: =IF(H15="",$F15*G15,$F15*G15*H15) -> 0 | J15: =I15/I_ExchangeRate -> #DIV/0! | N15: =IF(M15="",$F15*L15,$F15*L15*M15) -> 0 | O15: =N15/I_ExchangeRate -> #DIV/0!
D16: =D15+1 -> 2 | E16: 2. Sexual exposer traumatic cases | I16: =IF(H16="",$F16*G16,$F16*G16*H16) -> 0 | J16: =I16/I_ExchangeRate -> #DIV/0! | N16: =IF(M16="",$F16*L16,$F16*L16*M16) -> 0 | O16: =N16/I_ExchangeRate -> #DIV/0!
D17: =D16+1 -> 3 | E17: 3. Sexual exposer with psychological cases | I17: =IF(H17="",$F17*G17,$F17*G17*H17) -> 0 | J17: =I17/I_ExchangeRate -> #DIV/0! | N17: =IF(M17="",$F17*L17,$F17*L17*M17) -> 0 | O17: =N17/I_ExchangeRate -> #DIV/0!
D18: =D17+1 -> 4 | I18: =IF(H18="",$F18*G18,$F18*G18*H18) -> 0 | J18: =I18/I_ExchangeRate -> #DIV/0! | N18: =IF(M18="",$F18*L18,$F18*L18*M18) -> 0 | O18: =N18/I_ExchangeRate -> #DIV/0!
D19: =D18+1 -> 5 | I19: =IF(H19="",$F19*G19,$F19*G19*H19) -> 0 | J19: =I19/I_ExchangeRate -> #DIV/0! | N19: =IF(M19="",$F19*L19,$F19*L19*M19) -> 0 | O19: =N19/I_ExchangeRate -> #DIV/0!
D20: =D19+1 -> 6 | I20: =IF(H20="",$F20*G20,$F20*G20*H20) -> 0 | J20: =I20/I_ExchangeRate -> #DIV/0! | N20: =IF(M20="",$F20*L20,$F20*L20*M20) -> 0 | O20: =N20/I_ExchangeRate -> #DIV/0!
D21: =D20+1 -> 7 | I21: =IF(H21="",$F21*G21,$F21*G21*H21) -> 0 | J21: =I21/I_ExchangeRate -> #DIV/0! | N21: =IF(M21="",$F21*L21,$F21*L21*M21) -> 0 | O21: =N21/I_ExchangeRate -> #DIV/0!
D22: =D21+1 -> 8 | I22: =IF(H22="",$F22*G22,$F22*G22*H22) -> 0 | J22: =I22/I_ExchangeRate -> #DIV/0! | N22: =IF(M22="",$F22*L22,$F22*L22*M22) -> 0 | O22: =N22/I_ExchangeRate -> #DIV/0!
D23: =D22+1 -> 9 | I23: =IF(H23="",$F23*G23,$F23*G23*H23) -> 0 | J23: =I23/I_ExchangeRate -> #DIV/0! | N23: =IF(M23="",$F23*L23,$F23*L23*M23) -> 0 | O23: =N23/I_ExchangeRate -> #DIV/0!
D24: =D23+1 -> 10 | I24: =IF(H24="",$F24*G24,$F24*G24*H24) -> 0 | J24: =I24/I_ExchangeRate -> #DIV/0! | N24: =IF(M24="",$F24*L24,$F24*L24*M24) -> 0 | O24: =N24/I_ExchangeRate -> #DIV/0!
E25: Sub-Total | I25: =SUM(I15:I24) -> 0 | J25: =SUM(J15:J24) -> #DIV/0! | N25: =SUM(N15:N24) -> 0 | O25: =SUM(O15:O24) -> #DIV/0!
G27: =G13 -> Typical case | L27: =L13 -> Full coverage case | P27: Audit trail
C28: ='B. CostCategories'!F22 -> R8 | D28: No. | E28: =INDEX('B. CostCategories'!E:E,MATCH(C28,'B. CostCategories'!F:F,0)) -> Physical violence | F28: ="Unit cost ("&I_CurrencySymbol &")" -> Unit cost () | G28: Number of people / units | H28: Days / hours | I28: ="Total cost ("&I_CurrencySymbol&")" -> Total cost () | J28: Total cost $ | L28: =G28 -> Number of people / units | M28: =H28 -> Days / hours | N28: =I28 -> Total cost () | O28: =J28 -> Total cost $ | P28: Assumptions for typical case | Q28: Assumptions for best case
D29: 1 | E29: 1. Visits to CHC | I29: =IF(H29="",$F29*G29,$F29*G29*H29) -> 0 | J29: =I29/I_ExchangeRate -> #DIV/0! | N29: =IF(M29="",$F29*L29,$F29*L29*M29) -> 0 | O29: =N29/I_ExchangeRate -> #DIV/0!
D30: =D29+1 -> 2 | E30: 2. Visits to specialist | I30: =IF(H30="",$F30*G30,$F30*G30*H30) -> 0 | J30: =I30/I_ExchangeRate -> #DIV/0! | N30: =IF(M30="",$F30*L30,$F30*L30*M30) -> 0 | O30: =N30/I_ExchangeRate -> #DIV/0!
D31: =D30+1 -> 3 | E31: 3. Emergency | I31: =IF(H31="",$F31*G31,$F31*G31*H31) -> 0 | J31: =I31/I_ExchangeRate -> #DIV/0! | N31: =IF(M31="",$F31*L31,$F31*L31*M31) -> 0 | O31: =N31/I_ExchangeRate -> #DIV/0!
D32: =D31+1 -> 4 | E32: 4. Hositalization | I32: =IF(H32="",$F32*G32,$F32*G32*H32) -> 0 | J32: =I32/I_ExchangeRate -> #DIV/0! | N32: =IF(M32="",$F32*L32,$F32*L32*M32) -> 0 | O32: =N32/I_ExchangeRate -> #DIV/0!
D33: =D32+1 -> 5 | I33: =IF(H33="",$F33*G33,$F33*G33*H33) -> 0 | J33: =I33/I_ExchangeRate -> #DIV/0! | N33: =IF(M33="",$F33*L33,$F33*L33*M33) -> 0 | O33: =N33/I_ExchangeRate -> #DIV/0!
D34: =D33+1 -> 6 | I34: =IF(H34="",$F34*G34,$F34*G34*H34) -> 0 | J34: =I34/I_ExchangeRate -> #DIV/0! | N34: =IF(M34="",$F34*L34,$F34*L34*M34) -> 0 | O34: =N34/I_ExchangeRate -> #DIV/0!
D35: =D34+1 -> 7 | I35: =IF(H35="",$F35*G35,$F35*G35*H35) -> 0 | J35: =I35/I_ExchangeRate -> #DIV/0! | N35: =IF(M35="",$F35*L35,$F35*L35*M35) -> 0 | O35: =N35/I_ExchangeRate -> #DIV/0!
D36: =D35+1 -> 8 | I36: =IF(H36="",$F36*G36,$F36*G36*H36) -> 0 | J36: =I36/I_ExchangeRate -> #DIV/0! | N36: =IF(M36="",$F36*L36,$F36*L36*M36) -> 0 | O36: =N36/I_ExchangeRate -> #DIV/0!
D37: =D36+1 -> 9 | I37: =IF(H37="",$F37*G37,$F37*G37*H37) -> 0 | J37: =I37/I_ExchangeRate -> #DIV/0! | N37: =IF(M37="",$F37*L37,$F37*L37*M37) -> 0 | O37: =N37/I_ExchangeRate -> #DIV/0!
D38: =D37+1 -> 10 | I38: =IF(H38="",$F38*G38,$F38*G38*H38) -> 0 | J38: =I38/I_ExchangeRate -> #DIV/0! | N38: =IF(M38="",$F38*L38,$F38*L38*M38) -> 0 | O38: =N38/I_ExchangeRate -> #DIV/0!
E39: Sub-Total | I39: =SUM(I29:I38) -> 0 | J39: =SUM(J29:J38) -> #DIV/0! | N39: =SUM(N29:N38) -> 0 | O39: =SUM(O29:O38) -> #DIV/0!
G41: =G27 -> Typical case | L41: =L27 -> Full coverage case | P41: Audit trail
C42: ='B. CostCategories'!F23 -> R9 | D42: No. | E42: =INDEX('B. CostCategories'!E:E,MATCH(C42,'B. CostCategories'!F:F,0)) -> 0 | F42: ="Unit cost ("&I_CurrencySymbol &")" -> Unit cost () | G42: Number of people / units | H42: Days / hours | I42: ="Total cost ("&I_CurrencySymbol&")" -> Total cost () | J42: Total cost $ | L42: =G42 -> Number of people / units | M42: =H42 -> Days / hours | N42: =I42 -> Total cost () | O42: =J42 -> Total cost $ | P42: Assumptions for typical case | Q42: Assumptions for best case
D43: 1 | I43: =IF(H43="",$F43*G43,$F43*G43*H43) -> 0 | J43: =I43/I_ExchangeRate -> #DIV/0! | N43: =IF(M43="",$F43*L43,$F43*L43*M43) -> 0 | O43: =N43/I_ExchangeRate -> #DIV/0!
D44: =D43+1 -> 2 | I44: =IF(H44="",$F44*G44,$F44*G44*H44) -> 0 | J44: =I44/I_ExchangeRate -> #DIV/0! | N44: =IF(M44="",$F44*L44,$F44*L44*M44) -> 0 | O44: =N44/I_ExchangeRate -> #DIV/0!
D45: =D44+1 -> 3 | I45: =IF(H45="",$F45*G45,$F45*G45*H45) -> 0 | J45: =I45/I_ExchangeRate -> #DIV/0! | N45: =IF(M45="",$F45*L45,$F45*L45*M45) -> 0 | O45: =N45/I_ExchangeRate -> #DIV/0!
D46: =D45+1 -> 4 | I46: =IF(H46="",$F46*G46,$F46*G46*H46) -> 0 | J46: =I46/I_ExchangeRate -> #DIV/0! | N46: =IF(M46="",$F46*L46,$F46*L46*M46) -> 0 | O46: =N46/I_ExchangeRate -> #DIV/0!
D47: =D46+1 -> 5 | I47: =IF(H47="",$F47*G47,$F47*G47*H47) -> 0 | J47: =I47/I_ExchangeRate -> #DIV/0! | N47: =IF(M47="",$F47*L47,$F47*L47*M47) -> 0 | O47: =N47/I_ExchangeRate -> #DIV/0!
D48: =D47+1 -> 6 | I48: =IF(H48="",$F48*G48,$F48*G48*H48) -> 0 | J48: =I48/I_ExchangeRate -> #DIV/0! | N48: =IF(M48="",$F48*L48,$F48*L48*M48) -> 0 | O48: =N48/I_ExchangeRate -> #DIV/0!
D49: =D48+1 -> 7 | I49: =IF(H49="",$F49*G49,$F49*G49*H49) -> 0 | J49: =I49/I_ExchangeRate -> #DIV/0! | N49: =IF(M49="",$F49*L49,$F49*L49*M49) -> 0 | O49: =N49/I_ExchangeRate -> #DIV/0!
D50: =D49+1 -> 8 | I50: =IF(H50="",$F50*G50,$F50*G50*H50) -> 0 | J50: =I50/I_ExchangeRate -> #DIV/0! | N50: =IF(M50="",$F50*L50,$F50*L50*M50) -> 0 | O50: =N50/I_ExchangeRate -> #DIV/0!
D51: =D50+1 -> 9 | I51: =IF(H51="",$F51*G51,$F51*G51*H51) -> 0 | J51: =I51/I_ExchangeRate -> #DIV/0! | N51: =IF(M51="",$F51*L51,$F51*L51*M51) -> 0 | O51: =N51/I_ExchangeRate -> #DIV/0!
D52: =D51+1 -> 10 | I52: =IF(H52="",$F52*G52,$F52*G52*H52) -> 0 | J52: =I52/I_ExchangeRate -> #DIV/0! | N52: =IF(M52="",$F52*L52,$F52*L52*M52) -> 0 | O52: =N52/I_ExchangeRate -> #DIV/0!
E53: Sub-Total | I53: =SUM(I43:I52) -> 0 | J53: =SUM(J43:J52) -> #DIV/0! | N53: =SUM(N43:N52) -> 0 | O53: =SUM(O43:O52) -> #DIV/0!
G55: =G41 -> Typical case | L55: =L41 -> Full coverage case | P55: Audit trail
C56: ='B. CostCategories'!F24 -> R10 | D56: No. | E56: =INDEX('B. CostCategories'!E:E,MATCH(C56,'B. CostCategories'!F:F,0)) -> 0 | F56: ="Unit cost ("&I_CurrencySymbol &")" -> Unit cost () | G56: Number of people / units | H56: Days / hours | I56: ="Total cost ("&I_CurrencySymbol&")" -> Total cost () | J56: Total cost $ | L56: =G56 -> Number of people / units | M56: =H56 -> Days / hours | N56: =I56 -> Total cost () | O56: =J56 -> Total cost $ | P56: Assumptions for typical case | Q56: Assumptions for best case
D57: 1 | I57: =IF(H57="",$F57*G57,$F57*G57*H57) -> 0 | J57: =I57/I_ExchangeRate -> #DIV/0! | N57: =IF(M57="",$F57*L57,$F57*L57*M57) -> 0 | O57: =N57/I_ExchangeRate -> #DIV/0!
D58: =D57+1 -> 2 | I58: =IF(H58="",$F58*G58,$F58*G58*H58) -> 0 | J58: =I58/I_ExchangeRate -> #DIV/0! | N58: =IF(M58="",$F58*L58,$F58*L58*M58) -> 0 | O58: =N58/I_ExchangeRate -> #DIV/0!
D59: =D58+1 -> 3 | I59: =IF(H59="",$F59*G59,$F59*G59*H59) -> 0 | J59: =I59/I_ExchangeRate -> #DIV/0! | N59: =IF(M59="",$F59*L59,$F59*L59*M59) -> 0 | O59: =N59/I_ExchangeRate -> #DIV/0!
D60: =D59+1 -> 4 | I60: =IF(H60="",$F60*G60,$F60*G60*H60) -> 0 | J60: =I60/I_ExchangeRate -> #DIV/0! | N60: =IF(M60="",$F60*L60,$F60*L60*M60) -> 0 | O60: =N60/I_ExchangeRate -> #DIV/0!
D61: =D60+1 -> 5 | I61: =IF(H61="",$F61*G61,$F61*G61*H61) -> 0 | J61: =I61/I_ExchangeRate -> #DIV/0! | N61: =IF(M61="",$F61*L61,$F61*L61*M61) -> 0 | O61: =N61/I_ExchangeRate -> #DIV/0!
D62: =D61+1 -> 6 | I62: =IF(H62="",$F62*G62,$F62*G62*H62) -> 0 | J62: =I62/I_ExchangeRate -> #DIV/0! | N62: =IF(M62="",$F62*L62,$F62*L62*M62) -> 0 | O62: =N62/I_ExchangeRate -> #DIV/0!
D63: =D62+1 -> 7 | I63: =IF(H63="",$F63*G63,$F63*G63*H63) -> 0 | J63: =I63/I_ExchangeRate -> #DIV/0! | N63: =IF(M63="",$F63*L63,$F63*L63*M63) -> 0 | O63: =N63/I_ExchangeRate -> #DIV/0!
D64: =D63+1 -> 8 | I64: =IF(H64="",$F64*G64,$F64*G64*H64) -> 0 | J64: =I64/I_ExchangeRate -> #DIV/0! | N64: =IF(M64="",$F64*L64,$F64*L64*M64) -> 0 | O64: =N64/I_ExchangeRate -> #DIV/0!
D65: =D64+1 -> 9 | I65: =IF(H65="",$F65*G65,$F65*G65*H65) -> 0 | J65: =I65/I_ExchangeRate -> #DIV/0! | N65: =IF(M65="",$F65*L65,$F65*L65*M65) -> 0 | O65: =N65/I_ExchangeRate -> #DIV/0!
D66: =D65+1 -> 10 | I66: =IF(H66="",$F66*G66,$F66*G66*H66) -> 0 | J66: =I66/I_ExchangeRate -> #DIV/0! | N66: =IF(M66="",$F66*L66,$F66*L66*M66) -> 0 | O66: =N66/I_ExchangeRate -> #DIV/0!
E67: Sub-Total | I67: =SUM(I57:I66) -> 0 | J67: =SUM(J57:J66) -> #DIV/0! | N67: =SUM(N57:N66) -> 0 | O67: =SUM(O57:O66) -> #DIV/0!
G69: =G55 -> Typical case | L69: =L55 -> Full coverage case | P69: Audit trail
C70: ='B. CostCategories'!F25 -> R11 | D70: No. | E70: =INDEX('B. CostCategories'!E:E,MATCH(C70,'B. CostCategories'!F:F,0)) -> 0 | F70: ="Unit cost ("&I_CurrencySymbol &")" -> Unit cost () | G70: Number of people / units | H70: Days / hours | I70: ="Total cost ("&I_CurrencySymbol&")" -> Total cost () | J70: Total cost $ | L70: =G70 -> Number of people / units | M70: =H70 -> Days / hours | N70: =I70 -> Total cost () | O70: =J70 -> Total cost $ | P70: Assumptions for typical case | Q70: Assumptions for best case
D71: 1 | I71: =IF(H71="",$F71*G71,$F71*G71*H71) -> 0 | J71: =I71/I_ExchangeRate -> #DIV/0! | N71: =IF(M71="",$F71*L71,$F71*L71*M71) -> 0 | O71: =N71/I_ExchangeRate -> #DIV/0!
D72: =D71+1 -> 2 | I72: =IF(H72="",$F72*G72,$F72*G72*H72) -> 0 | J72: =I72/I_ExchangeRate -> #DIV/0! | N72: =IF(M72="",$F72*L72,$F72*L72*M72) -> 0 | O72: =N72/I_ExchangeRate -> #DIV/0!
D73: =D72+1 -> 3 | I73: =IF(H73="",$F73*G73,$F73*G73*H73) -> 0 | J73: =I73/I_ExchangeRate -> #DIV/0! | N73: =IF(M73="",$F73*L73,$F73*L73*M73) -> 0 | O73: =N73/I_ExchangeRate -> #DIV/0!
D74: =D73+1 -> 4 | I74: =IF(H74="",$F74*G74,$F74*G74*H74) -> 0 | J74: =I74/I_ExchangeRate -> #DIV/0! | N74: =IF(M74="",$F74*L74,$F74*L74*M74) -> 0 | O74: =N74/I_ExchangeRate -> #DIV/0!
D75: =D74+1 -> 5 | I75: =IF(H75="",$F75*G75,$F75*G75*H75) -> 0 | J75: =I75/I_ExchangeRate -> #DIV/0! | N75: =IF(M75="",$F75*L75,$F75*L75*M75) -> 0 | O75: =N75/I_ExchangeRate -> #DIV/0!
D76: =D75+1 -> 6 | I76: =IF(H76="",$F76*G76,$F76*G76*H76) -> 0 | J76: =I76/I_ExchangeRate -> #DIV/0! | N76: =IF(M76="",$F76*L76,$F76*L76*M76) -> 0 | O76: =N76/I_ExchangeRate -> #DIV/0!
D77: =D76+1 -> 7 | I77: =IF(H77="",$F77*G77,$F77*G77*H77) -> 0 | J77: =I77/I_ExchangeRate -> #DIV/0! | N77: =IF(M77="",$F77*L77,$F77*L77*M77) -> 0 | O77: =N77/I_ExchangeRate -> #DIV/0!
D78: =D77+1 -> 8 | I78: =IF(H78="",$F78*G78,$F78*G78*H78) -> 0 | J78: =I78/I_ExchangeRate -> #DIV/0! | N78: =IF(M78="",$F78*L78,$F78*L78*M78) -> 0 | O78: =N78/I_ExchangeRate -> #DIV/0!
D79: =D78+1 -> 9 | I79: =IF(H79="",$F79*G79,$F79*G79*H79) -> 0 | J79: =I79/I_ExchangeRate -> #DIV/0! | N79: =IF(M79="",$F79*L79,$F79*L79*M79) -> 0 | O79: =N79/I_ExchangeRate -> #DIV/0!
D80: =D79+1 -> 10 | I80: =IF(H80="",$F80*G80,$F80*G80*H80) -> 0 | J80: =I80/I_ExchangeRate -> #DIV/0! | N80: =IF(M80="",$F80*L80,$F80*L80*M80) -> 0 | O80: =N80/I_ExchangeRate -> #DIV/0!
E81: Sub-Total | I81: =SUM(I71:I80) -> 0 | J81: =SUM(J71:J80) -> #DIV/0! | N81: =SUM(N71:N80) -> 0 | O81: =SUM(O71:O80) -> #DIV/0!
D84: Working area
D86: This area can be used to undertake any calculations, etc. required. Data entered here will not automatically link to anywhere else in the tool but you can choose to link it to other point in the tool.

Sheet Sheet1
F35: 0.75 | G35: 0.5 | H35: 0.25 | K35: 0.75 | L35: 0.5 | M35: 0.25
E36: 55 | F36: =E36+(255-E36)*F$35 -> 205 | G36: =F36+(255-F36)*G$35 -> 230 | H36: =G36+(255-G36)*H$35 -> 236.25 | J36: 0 | K36: =J36+(255-J36)*K$35 -> 191.25 | L36: =K36+(255-K36)*L$35 -> 223.125 | M36: =L36+(255-L36)*M$35 -> 231.09375
E37: 55 | F37: =E37+(255-E37)*F$35 -> 205 | G37: =F37+(255-F37)*G$35 -> 230 | H37: =G37+(255-G37)*H$35 -> 236.25 | J37: 155 | K37: =J37+(255-J37)*K$35 -> 230 | L37: =K37+(255-K37)*L$35 -> 242.5 | M37: =L37+(255-L37)*M$35 -> 245.625
E38: 125 | F38: =E38+(255-E38)*F$35 -> 222.5 | G38: =F38+(255-F38)*G$35 -> 238.75 | H38: =G38+(255-G38)*H$35 -> 242.8125 | J38: 155 | K38: =J38+(255-J38)*K$35 -> 230 | L38: =K38+(255-K38)*L$35 -> 242.5 | M38: =L38+(255-L38)*M$35 -> 245.625

Sheet 3.Law enforcement and judiciary
D2: ='B. CostCategories'!D26 -> Law enforcement and judiciary
D5: Note that all yellow cells in any given row need to be populated for the calculations to work for that item. This may mean needing to add a '1' where there is no specific value or multiple. This is particularly likely to apply for the 'Number of people/units' field.
G7: =DetailedSummary!$K$9 -> Typical case | L7: =DetailedSummary!$M$9 -> Full coverage case | P7: Audit trail
C8: ='B. CostCategories'!F26 -> R12 | D8: No. | E8: =INDEX('B. CostCategories'!E:E,MATCH(C8,'B. CostCategories'!F:F,0)) -> Cost of service call by police | F8: ="Unit cost ("&I_CurrencySymbol &")" -> Unit cost () | G8: Number of people / units | H8: Days / hours | I8: ="Total cost ("&I_CurrencySymbol&")" -> Total cost () | J8: Total cost $ | L8: =G8 -> Number of people / units | M8: =H8 -> Days / hours | N8: =I8 -> Total cost () | O8: =J8 -> Total cost $ | P8: Assumptions / data sources for typical case | Q8: Assumptions / data sources for best case
D9: 1 | E9: 1. Cost of service call (not associated with administrative/ciminal liability) | I9: =IF(H9="",$F9*G9,$F9*G9*H9) -> 0 | J9: =I9/I_ExchangeRate -> #DIV/0! | N9: =IF(M9="",$F9*L9,$F9*L9*M9) -> 0 | O9: =N9/I_ExchangeRate -> #DIV/0!
D10: =D9+1 -> 2 | I10: =IF(H10="",$F10*G10,$F10*G10*H10) -> 0 | J10: =I10/I_ExchangeRate -> #DIV/0! | N10: =IF(M10="",$F10*L10,$F10*L10*M10) -> 0 | O10: =N10/I_ExchangeRate -> #DIV/0!
D11: =D10+1 -> 3 | I11: =IF(H11="",$F11*G11,$F11*G11*H11) -> 0 | J11: =I11/I_ExchangeRate -> #DIV/0! | N11: =IF(M11="",$F11*L11,$F11*L11*M11) -> 0 | O11: =N11/I_ExchangeRate -> #DIV/0!
D12: =D11+1 -> 4 | I12: =IF(H12="",$F12*G12,$F12*G12*H12) -> 0 | J12: =I12/I_ExchangeRate -> #DIV/0! | N12: =IF(M12="",$F12*L12,$F12*L12*M12) -> 0 | O12: =N12/I_ExchangeRate -> #DIV/0!
D13: =D12+1 -> 5 | I13: =IF(H13="",$F13*G13,$F13*G13*H13) -> 0 | J13: =I13/I_ExchangeRate -> #DIV/0! | N13: =IF(M13="",$F13*L13,$F13*L13*M13) -> 0 | O13: =N13/I_ExchangeRate -> #DIV/0!
D14: =D13+1 -> 6 | I14: =IF(H14="",$F14*G14,$F14*G14*H14) -> 0 | J14: =I14/I_ExchangeRate -> #DIV/0! | N14: =IF(M14="",$F14*L14,$F14*L14*M14) -> 0 | O14: =N14/I_ExchangeRate -> #DIV/0!
D15: =D14+1 -> 7 | I15: =IF(H15="",$F15*G15,$F15*G15*H15) -> 0 | J15: =I15/I_ExchangeRate -> #DIV/0! | N15: =IF(M15="",$F15*L15,$F15*L15*M15) -> 0 | O15: =N15/I_ExchangeRate -> #DIV/0!
D16: =D15+1 -> 8 | I16: =IF(H16="",$F16*G16,$F16*G16*H16) -> 0 | J16: =I16/I_ExchangeRate -> #DIV/0! | N16: =IF(M16="",$F16*L16,$F16*L16*M16) -> 0 | O16: =N16/I_ExchangeRate -> #DIV/0!
D17: =D16+1 -> 9 | I17: =IF(H17="",$F17*G17,$F17*G17*H17) -> 0 | J17: =I17/I_ExchangeRate -> #DIV/0! | N17: =IF(M17="",$F17*L17,$F17*L17*M17) -> 0 | O17: =N17/I_ExchangeRate -> #DIV/0!
D18: =D17+1 -> 10 | I18: =IF(H18="",$F18*G18,$F18*G18*H18) -> 0 | J18: =I18/I_ExchangeRate -> #DIV/0! | N18: =IF(M18="",$F18*L18,$F18*L18*M18) -> 0 | O18: =N18/I_ExchangeRate -> #DIV/0!
E19: Sub-Total | I19: =SUM(I9:I18) -> 0 | J19: =SUM(J9:J18) -> #DIV/0! | N19: =SUM(N9:N18) -> 0 | O19: =SUM(O9:O18) -> #DIV/0!
G21: =G7 -> Typical case | L21: =L7 -> Full coverage case | P21: Audit trail
C22: ='B. CostCategories'!F27 -> R13 | D22: No. | E22: =INDEX('B. CostCategories'!E:E,MATCH(C22,'B. CostCategories'!F:F,0)) -> Registration and administration cost of case | F22: ="Unit cost ("&I_CurrencySymbol &")" -> Unit cost () | G22: Number of people / units | H22: Days / hours | I22: ="Total cost ("&I_CurrencySymbol&")" -> Total cost () | J22: Total cost $ | L22: =G22 -> Number of people / units | M22: =H22 -> Days / hours | N22: =I22 -> Total cost () | O22: =J22 -> Total cost $ | P22: Assumptions for typical case | Q22: Assumptions for best case
D23: 1 | E23: a. Law enforcement | I23: =IF(H23="",$F23*G23,$F23*G23*H23) -> 0 | J23: =I23/I_ExchangeRate -> #DIV/0! | N23: =IF(M23="",$F23*L23,$F23*L23*M23) -> 0 | O23: =N23/I_ExchangeRate -> #DIV/0! | P23: 192.4
D24: =D23+1 -> 2 | E24: b. Protection | I24: =IF(H24="",$F24*G24,$F24*G24*H24) -> 0 | J24: =I24/I_ExchangeRate -> #DIV/0! | N24: =IF(M24="",$F24*L24,$F24*L24*M24) -> 0 | O24: =N24/I_ExchangeRate -> #DIV/0! | P24: 192.4
D25: =D24+1 -> 3 | E25: c. Probation | I25: =IF(H25="",$F25*G25,$F25*G25*H25) -> 0 | J25: =I25/I_ExchangeRate -> #DIV/0! | N25: =IF(M25="",$F25*L25,$F25*L25*M25) -> 0 | O25: =N25/I_ExchangeRate -> #DIV/0! | P25: 327.4
D26: =D25+1 -> 4 | E26: d. Evicson | I26: =IF(H26="",$F26*G26,$F26*G26*H26) -> 0 | J26: =I26/I_ExchangeRate -> #DIV/0! | N26: =IF(M26="",$F26*L26,$F26*L26*M26) -> 0 | O26: =N26/I_ExchangeRate -> #DIV/0! | P26: 203
D27: =D26+1 -> 5 | E27: e. Rape/Sexual offence | I27: =IF(H27="",$F27*G27,$F27*G27*H27) -> 0 | J27: =I27/I_ExchangeRate -> #DIV/0! | N27: =IF(M27="",$F27*L27,$F27*L27*M27) -> 0 | O27: =N27/I_ExchangeRate -> #DIV/0! | P27: 268.4
D28: =D27+1 -> 6 | E28: f. Long term detention cost | I28: =IF(H28="",$F28*G28,$F28*G28*H28) -> 0 | J28: =I28/I_ExchangeRate -> #DIV/0! | N28: =IF(M28="",$F28*L28,$F28*L28*M28) -> 0 | O28: =N28/I_ExchangeRate -> #DIV/0! | P28: 135
D29: =D28+1 -> 7 | I29: =IF(H29="",$F29*G29,$F29*G29*H29) -> 0 | J29: =I29/I_ExchangeRate -> #DIV/0! | N29: =IF(M29="",$F29*L29,$F29*L29*M29) -> 0 | O29: =N29/I_ExchangeRate -> #DIV/0!
D30: =D29+1 -> 8 | I30: =IF(H30="",$F30*G30,$F30*G30*H30) -> 0 | J30: =I30/I_ExchangeRate -> #DIV/0! | N30: =IF(M30="",$F30*L30,$F30*L30*M30) -> 0 | O30: =N30/I_ExchangeRate -> #DIV/0!
D31: =D30+1 -> 9 | I31: =IF(H31="",$F31*G31,$F31*G31*H31) -> 0 | J31: =I31/I_ExchangeRate -> #DIV/0! | N31: =IF(M31="",$F31*L31,$F31*L31*M31) -> 0 | O31: =N31/I_ExchangeRate -> #DIV/0!
D32: =D31+1 -> 10 | I32: =IF(H32="",$F32*G32,$F32*G32*H32) -> 0 | J32: =I32/I_ExchangeRate -> #DIV/0! | N32: =IF(M32="",$F32*L32,$F32*L32*M32) -> 0 | O32: =N32/I_ExchangeRate -> #DIV/0!
E33: Sub-Total | I33: =SUM(I23:I32) -> 0 | J33: =SUM(J23:J32) -> #DIV/0! | N33: =SUM(N23:N32) -> 0 | O33: =SUM(O23:O32) -> #DIV/0!
G35: =G21 -> Typical case | L35: =L21 -> Full coverage case | P35: Audit trail
C36: ='B. CostCategories'!F28 -> R14 | D36: No. | E36: =INDEX('B. CostCategories'!E:E,MATCH(C36,'B. CostCategories'!F:F,0)) -> Protection | F36: ="Unit cost ("&I_CurrencySymbol &")" -> Unit cost () | G36: Number of people / units | H36: Days / hours | I36: ="Total cost ("&I_CurrencySymbol&")" -> Total cost () | J36: Total cost $ | L36: =G36 -> Number of people / units | M36: =H36 -> Days / hours | N36: =I36 -> Total cost () | O36: =J36 -> Total cost $ | P36: Assumptions for typical case | Q36: Assumptions for best case
D37: 1 | I37: =IF(H37="",$F37*G37,$F37*G37*H37) -> 0 | J37: =I37/I_ExchangeRate -> #DIV/0! | N37: =IF(M37="",$F37*L37,$F37*L37*M37) -> 0 | O37: =N37/I_ExchangeRate -> #DIV/0!
D38: =D37+1 -> 2 | I38: =IF(H38="",$F38*G38,$F38*G38*H38) -> 0 | J38: =I38/I_ExchangeRate -> #DIV/0! | N38: =IF(M38="",$F38*L38,$F38*L38*M38) -> 0 | O38: =N38/I_ExchangeRate -> #DIV/0!
D39: =D38+1 -> 3 | I39: =IF(H39="",$F39*G39,$F39*G39*H39) -> 0 | J39: =I39/I_ExchangeRate -> #DIV/0! | N39: =IF(M39="",$F39*L39,$F39*L39*M39) -> 0 | O39: =N39/I_ExchangeRate -> #DIV/0!
D40: =D39+1 -> 4 | I40: =IF(H40="",$F40*G40,$F40*G40*H40) -> 0 | J40: =I40/I_ExchangeRate -> #DIV/0! | N40: =IF(M40="",$F40*L40,$F40*L40*M40) -> 0 | O40: =N40/I_ExchangeRate -> #DIV/0!
D41: =D40+1 -> 5 | I41: =IF(H41="",$F41*G41,$F41*G41*H41) -> 0 | J41: =I41/I_ExchangeRate -> #DIV/0! | N41: =IF(M41="",$F41*L41,$F41*L41*M41) -> 0 | O41: =N41/I_ExchangeRate -> #DIV/0!
D42: =D41+1 -> 6 | I42: =IF(H42="",$F42*G42,$F42*G42*H42) -> 0 | J42: =I42/I_ExchangeRate -> #DIV/0! | N42: =IF(M42="",$F42*L42,$F42*L42*M42) -> 0 | O42: =N42/I_ExchangeRate -> #DIV/0!
D43: =D42+1 -> 7 | I43: =IF(H43="",$F43*G43,$F43*G43*H43) -> 0 | J43: =I43/I_ExchangeRate -> #DIV/0! | N43: =IF(M43="",$F43*L43,$F43*L43*M43) -> 0 | O43: =N43/I_ExchangeRate -> #DIV/0!
D44: =D43+1 -> 8 | I44: =IF(H44="",$F44*G44,$F44*G44*H44) -> 0 | J44: =I44/I_ExchangeRate -> #DIV/0! | N44: =IF(M44="",$F44*L44,$F44*L44*M44) -> 0 | O44: =N44/I_ExchangeRate -> #DIV/0!
D45: =D44+1 -> 9 | I45: =IF(H45="",$F45*G45,$F45*G45*H45) -> 0 | J45: =I45/I_ExchangeRate -> #DIV/0! | N45: =IF(M45="",$F45*L45,$F45*L45*M45) -> 0 | O45: =N45/I_ExchangeRate -> #DIV/0!
D46: =D45+1 -> 10 | I46: =IF(H46="",$F46*G46,$F46*G46*H46) -> 0 | J46: =I46/I_ExchangeRate -> #DIV/0! | N46: =IF(M46="",$F46*L46,$F46*L46*M46) -> 0 | O46: =N46/I_ExchangeRate -> #DIV/0!
E47: Sub-Total | I47: =SUM(I37:I46) -> 0 | J47: =SUM(J37:J46) -> #DIV/0! | N47: =SUM(N37:N46) -> 0 | O47: =SUM(O37:O46) -> #DIV/0!
G49: =G35 -> Typical case | L49: =L35 -> Full coverage case | P49: Audit trail
C50: ='B. CostCategories'!F29 -> R15 | D50: No. | E50: =INDEX('B. CostCategories'!E:E,MATCH(C50,'B. CostCategories'!F:F,0)) -> Probation/Arrest | F50: ="Unit cost ("&I_CurrencySymbol &")" -> Unit cost () | G50: Number of people / units | H50: Days / hours | I50: ="Total cost ("&I_CurrencySymbol&")" -> Total cost () | J50: Total cost $ | L50: =G50 -> Number of people / units | M50: =H50 -> Days / hours | N50: =I50 -> Total cost () | O50: =J50 -> Total cost $ | P50: Assumptions for typical case | Q50: Assumptions for best case
D51: 1 | I51: =IF(H51="",$F51*G51,$F51*G51*H51) -> 0 | J51: =I51/I_ExchangeRate -> #DIV/0! | N51: =IF(M51="",$F51*L51,$F51*L51*M51) -> 0 | O51: =N51/I_ExchangeRate -> #DIV/0!
D52: =D51+1 -> 2 | I52: =IF(H52="",$F52*G52,$F52*G52*H52) -> 0 | J52: =I52/I_ExchangeRate -> #DIV/0! | N52: =IF(M52="",$F52*L52,$F52*L52*M52) -> 0 | O52: =N52/I_ExchangeRate -> #DIV/0!
D53: =D52+1 -> 3 | I53: =IF(H53="",$F53*G53,$F53*G53*H53) -> 0 | J53: =I53/I_ExchangeRate -> #DIV/0! | N53: =IF(M53="",$F53*L53,$F53*L53*M53) -> 0 | O53: =N53/I_ExchangeRate -> #DIV/0!
D54: =D53+1 -> 4 | I54: =IF(H54="",$F54*G54,$F54*G54*H54) -> 0 | J54: =I54/I_ExchangeRate -> #DIV/0! | N54: =IF(M54="",$F54*L54,$F54*L54*M54) -> 0 | O54: =N54/I_ExchangeRate -> #DIV/0!
D55: =D54+1 -> 5 | I55: =IF(H55="",$F55*G55,$F55*G55*H55) -> 0 | J55: =I55/I_ExchangeRate -> #DIV/0! | N55: =IF(M55="",$F55*L55,$F55*L55*M55) -> 0 | O55: =N55/I_ExchangeRate -> #DIV/0!
D56: =D55+1 -> 6 | I56: =IF(H56="",$F56*G56,$F56*G56*H56) -> 0 | J56: =I56/I_ExchangeRate -> #DIV/0! | N56: =IF(M56="",$F56*L56,$F56*L56*M56) -> 0 | O56: =N56/I_ExchangeRate -> #DIV/0!
D57: =D56+1 -> 7 | I57: =IF(H57="",$F57*G57,$F57*G57*H57) -> 0 | J57: =I57/I_ExchangeRate -> #DIV/0! | N57: =IF(M57="",$F57*L57,$F57*L57*M57) -> 0 | O57: =N57/I_ExchangeRate -> #DIV/0!
D58: =D57+1 -> 8 | I58: =IF(H58="",$F58*G58,$F58*G58*H58) -> 0 | J58: =I58/I_ExchangeRate -> #DIV/0! | N58: =IF(M58="",$F58*L58,$F58*L58*M58) -> 0 | O58: =N58/I_ExchangeRate -> #DIV/0!
D59: =D58+1 -> 9 | I59: =IF(H59="",$F59*G59,$F59*G59*H59) -> 0 | J59: =I59/I_ExchangeRate -> #DIV/0! | N59: =IF(M59="",$F59*L59,$F59*L59*M59) -> 0 | O59: =N59/I_ExchangeRate -> #DIV/0!
D60: =D59+1 -> 10 | I60: =IF(H60="",$F60*G60,$F60*G60*H60) -> 0 | J60: =I60/I_ExchangeRate -> #DIV/0! | N60: =IF(M60="",$F60*L60,$F60*L60*M60) -> 0 | O60: =N60/I_ExchangeRate -> #DIV/0!
E61: Sub-Total | I61: =SUM(I51:I60) -> 0 | J61: =SUM(J51:J60) -> #DIV/0! | N61: =SUM(N51:N60) -> 0 | O61: =SUM(O51:O60) -> #DIV/0!
G63: =G49 -> Typical case | L63: =L49 -> Full coverage case | P63: Audit trail
C64: ='B. CostCategories'!F30 -> R16 | D64: No. | E64: =INDEX('B. CostCategories'!E:E,MATCH(C64,'B. CostCategories'!F:F,0)) -> Eviction | F64: ="Unit cost ("&I_CurrencySymbol &")" -> Unit cost () | G64: Number of people / units | H64: Days / hours | I64: ="Total cost ("&I_CurrencySymbol&")" -> Total cost () | J64: Total cost $ | L64: =G64 -> Number of people / units | M64: =H64 -> Days / hours | N64: =I64 -> Total cost () | O64: =J64 -> Total cost $ | P64: Assumptions for typical case | Q64: Assumptions for best case
D65: 1 | I65: =IF(H65="",$F65*G65,$F65*G65*H65) -> 0 | J65: =I65/I_ExchangeRate -> #DIV/0! | N65: =IF(M65="",$F65*L65,$F65*L65*M65) -> 0 | O65: =N65/I_ExchangeRate -> #DIV/0!
D66: =D65+1 -> 2 | I66: =IF(H66="",$F66*G66,$F66*G66*H66) -> 0 | J66: =I66/I_ExchangeRate -> #DIV/0! | N66: =IF(M66="",$F66*L66,$F66*L66*M66) -> 0 | O66: =N66/I_ExchangeRate -> #DIV/0!
D67: =D66+1 -> 3 | I67: =IF(H67="",$F67*G67,$F67*G67*H67) -> 0 | J67: =I67/I_ExchangeRate -> #DIV/0! | N67: =IF(M67="",$F67*L67,$F67*L67*M67) -> 0 | O67: =N67/I_ExchangeRate -> #DIV/0!
D68: =D67+1 -> 4 | I68: =IF(H68="",$F68*G68,$F68*G68*H68) -> 0 | J68: =I68/I_ExchangeRate -> #DIV/0! | N68: =IF(M68="",$F68*L68,$F68*L68*M68) -> 0 | O68: =N68/I_ExchangeRate -> #DIV/0!
D69: =D68+1 -> 5 | I69: =IF(H69="",$F69*G69,$F69*G69*H69) -> 0 | J69: =I69/I_ExchangeRate -> #DIV/0! | N69: =IF(M69="",$F69*L69,$F69*L69*M69) -> 0 | O69: =N69/I_ExchangeRate -> #DIV/0!
D70: =D69+1 -> 6 | I70: =IF(H70="",$F70*G70,$F70*G70*H70) -> 0 | J70: =I70/I_ExchangeRate -> #DIV/0! | N70: =IF(M70="",$F70*L70,$F70*L70*M70) -> 0 | O70: =N70/I_ExchangeRate -> #DIV/0!
D71: =D70+1 -> 7 | I71: =IF(H71="",$F71*G71,$F71*G71*H71) -> 0 | J71: =I71/I_ExchangeRate -> #DIV/0! | N71: =IF(M71="",$F71*L71,$F71*L71*M71) -> 0 | O71: =N71/I_ExchangeRate -> #DIV/0!
D72: =D71+1 -> 8 | I72: =IF(H72="",$F72*G72,$F72*G72*H72) -> 0 | J72: =I72/I_ExchangeRate -> #DIV/0! | N72: =IF(M72="",$F72*L72,$F72*L72*M72) -> 0 | O72: =N72/I_ExchangeRate -> #DIV/0!
D73: =D72+1 -> 9 | I73: =IF(H73="",$F73*G73,$F73*G73*H73) -> 0 | J73: =I73/I_ExchangeRate -> #DIV/0! | N73: =IF(M73="",$F73*L73,$F73*L73*M73) -> 0 | O73: =N73/I_ExchangeRate -> #DIV/0!
D74: =D73+1 -> 10 | I74: =IF(H74="",$F74*G74,$F74*G74*H74) -> 0 | J74: =I74/I_ExchangeRate -> #DIV/0! | N74: =IF(M74="",$F74*L74,$F74*L74*M74) -> 0 | O74: =N74/I_ExchangeRate -> #DIV/0!
E75: Sub-Total | I75: =SUM(I65:I74) -> 0 | J75: =SUM(J65:J74) -> #DIV/0! | N75: =SUM(N65:N74) -> 0 | O75: =SUM(O65:O74) -> #DIV/0!
G77: =G63 -> Typical case | L77: =L63 -> Full coverage case | P77: Audit trail
C78: ='B. CostCategories'!F31 -> R17 | D78: No. | E78: =INDEX('B. CostCategories'!E:E,MATCH(C78,'B. CostCategories'!F:F,0)) -> Sexual offences | F78: ="Unit cost ("&I_CurrencySymbol &")" -> Unit cost () | G78: Number of people / units | H78: Days / hours | I78: ="Total cost ("&I_CurrencySymbol&")" -> Total cost () | J78: Total cost $ | L78: =G78 -> Number of people / units | M78: =H78 -> Days / hours | N78: =I78 -> Total cost () | O78: =J78 -> Total cost $ | P78: Assumptions for typical case | Q78: Assumptions for best case
D79: 1 | I79: =IF(H79="",$F79*G79,$F79*G79*H79) -> 0 | J79: =I79/I_ExchangeRate -> #DIV/0! | N79: =IF(M79="",$F79*L79,$F79*L79*M79) -> 0 | O79: =N79/I_ExchangeRate -> #DIV/0!
D80: =D79+1 -> 2 | I80: =IF(H80="",$F80*G80,$F80*G80*H80) -> 0 | J80: =I80/I_ExchangeRate -> #DIV/0! | N80: =IF(M80="",$F80*L80,$F80*L80*M80) -> 0 | O80: =N80/I_ExchangeRate -> #DIV/0!
D81: =D80+1 -> 3 | I81: =IF(H81="",$F81*G81,$F81*G81*H81) -> 0 | J81: =I81/I_ExchangeRate -> #DIV/0! | N81: =IF(M81="",$F81*L81,$F81*L81*M81) -> 0 | O81: =N81/I_ExchangeRate -> #DIV/0!
D82: =D81+1 -> 4 | I82: =IF(H82="",$F82*G82,$F82*G82*H82) -> 0 | J82: =I82/I_ExchangeRate -> #DIV/0! | N82: =IF(M82="",$F82*L82,$F82*L82*M82) -> 0 | O82: =N82/I_ExchangeRate -> #DIV/0!
D83: =D82+1 -> 5 | I83: =IF(H83="",$F83*G83,$F83*G83*H83) -> 0 | J83: =I83/I_ExchangeRate -> #DIV/0! | N83: =IF(M83="",$F83*L83,$F83*L83*M83) -> 0 | O83: =N83/I_ExchangeRate -> #DIV/0!
D84: =D83+1 -> 6 | I84: =IF(H84="",$F84*G84,$F84*G84*H84) -> 0 | J84: =I84/I_ExchangeRate -> #DIV/0! | N84: =IF(M84="",$F84*L84,$F84*L84*M84) -> 0 | O84: =N84/I_ExchangeRate -> #DIV/0!
D85: =D84+1 -> 7 | I85: =IF(H85="",$F85*G85,$F85*G85*H85) -> 0 | J85: =I85/I_ExchangeRate -> #DIV/0! | N85: =IF(M85="",$F85*L85,$F85*L85*M85) -> 0 | O85: =N85/I_ExchangeRate -> #DIV/0!
D86: =D85+1 -> 8 | I86: =IF(H86="",$F86*G86,$F86*G86*H86) -> 0 | J86: =I86/I_ExchangeRate -> #DIV/0! | N86: =IF(M86="",$F86*L86,$F86*L86*M86) -> 0 | O86: =N86/I_ExchangeRate -> #DIV/0!
D87: =D86+1 -> 9 | I87: =IF(H87="",$F87*G87,$F87*G87*H87) -> 0 | J87: =I87/I_ExchangeRate -> #DIV/0! | N87: =IF(M87="",$F87*L87,$F87*L87*M87) -> 0 | O87: =N87/I_ExchangeRate -> #DIV/0!
D88: =D87+1 -> 10 | I88: =IF(H88="",$F88*G88,$F88*G88*H88) -> 0 | J88: =I88/I_ExchangeRate -> #DIV/0! | N88: =IF(M88="",$F88*L88,$F88*L88*M88) -> 0 | O88: =N88/I_ExchangeRate -> #DIV/0!
E89: Sub-Total | I89: =SUM(I79:I88) -> 0 | J89: =SUM(J79:J88) -> #DIV/0! | N89: =SUM(N79:N88) -> 0 | O89: =SUM(O79:O88) -> #DIV/0!
G91: =G77 -> Typical case | L91: =L77 -> Full coverage case | P91: Audit trail
C92: ='B. CostCategories'!F32 -> R18 | D92: No. | E92: =INDEX('B. CostCategories'!E:E,MATCH(C92,'B. CostCategories'!F:F,0)) -> Long term detention (prison) | F92: ="Unit cost ("&I_CurrencySymbol &")" -> Unit cost () | G92: Number of people / units | H92: Days / hours | I92: ="Total cost ("&I_CurrencySymbol&")" -> Total cost () | J92: Total cost $ | L92: =G92 -> Number of people / units | M92: =H92 -> Days / hours | N92: =I92 -> Total cost () | O92: =J92 -> Total cost $ | P92: Assumptions for typical case | Q92: Assumptions for best case
D93: 1 | I93: =IF(H93="",$F93*G93,$F93*G93*H93) -> 0 | J93: =I93/I_ExchangeRate -> #DIV/0! | N93: =IF(M93="",$F93*L93,$F93*L93*M93) -> 0 | O93: =N93/I_ExchangeRate -> #DIV/0!
D94: =D93+1 -> 2 | I94: =IF(H94="",$F94*G94,$F94*G94*H94) -> 0 | J94: =I94/I_ExchangeRate -> #DIV/0! | N94: =IF(M94="",$F94*L94,$F94*L94*M94) -> 0 | O94: =N94/I_ExchangeRate -> #DIV/0!
D95: =D94+1 -> 3 | I95: =IF(H95="",$F95*G95,$F95*G95*H95) -> 0 | J95: =I95/I_ExchangeRate -> #DIV/0! | N95: =IF(M95="",$F95*L95,$F95*L95*M95) -> 0 | O95: =N95/I_ExchangeRate -> #DIV/0!
D96: =D95+1 -> 4 | I96: =IF(H96="",$F96*G96,$F96*G96*H96) -> 0 | J96: =I96/I_ExchangeRate -> #DIV/0! | N96: =IF(M96="",$F96*L96,$F96*L96*M96) -> 0 | O96: =N96/I_ExchangeRate -> #DIV/0!
D97: =D96+1 -> 5 | I97: =IF(H97="",$F97*G97,$F97*G97*H97) -> 0 | J97: =I97/I_ExchangeRate -> #DIV/0! | N97: =IF(M97="",$F97*L97,$F97*L97*M97) -> 0 | O97: =N97/I_ExchangeRate -> #DIV/0!
D98: =D97+1 -> 6 | I98: =IF(H98="",$F98*G98,$F98*G98*H98) -> 0 | J98: =I98/I_ExchangeRate -> #DIV/0! | N98: =IF(M98="",$F98*L98,$F98*L98*M98) -> 0 | O98: =N98/I_ExchangeRate -> #DIV/0!
D99: =D98+1 -> 7 | I99: =IF(H99="",$F99*G99,$F99*G99*H99) -> 0 | J99: =I99/I_ExchangeRate -> #DIV/0! | N99: =IF(M99="",$F99*L99,$F99*L99*M99) -> 0 | O99: =N99/I_ExchangeRate -> #DIV/0!
D100: =D99+1 -> 8 | I100: =IF(H100="",$F100*G100,$F100*G100*H100) -> 0 | J100: =I100/I_ExchangeRate -> #DIV/0! | N100: =IF(M100="",$F100*L100,$F100*L100*M100) -> 0 | O100: =N100/I_ExchangeRate -> #DIV/0!
D101: =D100+1 -> 9 | I101: =IF(H101="",$F101*G101,$F101*G101*H101) -> 0 | J101: =I101/I_ExchangeRate -> #DIV/0! | N101: =IF(M101="",$F101*L101,$F101*L101*M101) -> 0 | O101: =N101/I_ExchangeRate -> #DIV/0!
D102: =D101+1 -> 10 | I102: =IF(H102="",$F102*G102,$F102*G102*H102) -> 0 | J102: =I102/I_ExchangeRate -> #DIV/0! | N102: =IF(M102="",$F102*L102,$F102*L102*M102) -> 0 | O102: =N102/I_ExchangeRate -> #DIV/0!
E103: Sub-Total | I103: =SUM(I93:I102) -> 0 | J103: =SUM(J93:J102) -> #DIV/0! | N103: =SUM(N93:N102) -> 0 | O103: =SUM(O93:O102) -> #DIV/0!
G105: =G91 -> Typical case | L105: =L91 -> Full coverage case | P105: Audit trail
C106: ='B. CostCategories'!F33 -> R19 | D106: No. | E106: =INDEX('B. CostCategories'!E:E,MATCH(C106,'B. CostCategories'!F:F,0)) -> Private and Public Cost of divorce | F106: ="Unit cost ("&I_CurrencySymbol &")" -> Unit cost () | G106: Number of people / units | H106: Days / hours | I106: ="Total cost ("&I_CurrencySymbol&")" -> Total cost () | J106: Total cost $ | L106: =G106 -> Number of people / units | M106: =H106 -> Days / hours | N106: =I106 -> Total cost () | O106: =J106 -> Total cost $ | P106: Assumptions for typical case | Q106: Assumptions for best case
D107: 1 | I107: =IF(H107="",$F107*G107,$F107*G107*H107) -> 0 | J107: =I107/I_ExchangeRate -> #DIV/0! | N107: =IF(M107="",$F107*L107,$F107*L107*M107) -> 0 | O107: =N107/I_ExchangeRate -> #DIV/0!
D108: =D107+1 -> 2 | I108: =IF(H108="",$F108*G108,$F108*G108*H108) -> 0 | J108: =I108/I_ExchangeRate -> #DIV/0! | N108: =IF(M108="",$F108*L108,$F108*L108*M108) -> 0 | O108: =N108/I_ExchangeRate -> #DIV/0!
D109: =D108+1 -> 3 | I109: =IF(H109="",$F109*G109,$F109*G109*H109) -> 0 | J109: =I109/I_ExchangeRate -> #DIV/0! | N109: =IF(M109="",$F109*L109,$F109*L109*M109) -> 0 | O109: =N109/I_ExchangeRate -> #DIV/0!
D110: =D109+1 -> 4 | I110: =IF(H110="",$F110*G110,$F110*G110*H110) -> 0 | J110: =I110/I_ExchangeRate -> #DIV/0! | N110: =IF(M110="",$F110*L110,$F110*L110*M110) -> 0 | O110: =N110/I_ExchangeRate -> #DIV/0!
D111: =D110+1 -> 5 | I111: =IF(H111="",$F111*G111,$F111*G111*H111) -> 0 | J111: =I111/I_ExchangeRate -> #DIV/0! | N111: =IF(M111="",$F111*L111,$F111*L111*M111) -> 0 | O111: =N111/I_ExchangeRate -> #DIV/0!
...

Sheet 4.Social services
D2: ='B. CostCategories'!D37 -> Social services
D5: Note that all yellow cells in any given row need to be populated for the calculations to work for that item. This may mean needing to add a '1' where there is no specific value or multiple. This is particularly likely to apply for the 'Number of people/units' field.
G7: =DetailedSummary!$K$9 -> Typical case | L7: =DetailedSummary!$M$9 -> Full coverage case | P7: Audit trail
C8: ='B. CostCategories'!F37 -> R23 | D8: No. | E8: =INDEX('B. CostCategories'!E:E,MATCH(C8,'B. CostCategories'!F:F,0)) -> Case completion for social services | F8: ="Unit cost ("&I_CurrencySymbol &")" -> Unit cost () | G8: Number of people / units | H8: Days / hours | I8: ="Total cost ("&I_CurrencySymbol&")" -> Total cost () | J8: Total cost $ | L8: =G8 -> Number of people / units | M8: =H8 -> Days / hours | N8: =I8 -> Total cost () | O8: =J8 -> Total cost $ | P8: Assumptions / data sources for typical case | Q8: Assumptions / data sources for best case
D9: 1 | E9: 1. Cost of case compilation/registration | I9: =IF(H9="",$F9*G9,$F9*G9*H9) -> 0 | J9: =I9/I_ExchangeRate -> #DIV/0! | N9: =IF(M9="",$F9*L9,$F9*L9*M9) -> 0 | O9: =N9/I_ExchangeRate -> #DIV/0!
D10: =D9+1 -> 2 | E10: 2. Self-Referral to correction programme | I10: =IF(H10="",$F10*G10,$F10*G10*H10) -> 0 | J10: =I10/I_ExchangeRate -> #DIV/0! | N10: =IF(M10="",$F10*L10,$F10*L10*M10) -> 0 | O10: =N10/I_ExchangeRate -> #DIV/0!
D11: =D10+1 -> 3 | I11: =IF(H11="",$F11*G11,$F11*G11*H11) -> 0 | J11: =I11/I_ExchangeRate -> #DIV/0! | N11: =IF(M11="",$F11*L11,$F11*L11*M11) -> 0 | O11: =N11/I_ExchangeRate -> #DIV/0!
D12: =D11+1 -> 4 | I12: =IF(H12="",$F12*G12,$F12*G12*H12) -> 0 | J12: =I12/I_ExchangeRate -> #DIV/0! | N12: =IF(M12="",$F12*L12,$F12*L12*M12) -> 0 | O12: =N12/I_ExchangeRate -> #DIV/0!
D13: =D12+1 -> 5 | I13: =IF(H13="",$F13*G13,$F13*G13*H13) -> 0 | J13: =I13/I_ExchangeRate -> #DIV/0! | N13: =IF(M13="",$F13*L13,$F13*L13*M13) -> 0 | O13: =N13/I_ExchangeRate -> #DIV/0!
D14: =D13+1 -> 6 | I14: =IF(H14="",$F14*G14,$F14*G14*H14) -> 0 | J14: =I14/I_ExchangeRate -> #DIV/0! | N14: =IF(M14="",$F14*L14,$F14*L14*M14) -> 0 | O14: =N14/I_ExchangeRate -> #DIV/0!
D15: =D14+1 -> 7 | I15: =IF(H15="",$F15*G15,$F15*G15*H15) -> 0 | J15: =I15/I_ExchangeRate -> #DIV/0! | N15: =IF(M15="",$F15*L15,$F15*L15*M15) -> 0 | O15: =N15/I_ExchangeRate -> #DIV/0!
D16: =D15+1 -> 8 | I16: =IF(H16="",$F16*G16,$F16*G16*H16) -> 0 | J16: =I16/I_ExchangeRate -> #DIV/0! | N16: =IF(M16="",$F16*L16,$F16*L16*M16) -> 0 | O16: =N16/I_ExchangeRate -> #DIV/0!
D17: =D16+1 -> 9 | I17: =IF(H17="",$F17*G17,$F17*G17*H17) -> 0 | J17: =I17/I_ExchangeRate -> #DIV/0! | N17: =IF(M17="",$F17*L17,$F17*L17*M17) -> 0 | O17: =N17/I_ExchangeRate -> #DIV/0!
D18: =D17+1 -> 10 | I18: =IF(H18="",$F18*G18,$F18*G18*H18) -> 0 | J18: =I18/I_ExchangeRate -> #DIV/0! | N18: =IF(M18="",$F18*L18,$F18*L18*M18) -> 0 | O18: =N18/I_ExchangeRate -> #DIV/0!
E19: Sub-Total | I19: =SUM(I9:I18) -> 0 | J19: =SUM(J9:J18) -> #DIV/0! | N19: =SUM(N9:N18) -> 0 | O19: =SUM(O9:O18) -> #DIV/0!
G21: =G7 -> Typical case | L21: =L7 -> Full coverage case | P21: Audit trail
C22: ='B. CostCategories'!F38 -> R24 | D22: No. | E22: =INDEX('B. CostCategories'!E:E,MATCH(C22,'B. CostCategories'!F:F,0)) -> Mediating self-referral cases | F22: ="Unit cost ("&I_CurrencySymbol &")" -> Unit cost () | G22: Number of people / units | H22: Days / hours | I22: ="Total cost ("&I_CurrencySymbol&")" -> Total cost () | J22: Total cost $ | L22: =G22 -> Number of people / units | M22: =H22 -> Days / hours | N22: =I22 -> Total cost () | O22: =J22 -> Total cost $ | P22: Assumptions for typical case | Q22: Assumptions for best case
D23: 1 | I23: =IF(H23="",$F23*G23,$F23*G23*H23) -> 0 | J23: =I23/I_ExchangeRate -> #DIV/0! | N23: =IF(M23="",$F23*L23,$F23*L23*M23) -> 0 | O23: =N23/I_ExchangeRate -> #DIV/0!
D24: =D23+1 -> 2 | I24: =IF(H24="",$F24*G24,$F24*G24*H24) -> 0 | J24: =I24/I_ExchangeRate -> #DIV/0! | N24: =IF(M24="",$F24*L24,$F24*L24*M24) -> 0 | O24: =N24/I_ExchangeRate -> #DIV/0!
D25: =D24+1 -> 3 | I25: =IF(H25="",$F25*G25,$F25*G25*H25) -> 0 | J25: =I25/I_ExchangeRate -> #DIV/0! | N25: =IF(M25="",$F25*L25,$F25*L25*M25) -> 0 | O25: =N25/I_ExchangeRate -> #DIV/0!
D26: =D25+1 -> 4 | I26: =IF(H26="",$F26*G26,$F26*G26*H26) -> 0 | J26: =I26/I_ExchangeRate -> #DIV/0! | N26: =IF(M26="",$F26*L26,$F26*L26*M26) -> 0 | O26: =N26/I_ExchangeRate -> #DIV/0!
D27: =D26+1 -> 5 | I27: =IF(H27="",$F27*G27,$F27*G27*H27) -> 0 | J27: =I27/I_ExchangeRate -> #DIV/0! | N27: =IF(M27="",$F27*L27,$F27*L27*M27) -> 0 | O27: =N27/I_ExchangeRate -> #DIV/0!
D28: =D27+1 -> 6 | I28: =IF(H28="",$F28*G28,$F28*G28*H28) -> 0 | J28: =I28/I_ExchangeRate -> #DIV/0! | N28: =IF(M28="",$F28*L28,$F28*L28*M28) -> 0 | O28: =N28/I_ExchangeRate -> #DIV/0!
D29: =D28+1 -> 7 | I29: =IF(H29="",$F29*G29,$F29*G29*H29) -> 0 | J29: =I29/I_ExchangeRate -> #DIV/0! | N29: =IF(M29="",$F29*L29,$F29*L29*M29) -> 0 | O29: =N29/I_ExchangeRate -> #DIV/0!
D30: =D29+1 -> 8 | I30: =IF(H30="",$F30*G30,$F30*G30*H30) -> 0 | J30: =I30/I_ExchangeRate -> #DIV/0! | N30: =IF(M30="",$F30*L30,$F30*L30*M30) -> 0 | O30: =N30/I_ExchangeRate -> #DIV/0!
D31: =D30+1 -> 9 | I31: =IF(H31="",$F31*G31,$F31*G31*H31) -> 0 | J31: =I31/I_ExchangeRate -> #DIV/0! | N31: =IF(M31="",$F31*L31,$F31*L31*M31) -> 0 | O31: =N31/I_ExchangeRate -> #DIV/0!
D32: =D31+1 -> 10 | I32: =IF(H32="",$F32*G32,$F32*G32*H32) -> 0 | J32: =I32/I_ExchangeRate -> #DIV/0! | N32: =IF(M32="",$F32*L32,$F32*L32*M32) -> 0 | O32: =N32/I_ExchangeRate -> #DIV/0!
E33: Sub-Total | I33: =SUM(I23:I32) -> 0 | J33: =SUM(J23:J32) -> #DIV/0! | N33: =SUM(N23:N32) -> 0 | O33: =SUM(O23:O32) -> #DIV/0!
G35: =G21 -> Typical case | L35: =L21 -> Full coverage case | P35: Audit trail
C36: ='B. CostCategories'!F39 -> R25 | D36: No. | E36: =INDEX('B. CostCategories'!E:E,MATCH(C36,'B. CostCategories'!F:F,0)) -> Counselling services | F36: ="Unit cost ("&I_CurrencySymbol &")" -> Unit cost () | G36: Number of people / units | H36: Days / hours | I36: ="Total cost ("&I_CurrencySymbol&")" -> Total cost () | J36: Total cost $ | L36: =G36 -> Number of people / units | M36: =H36 -> Days / hours | N36: =I36 -> Total cost () | O36: =J36 -> Total cost $ | P36: Assumptions for typical case | Q36: Assumptions for best case
D37: 1 | I37: =IF(H37="",$F37*G37,$F37*G37*H37) -> 0 | J37: =I37/I_ExchangeRate -> #DIV/0! | N37: =IF(M37="",$F37*L37,$F37*L37*M37) -> 0 | O37: =N37/I_ExchangeRate -> #DIV/0!
D38: =D37+1 -> 2 | I38: =IF(H38="",$F38*G38,$F38*G38*H38) -> 0 | J38: =I38/I_ExchangeRate -> #DIV/0! | N38: =IF(M38="",$F38*L38,$F38*L38*M38) -> 0 | O38: =N38/I_ExchangeRate -> #DIV/0!
D39: =D38+1 -> 3 | I39: =IF(H39="",$F39*G39,$F39*G39*H39) -> 0 | J39: =I39/I_ExchangeRate -> #DIV/0! | N39: =IF(M39="",$F39*L39,$F39*L39*M39) -> 0 | O39: =N39/I_ExchangeRate -> #DIV/0!
D40: =D39+1 -> 4 | I40: =IF(H40="",$F40*G40,$F40*G40*H40) -> 0 | J40: =I40/I_ExchangeRate -> #DIV/0! | N40: =IF(M40="",$F40*L40,$F40*L40*M40) -> 0 | O40: =N40/I_ExchangeRate -> #DIV/0!
D41: =D40+1 -> 5 | I41: =IF(H41="",$F41*G41,$F41*G41*H41) -> 0 | J41: =I41/I_ExchangeRate -> #DIV/0! | N41: =IF(M41="",$F41*L41,$F41*L41*M41) -> 0 | O41: =N41/I_ExchangeRate -> #DIV/0!
D42: =D41+1 -> 6 | I42: =IF(H42="",$F42*G42,$F42*G42*H42) -> 0 | J42: =I42/I_ExchangeRate -> #DIV/0! | N42: =IF(M42="",$F42*L42,$F42*L42*M42) -> 0 | O42: =N42/I_ExchangeRate -> #DIV/0!
D43: =D42+1 -> 7 | I43: =IF(H43="",$F43*G43,$F43*G43*H43) -> 0 | J43: =I43/I_ExchangeRate -> #DIV/0! | N43: =IF(M43="",$F43*L43,$F43*L43*M43) -> 0 | O43: =N43/I_ExchangeRate -> #DIV/0!
D44: =D43+1 -> 8 | I44: =IF(H44="",$F44*G44,$F44*G44*H44) -> 0 | J44: =I44/I_ExchangeRate -> #DIV/0! | N44: =IF(M44="",$F44*L44,$F44*L44*M44) -> 0 | O44: =N44/I_ExchangeRate -> #DIV/0!
D45: =D44+1 -> 9 | I45: =IF(H45="",$F45*G45,$F45*G45*H45) -> 0 | J45: =I45/I_ExchangeRate -> #DIV/0! | N45: =IF(M45="",$F45*L45,$F45*L45*M45) -> 0 | O45: =N45/I_ExchangeRate -> #DIV/0!
D46: =D45+1 -> 10 | I46: =IF(H46="",$F46*G46,$F46*G46*H46) -> 0 | J46: =I46/I_ExchangeRate -> #DIV/0! | N46: =IF(M46="",$F46*L46,$F46*L46*M46) -> 0 | O46: =N46/I_ExchangeRate -> #DIV/0!
E47: Sub-Total | I47: =SUM(I37:I46) -> 0 | J47: =SUM(J37:J46) -> #DIV/0! | N47: =SUM(N37:N46) -> 0 | O47: =SUM(O37:O46) -> #DIV/0!
G49: =G35 -> Typical case | L49: =L35 -> Full coverage case | P49: Audit trail
C50: ='B. CostCategories'!F40 -> R26 | D50: No. | E50: =INDEX('B. CostCategories'!E:E,MATCH(C50,'B. CostCategories'!F:F,0)) -> 0 | F50: ="Unit cost ("&I_CurrencySymbol &")" -> Unit cost () | G50: Number of people / units | H50: Days / hours | I50: ="Total cost ("&I_CurrencySymbol&")" -> Total cost () | J50: Total cost $ | L50: =G50 -> Number of people / units | M50: =H50 -> Days / hours | N50: =I50 -> Total cost () | O50: =J50 -> Total cost $ | P50: Assumptions for typical case | Q50: Assumptions for best case
D51: 1 | I51: =IF(H51="",$F51*G51,$F51*G51*H51) -> 0 | J51: =I51/I_ExchangeRate -> #DIV/0! | N51: =IF(M51="",$F51*L51,$F51*L51*M51) -> 0 | O51: =N51/I_ExchangeRate -> #DIV/0!
D52: =D51+1 -> 2 | I52: =IF(H52="",$F52*G52,$F52*G52*H52) -> 0 | J52: =I52/I_ExchangeRate -> #DIV/0! | N52: =IF(M52="",$F52*L52,$F52*L52*M52) -> 0 | O52: =N52/I_ExchangeRate -> #DIV/0!
D53: =D52+1 -> 3 | I53: =IF(H53="",$F53*G53,$F53*G53*H53) -> 0 | J53: =I53/I_ExchangeRate -> #DIV/0! | N53: =IF(M53="",$F53*L53,$F53*L53*M53) -> 0 | O53: =N53/I_ExchangeRate -> #DIV/0!
D54: =D53+1 -> 4 | I54: =IF(H54="",$F54*G54,$F54*G54*H54) -> 0 | J54: =I54/I_ExchangeRate -> #DIV/0! | N54: =IF(M54="",$F54*L54,$F54*L54*M54) -> 0 | O54: =N54/I_ExchangeRate -> #DIV/0!
D55: =D54+1 -> 5 | I55: =IF(H55="",$F55*G55,$F55*G55*H55) -> 0 | J55: =I55/I_ExchangeRate -> #DIV/0! | N55: =IF(M55="",$F55*L55,$F55*L55*M55) -> 0 | O55: =N55/I_ExchangeRate -> #DIV/0!
D56: =D55+1 -> 6 | I56: =IF(H56="",$F56*G56,$F56*G56*H56) -> 0 | J56: =I56/I_ExchangeRate -> #DIV/0! | N56: =IF(M56="",$F56*L56,$F56*L56*M56) -> 0 | O56: =N56/I_ExchangeRate -> #DIV/0!
D57: =D56+1 -> 7 | I57: =IF(H57="",$F57*G57,$F57*G57*H57) -> 0 | J57: =I57/I_ExchangeRate -> #DIV/0! | N57: =IF(M57="",$F57*L57,$F57*L57*M57) -> 0 | O57: =N57/I_ExchangeRate -> #DIV/0!
D58: =D57+1 -> 8 | I58: =IF(H58="",$F58*G58,$F58*G58*H58) -> 0 | J58: =I58/I_ExchangeRate -> #DIV/0! | N58: =IF(M58="",$F58*L58,$F58*L58*M58) -> 0 | O58: =N58/I_ExchangeRate -> #DIV/0!
D59: =D58+1 -> 9 | I59: =IF(H59="",$F59*G59,$F59*G59*H59) -> 0 | J59: =I59/I_ExchangeRate -> #DIV/0! | N59: =IF(M59="",$F59*L59,$F59*L59*M59) -> 0 | O59: =N59/I_ExchangeRate -> #DIV/0!
D60: =D59+1 -> 10 | I60: =IF(H60="",$F60*G60,$F60*G60*H60) -> 0 | J60: =I60/I_ExchangeRate -> #DIV/0! | N60: =IF(M60="",$F60*L60,$F60*L60*M60) -> 0 | O60: =N60/I_ExchangeRate -> #DIV/0!
E61: Sub-Total | I61: =SUM(I51:I60) -> 0 | J61: =SUM(J51:J60) -> #DIV/0! | N61: =SUM(N51:N60) -> 0 | O61: =SUM(O51:O60) -> #DIV/0!
G63: =G49 -> Typical case | L63: =L49 -> Full coverage case | P63: Audit trail
C64: ='B. CostCategories'!F41 -> R27 | D64: No. | E64: =INDEX('B. CostCategories'!E:E,MATCH(C64,'B. CostCategories'!F:F,0)) -> 0 | F64: ="Unit cost ("&I_CurrencySymbol &")" -> Unit cost () | G64: Number of people / units | H64: Days / hours | I64: ="Total cost ("&I_CurrencySymbol&")" -> Total cost () | J64: Total cost $ | L64: =G64 -> Number of people / units | M64: =H64 -> Days / hours | N64: =I64 -> Total cost () | O64: =J64 -> Total cost $ | P64: Assumptions for typical case | Q64: Assumptions for best case
D65: 1 | I65: =IF(H65="",$F65*G65,$F65*G65*H65) -> 0 | J65: =I65/I_ExchangeRate -> #DIV/0! | N65: =IF(M65="",$F65*L65,$F65*L65*M65) -> 0 | O65: =N65/I_ExchangeRate -> #DIV/0!
D66: =D65+1 -> 2 | I66: =IF(H66="",$F66*G66,$F66*G66*H66) -> 0 | J66: =I66/I_ExchangeRate -> #DIV/0! | N66: =IF(M66="",$F66*L66,$F66*L66*M66) -> 0 | O66: =N66/I_ExchangeRate -> #DIV/0!
D67: =D66+1 -> 3 | I67: =IF(H67="",$F67*G67,$F67*G67*H67) -> 0 | J67: =I67/I_ExchangeRate -> #DIV/0! | N67: =IF(M67="",$F67*L67,$F67*L67*M67) -> 0 | O67: =N67/I_ExchangeRate -> #DIV/0!
D68: =D67+1 -> 4 | I68: =IF(H68="",$F68*G68,$F68*G68*H68) -> 0 | J68: =I68/I_ExchangeRate -> #DIV/0! | N68: =IF(M68="",$F68*L68,$F68*L68*M68) -> 0 | O68: =N68/I_ExchangeRate -> #DIV/0!
D69: =D68+1 -> 5 | I69: =IF(H69="",$F69*G69,$F69*G69*H69) -> 0 | J69: =I69/I_ExchangeRate -> #DIV/0! | N69: =IF(M69="",$F69*L69,$F69*L69*M69) -> 0 | O69: =N69/I_ExchangeRate -> #DIV/0!
D70: =D69+1 -> 6 | I70: =IF(H70="",$F70*G70,$F70*G70*H70) -> 0 | J70: =I70/I_ExchangeRate -> #DIV/0! | N70: =IF(M70="",$F70*L70,$F70*L70*M70) -> 0 | O70: =N70/I_ExchangeRate -> #DIV/0!
D71: =D70+1 -> 7 | I71: =IF(H71="",$F71*G71,$F71*G71*H71) -> 0 | J71: =I71/I_ExchangeRate -> #DIV/0! | N71: =IF(M71="",$F71*L71,$F71*L71*M71) -> 0 | O71: =N71/I_ExchangeRate -> #DIV/0!
D72: =D71+1 -> 8 | I72: =IF(H72="",$F72*G72,$F72*G72*H72) -> 0 | J72: =I72/I_ExchangeRate -> #DIV/0! | N72: =IF(M72="",$F72*L72,$F72*L72*M72) -> 0 | O72: =N72/I_ExchangeRate -> #DIV/0!
D73: =D72+1 -> 9 | I73: =IF(H73="",$F73*G73,$F73*G73*H73) -> 0 | J73: =I73/I_ExchangeRate -> #DIV/0! | N73: =IF(M73="",$F73*L73,$F73*L73*M73) -> 0 | O73: =N73/I_ExchangeRate -> #DIV/0!
D74: =D73+1 -> 10 | I74: =IF(H74="",$F74*G74,$F74*G74*H74) -> 0 | J74: =I74/I_ExchangeRate -> #DIV/0! | N74: =IF(M74="",$F74*L74,$F74*L74*M74) -> 0 | O74: =N74/I_ExchangeRate -> #DIV/0!
E75: Sub-Total | I75: =SUM(I65:I74) -> 0 | J75: =SUM(J65:J74) -> #DIV/0! | N75: =SUM(N65:N74) -> 0 | O75: =SUM(O65:O74) -> #DIV/0!
G77: =G63 -> Typical case | L77: =L63 -> Full coverage case | P77: Audit trail
C78: ='B. CostCategories'!F42 -> R28 | D78: No. | E78: =INDEX('B. CostCategories'!E:E,MATCH(C78,'B. CostCategories'!F:F,0)) -> 0 | F78: ="Unit cost ("&I_CurrencySymbol &")" -> Unit cost () | G78: Number of people / units | H78: Days / hours | I78: ="Total cost ("&I_CurrencySymbol&")" -> Total cost () | J78: Total cost $ | L78: =G78 -> Number of people / units | M78: =H78 -> Days / hours | N78: =I78 -> Total cost () | O78: =J78 -> Total cost $ | P78: Assumptions for typical case | Q78: Assumptions for best case
D79: 1 | I79: =IF(H79="",$F79*G79,$F79*G79*H79) -> 0 | J79: =I79/I_ExchangeRate -> #DIV/0! | N79: =IF(M79="",$F79*L79,$F79*L79*M79) -> 0 | O79: =N79/I_ExchangeRate -> #DIV/0!
D80: =D79+1 -> 2 | I80: =IF(H80="",$F80*G80,$F80*G80*H80) -> 0 | J80: =I80/I_ExchangeRate -> #DIV/0! | N80: =IF(M80="",$F80*L80,$F80*L80*M80) -> 0 | O80: =N80/I_ExchangeRate -> #DIV/0!
D81: =D80+1 -> 3 | I81: =IF(H81="",$F81*G81,$F81*G81*H81) -> 0 | J81: =I81/I_ExchangeRate -> #DIV/0! | N81: =IF(M81="",$F81*L81,$F81*L81*M81) -> 0 | O81: =N81/I_ExchangeRate -> #DIV/0!
D82: =D81+1 -> 4 | I82: =IF(H82="",$F82*G82,$F82*G82*H82) -> 0 | J82: =I82/I_ExchangeRate -> #DIV/0! | N82: =IF(M82="",$F82*L82,$F82*L82*M82) -> 0 | O82: =N82/I_ExchangeRate -> #DIV/0!
D83: =D82+1 -> 5 | I83: =IF(H83="",$F83*G83,$F83*G83*H83) -> 0 | J83: =I83/I_ExchangeRate -> #DIV/0! | N83: =IF(M83="",$F83*L83,$F83*L83*M83) -> 0 | O83: =N83/I_ExchangeRate -> #DIV/0!
D84: =D83+1 -> 6 | I84: =IF(H84="",$F84*G84,$F84*G84*H84) -> 0 | J84: =I84/I_ExchangeRate -> #DIV/0! | N84: =IF(M84="",$F84*L84,$F84*L84*M84) -> 0 | O84: =N84/I_ExchangeRate -> #DIV/0!
D85: =D84+1 -> 7 | I85: =IF(H85="",$F85*G85,$F85*G85*H85) -> 0 | J85: =I85/I_ExchangeRate -> #DIV/0! | N85: =IF(M85="",$F85*L85,$F85*L85*M85) -> 0 | O85: =N85/I_ExchangeRate -> #DIV/0!
D86: =D85+1 -> 8 | I86: =IF(H86="",$F86*G86,$F86*G86*H86) -> 0 | J86: =I86/I_ExchangeRate -> #DIV/0! | N86: =IF(M86="",$F86*L86,$F86*L86*M86) -> 0 | O86: =N86/I_ExchangeRate -> #DIV/0!
D87: =D86+1 -> 9 | I87: =IF(H87="",$F87*G87,$F87*G87*H87) -> 0 | J87: =I87/I_ExchangeRate -> #DIV/0! | N87: =IF(M87="",$F87*L87,$F87*L87*M87) -> 0 | O87: =N87/I_ExchangeRate -> #DIV/0!
D88: =D87+1 -> 10 | I88: =IF(H88="",$F88*G88,$F88*G88*H88) -> 0 | J88: =I88/I_ExchangeRate -> #DIV/0! | N88: =IF(M88="",$F88*L88,$F88*L88*M88) -> 0 | O88: =N88/I_ExchangeRate -> #DIV/0!
E89: Sub-Total | I89: =SUM(I79:I88) -> 0 | J89: =SUM(J79:J88) -> #DIV/0! | N89: =SUM(N79:N88) -> 0 | O89: =SUM(O79:O88) -> #DIV/0!
D92: Working area
D94: This area can be used to undertake any calculations, etc. required. Data entered here will not automatically link to anywhere else in the tool but you can choose to link it to other point in the tool.

Sheet 5.Specialised Services
D2: ='B. CostCategories'!D43 -> Specialised Services
D5: Note that all yellow cells in any given row need to be populated for the calculations to work for that item. This may mean needing to add a '1' where there is no specific value or multiple. This is particularly likely to apply for the 'Number of people/units' field.
G7: =DetailedSummary!$K$9 -> Typical case | L7: =DetailedSummary!$M$9 -> Full coverage case | P7: Audit trail
C8: ='B. CostCategories'!F43 -> R29 | D8: No. | E8: =INDEX('B. CostCategories'!E:E,MATCH(C8,'B. CostCategories'!F:F,0)) -> Hotline | F8: ="Unit cost ("&I_CurrencySymbol &")" -> Unit cost () | G8: Number of people / units | H8: Days / hours | I8: ="Total cost ("&I_CurrencySymbol&")" -> Total cost () | J8: Total cost $ | L8: =G8 -> Number of people / units | M8: =H8 -> Days / hours | N8: =I8 -> Total cost () | O8: =J8 -> Total cost $ | P8: Assumptions / data sources for typical case | Q8: Assumptions / data sources for best case
D9: 1 | I9: =IF(H9="",$F9*G9,$F9*G9*H9) -> 0 | J9: =I9/I_ExchangeRate -> #DIV/0! | N9: =IF(M9="",$F9*L9,$F9*L9*M9) -> 0 | O9: =N9/I_ExchangeRate -> #DIV/0!
D10: =D9+1 -> 2 | I10: =IF(H10="",$F10*G10,$F10*G10*H10) -> 0 | J10: =I10/I_ExchangeRate -> #DIV/0! | N10: =IF(M10="",$F10*L10,$F10*L10*M10) -> 0 | O10: =N10/I_ExchangeRate -> #DIV/0!
D11: =D10+1 -> 3 | I11: =IF(H11="",$F11*G11,$F11*G11*H11) -> 0 | J11: =I11/I_ExchangeRate -> #DIV/0! | N11: =IF(M11="",$F11*L11,$F11*L11*M11) -> 0 | O11: =N11/I_ExchangeRate -> #DIV/0!
D12: =D11+1 -> 4 | I12: =IF(H12="",$F12*G12,$F12*G12*H12) -> 0 | J12: =I12/I_ExchangeRate -> #DIV/0! | N12: =IF(M12="",$F12*L12,$F12*L12*M12) -> 0 | O12: =N12/I_ExchangeRate -> #DIV/0!
D13: =D12+1 -> 5 | I13: =IF(H13="",$F13*G13,$F13*G13*H13) -> 0 | J13: =I13/I_ExchangeRate -> #DIV/0! | N13: =IF(M13="",$F13*L13,$F13*L13*M13) -> 0 | O13: =N13/I_ExchangeRate -> #DIV/0!
D14: =D13+1 -> 6 | I14: =IF(H14="",$F14*G14,$F14*G14*H14) -> 0 | J14: =I14/I_ExchangeRate -> #DIV/0! | N14: =IF(M14="",$F14*L14,$F14*L14*M14) -> 0 | O14: =N14/I_ExchangeRate -> #DIV/0!
D15: =D14+1 -> 7 | I15: =IF(H15="",$F15*G15,$F15*G15*H15) -> 0 | J15: =I15/I_ExchangeRate -> #DIV/0! | N15: =IF(M15="",$F15*L15,$F15*L15*M15) -> 0 | O15: =N15/I_ExchangeRate -> #DIV/0!
D16: =D15+1 -> 8 | I16: =IF(H16="",$F16*G16,$F16*G16*H16) -> 0 | J16: =I16/I_ExchangeRate -> #DIV/0! | N16: =IF(M16="",$F16*L16,$F16*L16*M16) -> 0 | O16: =N16/I_ExchangeRate -> #DIV/0!
D17: =D16+1 -> 9 | I17: =IF(H17="",$F17*G17,$F17*G17*H17) -> 0 | J17: =I17/I_ExchangeRate -> #DIV/0! | N17: =IF(M17="",$F17*L17,$F17*L17*M17) -> 0 | O17: =N17/I_ExchangeRate -> #DIV/0!
D18: =D17+1 -> 10 | I18: =IF(H18="",$F18*G18,$F18*G18*H18) -> 0 | J18: =I18/I_ExchangeRate -> #DIV/0! | N18: =IF(M18="",$F18*L18,$F18*L18*M18) -> 0 | O18: =N18/I_ExchangeRate -> #DIV/0!
E19: Sub-Total | I19: =SUM(I9:I18) -> 0 | J19: =SUM(J9:J18) -> #DIV/0! | N19: =SUM(N9:N18) -> 0 | O19: =SUM(O9:O18) -> #DIV/0!
G21: =G7 -> Typical case | L21: =L7 -> Full coverage case | P21: Audit trail
C22: ='B. CostCategories'!F44 -> R30 | D22: No. | E22: =INDEX('B. CostCategories'!E:E,MATCH(C22,'B. CostCategories'!F:F,0)) -> Shelter | F22: ="Unit cost ("&I_CurrencySymbol &")" -> Unit cost () | G22: Number of people / units | H22: Days / hours | I22: ="Total cost ("&I_CurrencySymbol&")" -> Total cost () | J22: Total cost $ | L22: =G22 -> Number of people / units | M22: =H22 -> Days / hours | N22: =I22 -> Total cost () | O22: =J22 -> Total cost $ | P22: Assumptions for typical case | Q22: Assumptions for best case
D23: 1 | E23: 1. Cost of maintening Shelter | I23: =IF(H23="",$F23*G23,$F23*G23*H23) -> 0 | J23: =I23/I_ExchangeRate -> #DIV/0! | N23: =IF(M23="",$F23*L23,$F23*L23*M23) -> 0 | O23: =N23/I_ExchangeRate -> #DIV/0!
D24: =D23+1 -> 2 | I24: =IF(H24="",$F24*G24,$F24*G24*H24) -> 0 | J24: =I24/I_ExchangeRate -> #DIV/0! | N24: =IF(M24="",$F24*L24,$F24*L24*M24) -> 0 | O24: =N24/I_ExchangeRate -> #DIV/0!
D25: =D24+1 -> 3 | I25: =IF(H25="",$F25*G25,$F25*G25*H25) -> 0 | J25: =I25/I_ExchangeRate -> #DIV/0! | N25: =IF(M25="",$F25*L25,$F25*L25*M25) -> 0 | O25: =N25/I_ExchangeRate -> #DIV/0!
D26: =D25+1 -> 4 | I26: =IF(H26="",$F26*G26,$F26*G26*H26) -> 0 | J26: =I26/I_ExchangeRate -> #DIV/0! | N26: =IF(M26="",$F26*L26,$F26*L26*M26) -> 0 | O26: =N26/I_ExchangeRate -> #DIV/0!
D27: =D26+1 -> 5 | I27: =IF(H27="",$F27*G27,$F27*G27*H27) -> 0 | J27: =I27/I_ExchangeRate -> #DIV/0! | N27: =IF(M27="",$F27*L27,$F27*L27*M27) -> 0 | O27: =N27/I_ExchangeRate -> #DIV/0!
D28: =D27+1 -> 6 | I28: =IF(H28="",$F28*G28,$F28*G28*H28) -> 0 | J28: =I28/I_ExchangeRate -> #DIV/0! | N28: =IF(M28="",$F28*L28,$F28*L28*M28) -> 0 | O28: =N28/I_ExchangeRate -> #DIV/0!
D29: =D28+1 -> 7 | I29: =IF(H29="",$F29*G29,$F29*G29*H29) -> 0 | J29: =I29/I_ExchangeRate -> #DIV/0! | N29: =IF(M29="",$F29*L29,$F29*L29*M29) -> 0 | O29: =N29/I_ExchangeRate -> #DIV/0!
D30: =D29+1 -> 8 | I30: =IF(H30="",$F30*G30,$F30*G30*H30) -> 0 | J30: =I30/I_ExchangeRate -> #DIV/0! | N30: =IF(M30="",$F30*L30,$F30*L30*M30) -> 0 | O30: =N30/I_ExchangeRate -> #DIV/0!
D31: =D30+1 -> 9 | I31: =IF(H31="",$F31*G31,$F31*G31*H31) -> 0 | J31: =I31/I_ExchangeRate -> #DIV/0! | N31: =IF(M31="",$F31*L31,$F31*L31*M31) -> 0 | O31: =N31/I_ExchangeRate -> #DIV/0!
D32: =D31+1 -> 10 | I32: =IF(H32="",$F32*G32,$F32*G32*H32) -> 0 | J32: =I32/I_ExchangeRate -> #DIV/0! | N32: =IF(M32="",$F32*L32,$F32*L32*M32) -> 0 | O32: =N32/I_ExchangeRate -> #DIV/0!
E33: Sub-Total | I33: =SUM(I23:I32) -> 0 | J33: =SUM(J23:J32) -> #DIV/0! | N33: =SUM(N23:N32) -> 0 | O33: =SUM(O23:O32) -> #DIV/0!
G35: =G21 -> Typical case | L35: =L21 -> Full coverage case | P35: Audit trail
C36: ='B. CostCategories'!F45 -> R31 | D36: No. | E36: =INDEX('B. CostCategories'!E:E,MATCH(C36,'B. CostCategories'!F:F,0)) -> 0 | F36: ="Unit cost ("&I_CurrencySymbol &")" -> Unit cost () | G36: Number of people / units | H36: Days / hours | I36: ="Total cost ("&I_CurrencySymbol&")" -> Total cost () | J36: Total cost $ | L36: =G36 -> Number of people / units | M36: =H36 -> Days / hours | N36: =I36 -> Total cost () | O36: =J36 -> Total cost $ | P36: Assumptions for typical case | Q36: Assumptions for best case
D37: 1 | I37: =IF(H37="",$F37*G37,$F37*G37*H37) -> 0 | J37: =I37/I_ExchangeRate -> #DIV/0! | N37: =IF(M37="",$F37*L37,$F37*L37*M37) -> 0 | O37: =N37/I_ExchangeRate -> #DIV/0!
D38: =D37+1 -> 2 | I38: =IF(H38="",$F38*G38,$F38*G38*H38) -> 0 | J38: =I38/I_ExchangeRate -> #DIV/0! | N38: =IF(M38="",$F38*L38,$F38*L38*M38) -> 0 | O38: =N38/I_ExchangeRate -> #DIV/0!
D39: =D38+1 -> 3 | I39: =IF(H39="",$F39*G39,$F39*G39*H39) -> 0 | J39: =I39/I_ExchangeRate -> #DIV/0! | N39: =IF(M39="",$F39*L39,$F39*L39*M39) -> 0 | O39: =N39/I_ExchangeRate -> #DIV/0!
D40: =D39+1 -> 4 | I40: =IF(H40="",$F40*G40,$F40*G40*H40) -> 0 | J40: =I40/I_ExchangeRate -> #DIV/0! | N40: =IF(M40="",$F40*L40,$F40*L40*M40) -> 0 | O40: =N40/I_ExchangeRate -> #DIV/0!
D41: =D40+1 -> 5 | I41: =IF(H41="",$F41*G41,$F41*G41*H41) -> 0 | J41: =I41/I_ExchangeRate -> #DIV/0! | N41: =IF(M41="",$F41*L41,$F41*L41*M41) -> 0 | O41: =N41/I_ExchangeRate -> #DIV/0!
D42: =D41+1 -> 6 | I42: =IF(H42="",$F42*G42,$F42*G42*H42) -> 0 | J42: =I42/I_ExchangeRate -> #DIV/0! | N42: =IF(M42="",$F42*L42,$F42*L42*M42) -> 0 | O42: =N42/I_ExchangeRate -> #DIV/0!
D43: =D42+1 -> 7 | I43: =IF(H43="",$F43*G43,$F43*G43*H43) -> 0 | J43: =I43/I_ExchangeRate -> #DIV/0! | N43: =IF(M43="",$F43*L43,$F43*L43*M43) -> 0 | O43: =N43/I_ExchangeRate -> #DIV/0!
D44: =D43+1 -> 8 | I44: =IF(H44="",$F44*G44,$F44*G44*H44) -> 0 | J44: =I44/I_ExchangeRate -> #DIV/0! | N44: =IF(M44="",$F44*L44,$F44*L44*M44) -> 0 | O44: =N44/I_ExchangeRate -> #DIV/0!
D45: =D44+1 -> 9 | I45: =IF(H45="",$F45*G45,$F45*G45*H45) -> 0 | J45: =I45/I_ExchangeRate -> #DIV/0! | N45: =IF(M45="",$F45*L45,$F45*L45*M45) -> 0 | O45: =N45/I_ExchangeRate -> #DIV/0!
D46: =D45+1 -> 10 | I46: =IF(H46="",$F46*G46,$F46*G46*H46) -> 0 | J46: =I46/I_ExchangeRate -> #DIV/0! | N46: =IF(M46="",$F46*L46,$F46*L46*M46) -> 0 | O46: =N46/I_ExchangeRate -> #DIV/0!
E47: Sub-Total | I47: =SUM(I37:I46) -> 0 | J47: =SUM(J37:J46) -> #DIV/0! | N47: =SUM(N37:N46) -> 0 | O47: =SUM(O37:O46) -> #DIV/0!
G49: =G35 -> Typical case | L49: =L35 -> Full coverage case | P49: Audit trail
C50: ='B. CostCategories'!F46 -> R32 | D50: No. | E50: =INDEX('B. CostCategories'!E:E,MATCH(C50,'B. CostCategories'!F:F,0)) -> 0 | F50: ="Unit cost ("&I_CurrencySymbol &")" -> Unit cost () | G50: Number of people / units | H50: Days / hours | I50: ="Total cost ("&I_CurrencySymbol&")" -> Total cost () | J50: Total cost $ | L50: =G50 -> Number of people / units | M50: =H50 -> Days / hours | N50: =I50 -> Total cost () | O50: =J50 -> Total cost $ | P50: Assumptions for typical case | Q50: Assumptions for best case
D51: 1 | I51: =IF(H51="",$F51*G51,$F51*G51*H51) -> 0 | J51: =I51/I_ExchangeRate -> #DIV/0! | N51: =IF(M51="",$F51*L51,$F51*L51*M51) -> 0 | O51: =N51/I_ExchangeRate -> #DIV/0!
D52: =D51+1 -> 2 | I52: =IF(H52="",$F52*G52,$F52*G52*H52) -> 0 | J52: =I52/I_ExchangeRate -> #DIV/0! | N52: =IF(M52="",$F52*L52,$F52*L52*M52) -> 0 | O52: =N52/I_ExchangeRate -> #DIV/0!
D53: =D52+1 -> 3 | I53: =IF(H53="",$F53*G53,$F53*G53*H53) -> 0 | J53: =I53/I_ExchangeRate -> #DIV/0! | N53: =IF(M53="",$F53*L53,$F53*L53*M53) -> 0 | O53: =N53/I_ExchangeRate -> #DIV/0!
D54: =D53+1 -> 4 | I54: =IF(H54="",$F54*G54,$F54*G54*H54) -> 0 | J54: =I54/I_ExchangeRate -> #DIV/0! | N54: =IF(M54="",$F54*L54,$F54*L54*M54) -> 0 | O54: =N54/I_ExchangeRate -> #DIV/0!
D55: =D54+1 -> 5 | I55: =IF(H55="",$F55*G55,$F55*G55*H55) -> 0 | J55: =I55/I_ExchangeRate -> #DIV/0! | N55: =IF(M55="",$F55*L55,$F55*L55*M55) -> 0 | O55: =N55/I_ExchangeRate -> #DIV/0!
D56: =D55+1 -> 6 | I56: =IF(H56="",$F56*G56,$F56*G56*H56) -> 0 | J56: =I56/I_ExchangeRate -> #DIV/0! | N56: =IF(M56="",$F56*L56,$F56*L56*M56) -> 0 | O56: =N56/I_ExchangeRate -> #DIV/0!
D57: =D56+1 -> 7 | I57: =IF(H57="",$F57*G57,$F57*G57*H57) -> 0 | J57: =I57/I_ExchangeRate -> #DIV/0! | N57: =IF(M57="",$F57*L57,$F57*L57*M57) -> 0 | O57: =N57/I_ExchangeRate -> #DIV/0!
D58: =D57+1 -> 8 | I58: =IF(H58="",$F58*G58,$F58*G58*H58) -> 0 | J58: =I58/I_ExchangeRate -> #DIV/0! | N58: =IF(M58="",$F58*L58,$F58*L58*M58) -> 0 | O58: =N58/I_ExchangeRate -> #DIV/0!
D59: =D58+1 -> 9 | I59: =IF(H59="",$F59*G59,$F59*G59*H59) -> 0 | J59: =I59/I_ExchangeRate -> #DIV/0! | N59: =IF(M59="",$F59*L59,$F59*L59*M59) -> 0 | O59: =N59/I_ExchangeRate -> #DIV/0!
D60: =D59+1 -> 10 | I60: =IF(H60="",$F60*G60,$F60*G60*H60) -> 0 | J60: =I60/I_ExchangeRate -> #DIV/0! | N60: =IF(M60="",$F60*L60,$F60*L60*M60) -> 0 | O60: =N60/I_ExchangeRate -> #DIV/0!
E61: Sub-Total | I61: =SUM(I51:I60) -> 0 | J61: =SUM(J51:J60) -> #DIV/0! | N61: =SUM(N51:N60) -> 0 | O61: =SUM(O51:O60) -> #DIV/0!
G63: =G49 -> Typical case | L63: =L49 -> Full coverage case | P63: Audit trail
C64: ='B. CostCategories'!F47 -> R33 | D64: No. | E64: =INDEX('B. CostCategories'!E:E,MATCH(C64,'B. CostCategories'!F:F,0)) -> 0 | F64: ="Unit cost ("&I_CurrencySymbol &")" -> Unit cost () | G64: Number of people / units | H64: Days / hours | I64: ="Total cost ("&I_CurrencySymbol&")" -> Total cost () | J64: Total cost $ | L64: =G64 -> Number of people / units | M64: =H64 -> Days / hours | N64: =I64 -> Total cost () | O64: =J64 -> Total cost $ | P64: Assumptions for typical case | Q64: Assumptions for best case
D65: 1 | I65: =IF(H65="",$F65*G65,$F65*G65*H65) -> 0 | J65: =I65/I_ExchangeRate -> #DIV/0! | N65: =IF(M65="",$F65*L65,$F65*L65*M65) -> 0 | O65: =N65/I_ExchangeRate -> #DIV/0!
D66: =D65+1 -> 2 | I66: =IF(H66="",$F66*G66,$F66*G66*H66) -> 0 | J66: =I66/I_ExchangeRate -> #DIV/0! | N66: =IF(M66="",$F66*L66,$F66*L66*M66) -> 0 | O66: =N66/I_ExchangeRate -> #DIV/0!
D67: =D66+1 -> 3 | I67: =IF(H67="",$F67*G67,$F67*G67*H67) -> 0 | J67: =I67/I_ExchangeRate -> #DIV/0! | N67: =IF(M67="",$F67*L67,$F67*L67*M67) -> 0 | O67: =N67/I_ExchangeRate -> #DIV/0!
D68: =D67+1 -> 4 | I68: =IF(H68="",$F68*G68,$F68*G68*H68) -> 0 | J68: =I68/I_ExchangeRate -> #DIV/0! | N68: =IF(M68="",$F68*L68,$F68*L68*M68) -> 0 | O68: =N68/I_ExchangeRate -> #DIV/0!
D69: =D68+1 -> 5 | I69: =IF(H69="",$F69*G69,$F69*G69*H69) -> 0 | J69: =I69/I_ExchangeRate -> #DIV/0! | N69: =IF(M69="",$F69*L69,$F69*L69*M69) -> 0 | O69: =N69/I_ExchangeRate -> #DIV/0!
D70: =D69+1 -> 6 | I70: =IF(H70="",$F70*G70,$F70*G70*H70) -> 0 | J70: =I70/I_ExchangeRate -> #DIV/0! | N70: =IF(M70="",$F70*L70,$F70*L70*M70) -> 0 | O70: =N70/I_ExchangeRate -> #DIV/0!
D71: =D70+1 -> 7 | I71: =IF(H71="",$F71*G71,$F71*G71*H71) -> 0 | J71: =I71/I_ExchangeRate -> #DIV/0! | N71: =IF(M71="",$F71*L71,$F71*L71*M71) -> 0 | O71: =N71/I_ExchangeRate -> #DIV/0!
D72: =D71+1 -> 8 | I72: =IF(H72="",$F72*G72,$F72*G72*H72) -> 0 | J72: =I72/I_ExchangeRate -> #DIV/0! | N72: =IF(M72="",$F72*L72,$F72*L72*M72) -> 0 | O72: =N72/I_ExchangeRate -> #DIV/0!
D73: =D72+1 -> 9 | I73: =IF(H73="",$F73*G73,$F73*G73*H73) -> 0 | J73: =I73/I_ExchangeRate -> #DIV/0! | N73: =IF(M73="",$F73*L73,$F73*L73*M73) -> 0 | O73: =N73/I_ExchangeRate -> #DIV/0!
D74: =D73+1 -> 10 | I74: =IF(H74="",$F74*G74,$F74*G74*H74) -> 0 | J74: =I74/I_ExchangeRate -> #DIV/0! | N74: =IF(M74="",$F74*L74,$F74*L74*M74) -> 0 | O74: =N74/I_ExchangeRate -> #DIV/0!
E75: Sub-Total | I75: =SUM(I65:I74) -> 0 | J75: =SUM(J65:J74) -> #DIV/0! | N75: =SUM(N65:N74) -> 0 | O75: =SUM(O65:O74) -> #DIV/0!
D78: Working area
D80: This area can be used to undertake any calculations, etc. required. Data entered here will not automatically link to anywhere else in the tool but you can choose to link it to other point in the tool.

Sheet 6.Education services
D2: ='B. CostCategories'!D48 & " - "&'B. CostCategories'!E48 -> Education services - Learning time lost
D5: The data entry for Education works differently to the other cost categories. Instead of building up costs, a proportion of the education costs are considered to be costs associated with violence against women and girls.
D7: Note that all yellow cells in any given row need to be populated for the calculations to work for that item. This may mean needing to add a '1' where there is no specific value or multiple. This is particularly likely to apply for the 'Number of people/units' field.
G9: =DetailedSummary!$K$9 -> Typical case | L9: Full coverage case | O9: Audit trail
C10: ='B. CostCategories'!F48 -> R34 | D10: No. | E10: =INDEX('B. CostCategories'!E:E,MATCH(C10,'B. CostCategories'!F:F,0)) -> Learning time lost | F10: Value | G10: Proportion | I10: ="Total cost ("&I_CurrencySymbol&")" -> Total cost () | J10: Total cost $ | L10: =G10 -> Proportion | M10: =I10 -> Total cost () | N10: =J10 -> Total cost $ | O10: Assumptions / data sources for typical case | P10: Assumptions / data sources for best case
D11: 1 | E11: Primary and Secondary Education budget | I11: =IF(G11="","",$F11*G11) | J11: =IF(G11="","",I11/I_ExchangeRate) | M11: =IF(L11="","",$F11*L11) | N11: =IF(L11="","",M11/I_ExchangeRate)
D12: =D11+1 -> 2 | I12: =IF(G12="","",$F12*G12) | J12: =IF(G12="","",I12/I_ExchangeRate) | M12: =IF(L12="","",$F12*L12) | N12: =IF(L12="","",M12/I_ExchangeRate)
D13: =D12+1 -> 3 | I13: =IF(G13="","",$F13*G13) | J13: =IF(G13="","",I13/I_ExchangeRate) | M13: =IF(L13="","",$F13*L13) | N13: =IF(L13="","",M13/I_ExchangeRate)
D14: =D13+1 -> 4 | I14: =IF(G14="","",$F14*G14) | J14: =IF(G14="","",I14/I_ExchangeRate) | M14: =IF(L14="","",$F14*L14) | N14: =IF(L14="","",M14/I_ExchangeRate)
D15: =D14+1 -> 5 | I15: =IF(G15="","",$F15*G15) | J15: =IF(G15="","",I15/I_ExchangeRate) | M15: =IF(L15="","",$F15*L15) | N15: =IF(L15="","",M15/I_ExchangeRate)
D16: =D15+1 -> 6 | I16: =IF(G16="","",$F16*G16) | J16: =IF(G16="","",I16/I_ExchangeRate) | M16: =IF(L16="","",$F16*L16) | N16: =IF(L16="","",M16/I_ExchangeRate)
D17: =D16+1 -> 7 | I17: =IF(G17="","",$F17*G17) | J17: =IF(G17="","",I17/I_ExchangeRate) | M17: =IF(L17="","",$F17*L17) | N17: =IF(L17="","",M17/I_ExchangeRate)
D18: =D17+1 -> 8 | I18: =IF(G18="","",$F18*G18) | J18: =IF(G18="","",I18/I_ExchangeRate) | M18: =IF(L18="","",$F18*L18) | N18: =IF(L18="","",M18/I_ExchangeRate)
D19: =D18+1 -> 9 | I19: =IF(G19="","",$F19*G19) | J19: =IF(G19="","",I19/I_ExchangeRate) | M19: =IF(L19="","",$F19*L19) | N19: =IF(L19="","",M19/I_ExchangeRate)
D20: =D19+1 -> 10 | I20: =IF(G20="","",$F20*G20) | J20: =IF(G20="","",I20/I_ExchangeRate) | M20: =IF(L20="","",$F20*L20) | N20: =IF(L20="","",M20/I_ExchangeRate)
E21: Sub-Total | I21: =SUM(I11:I20) -> 0 | J21: =SUM(J11:J20) -> 0 | M21: =SUM(M11:M20) -> 0 | N21: =SUM(N11:N20) -> 0
D25: Working area
D27: This area can be used to undertake any calculations, etc. required. Data entered here will not automatically link to anywhere else in the tool but you can choose to link it to other point in the tool.

Sheet 7.Personal expenses
D2: ='B. CostCategories'!D49 -> Personal expenses
D5: Note that all yellow cells in any given row need to be populated for the calculations to work for that item. This may mean needing to add a '1' where there is no specific value or multiple. This is particularly likely to apply for the 'Number of people/units' field.
G7: =DetailedSummary!$K$9 -> Typical case | L7: =DetailedSummary!$M$9 -> Full coverage case | P7: Audit trail
C8: ='B. CostCategories'!F49 -> R38 | D8: No. | E8: =INDEX('B. CostCategories'!E:E,MATCH(C8,'B. CostCategories'!F:F,0)) -> Personal expenses for transportation | F8: ="Unit cost ("&I_CurrencySymbol &")" -> Unit cost () | G8: Number of people / units | H8: Days / hours | I8: ="Total cost ("&I_CurrencySymbol&")" -> Total cost () | J8: Total cost $ | L8: =G8 -> Number of people / units | M8: =H8 -> Days / hours | N8: =I8 -> Total cost () | O8: =J8 -> Total cost $ | P8: Assumptions / data sources for typical case | Q8: Assumptions / data sources for best case
D9: 1 | I9: =IF(H9="",$F9*G9,$F9*G9*H9) -> 0 | J9: =I9/I_ExchangeRate -> #DIV/0! | N9: =IF(M9="",$F9*L9,$F9*L9*M9) -> 0 | O9: =N9/I_ExchangeRate -> #DIV/0!
D10: =D9+1 -> 2 | I10: =IF(H10="",$F10*G10,$F10*G10*H10) -> 0 | J10: =I10/I_ExchangeRate -> #DIV/0! | N10: =IF(M10="",$F10*L10,$F10*L10*M10) -> 0 | O10: =N10/I_ExchangeRate -> #DIV/0!
D11: =D10+1 -> 3 | I11: =IF(H11="",$F11*G11,$F11*G11*H11) -> 0 | J11: =I11/I_ExchangeRate -> #DIV/0! | N11: =IF(M11="",$F11*L11,$F11*L11*M11) -> 0 | O11: =N11/I_ExchangeRate -> #DIV/0!
D12: =D11+1 -> 4 | I12: =IF(H12="",$F12*G12,$F12*G12*H12) -> 0 | J12: =I12/I_ExchangeRate -> #DIV/0! | N12: =IF(M12="",$F12*L12,$F12*L12*M12) -> 0 | O12: =N12/I_ExchangeRate -> #DIV/0!
D13: =D12+1 -> 5 | I13: =IF(H13="",$F13*G13,$F13*G13*H13) -> 0 | J13: =I13/I_ExchangeRate -> #DIV/0! | N13: =IF(M13="",$F13*L13,$F13*L13*M13) -> 0 | O13: =N13/I_ExchangeRate -> #DIV/0!
D14: =D13+1 -> 6 | I14: =IF(H14="",$F14*G14,$F14*G14*H14) -> 0 | J14: =I14/I_ExchangeRate -> #DIV/0! | N14: =IF(M14="",$F14*L14,$F14*L14*M14) -> 0 | O14: =N14/I_ExchangeRate -> #DIV/0!
D15: =D14+1 -> 7 | I15: =IF(H15="",$F15*G15,$F15*G15*H15) -> 0 | J15: =I15/I_ExchangeRate -> #DIV/0! | N15: =IF(M15="",$F15*L15,$F15*L15*M15) -> 0 | O15: =N15/I_ExchangeRate -> #DIV/0!
D16: =D15+1 -> 8 | I16: =IF(H16="",$F16*G16,$F16*G16*H16) -> 0 | J16: =I16/I_ExchangeRate -> #DIV/0! | N16: =IF(M16="",$F16*L16,$F16*L16*M16) -> 0 | O16: =N16/I_ExchangeRate -> #DIV/0!
D17: =D16+1 -> 9 | I17: =IF(H17="",$F17*G17,$F17*G17*H17) -> 0 | J17: =I17/I_ExchangeRate -> #DIV/0! | N17: =IF(M17="",$F17*L17,$F17*L17*M17) -> 0 | O17: =N17/I_ExchangeRate -> #DIV/0!
D18: =D17+1 -> 10 | I18: =IF(H18="",$F18*G18,$F18*G18*H18) -> 0 | J18: =I18/I_ExchangeRate -> #DIV/0! | N18: =IF(M18="",$F18*L18,$F18*L18*M18) -> 0 | O18: =N18/I_ExchangeRate -> #DIV/0!
E19: Sub-Total | I19: =SUM(I9:I18) -> 0 | J19: =SUM(J9:J18) -> #DIV/0! | N19: =SUM(N9:N18) -> 0 | O19: =SUM(O9:O18) -> #DIV/0!
G21: =G7 -> Typical case | L21: =L7 -> Full coverage case | P21: Audit trail
